Workbook

Sheet 资产负债表(旧)
A1: 返回索引页
A2: 资产负债表
A3: 2007年6月30日
A4: #REF! | J4: 金额单位：人民币元
A5: 资产 | B5: 序号 | C5: 期初数 | D5: 期末数 | E5: 备注 | F5: 负债及所有者权益 | G5: 序号 | H5: 期初数 | I5: 期末数 | J5: 备注
A6: 流动资产： | B6: 1 | F6: 流动负债： | G6: 41
A7: 货币资金 | B7: 2 | F7: 短期借款 | G7: 42
A8: 短期投资 | B8: 3 | F8: 应付票据 | G8: 45
A9: 应收票据 | B9: 4 | F9: 应付账款 | G9: 46
A10: 应收账款 | B10: 5 | F10: 预收账款 | G10: 47
A11: 减：坏账准备 | B11: 6 | F11: 代销商品款 | G11: 48
A12: 应收账款净额 | B12: 7 | F12: 其他应付款 | G12: 49
A13: 应收股利 | B13: 8 | F13: 应付工资 | G13: 50
A14: 应收利息 | B14: 9 | F14: 应付福利费 | G14: 51
A15: 预付账款 | B15: 10 | F15: 应交税金 | G15: 52
A16: 应收补贴款 | B16: 11 | F16: 应付利润 | G16: 53
A17: 其他应收款 | B17: 12 | F17: 其他未交款 | G17: 54
... A20: 存货 | B20: 15 | F20: 其他流动负债 | G20: 54
A21: 待摊费用 | B21: 16 | F21: 流动负债合计 | G21: 55 | H21: =SUM(H7:H20) -> 0 | I21: =SUM(I7:I20) -> 0
A22: 待处理流动资产净损失 | B22: 17
A23: 一年内到期的长期债券投资 | B23: 18
A24: 其他流动资产 | B24: 19 | F24: 长期借款 | G24: 56
A25: 流动资产合计 | B25: 20 | C25: =SUM(C7:C9,C12:C16,C19:C24) -> 0 | D25: =SUM(D7:D9,D12:D16,D19:D24) -> 0 | F25: 应付债券 | G25: 57
A26: 长期投资 | B26: 21 | F26: 长期应付款 | G26: 58
A27: 固定资产 | B27: 22 | F27: 专项应付款 | G27: 59
A28: 固定资产原价 | B28: 23 | F28: 其他长期负债 | G28: 60
A29: 减：累计折旧 | B29: 24 | F29: 递延税款贷项 | G29: 61
A30: 固定资产减值 | B30: 25 | F30: 长期负债合计 | G30: 62 | H30: =SUM(H24:H29) -> 0 | I30: =SUM(I24:I29) -> 0
A31: 固定资产净额 | B31: 26
A32: 工程物资 | B32: 27 | F32: 負債合計 | G32: 63 | H32: =H21+H30 -> 0 | I32: =I21+I30 -> 0
A33: 在建工程 | B33: 28
A34: 固定资产清理 | B34: 29
A35: 待处理固定资产净损失 | B35: 30
A36: 固定资产合计 | B36: 31 | C36: =SUM(C31,C32,C33,C34,C35) -> 0 | D36: =SUM(D31,D32,D33,D34,D35) -> 0
A37: 无形资产合计 | B37: 32 | C37: =SUM(C38:C39) -> 0 | D37: =SUM(D38:D39) -> 0 | F37: 所有者权益： | G37: 64
A38: 其中：土地使用权 | B38: 33 | F38: 实收资本 | G38: 65
A39: 其他无形资产 | B39: 34 | F39: 资本公积 | G39: 66
A40: 递延资产合计 | B40: 35 | C40: =SUM(C41:C42) -> 0 | D40: =SUM(D41:D42) -> 0 | F40: 盈余公积 | G40: 67
A41: 其中：开办费 | B41: 36 | F41: 其中： 公益金 | G41: 68
A42: 长期待摊费用 | B42: 37 | F42: 上级拨入资金/撥付所屬資金 | G42: 69
A43: 其他长期资产 | B43: 38 | F43: 未分配利润 | G43: 70
A44: 递延税款借项 | B44: 39 | F44: 所有者权益合计 | G44: 71 | H44: =SUM(H38:H43)-H41 -> 0 | I44: =SUM(I38:I43)-I41 -> 0
A45: 资产合计 | B45: 40 | C45: =C25+C26+C36+C37+C40+C43+C44 -> 0 | D45: =D25+D26+D36+D37+D40+D43+D44 -> 0 | F45: 负债及所有者权益合计 | G45: 72 | H45: =H32+H44 -> 0 | I45: =I32+I44 -> 0
F46: 与总资产相差 | G46: 73 | H46: =H45-C45 -> 0 | I46: =I45-D45 -> 0
C47: 填表人： | E47: 财务主管： | H47: 负责人：

Sheet 封面
B3: 资产评估清查评估明细表系统 | N3: 资产评估清查评估明细表系统
B4: 填表前请先阅读填表说明 | N4: 填表前请先阅读填表说明
D5: 资产申报单位请填写以下内容： | P5: 评估机构填写以下内容：
B6: 产权持有人名称： | D6: 阳煤集团青岛恒源化工有限公司 | N6: 评估机构名称： | P6: 山西诚成资产评估有限公司
B8: 评估基准日： | D8: 2018 | E8: 年 | F8: 12 | G8: 月 | H8: 31 | I8: 日 | N8: 地址：
B10: 产权持有单位填表人： | D10: 杨庆华 | N10: 联系电话： | R10: 传真：
B12: 填表日期： | D12: 2019 | E12: 年 | F12: 1 | G12: 月 | H12: 24 | I12: 日 | N12: 法定代表人： | R12: 法定代表授权人：
B14: 被评估单位住址： | N14: 项目负责人： | Q14: 邮箱：
B16: 被评估单位负责人： | N16: 签字注册资产评估师： | P16: 杜沛淼、许建爱
B18: 被评估单位注册资本： | N18: 流动资产评估人员：
B20: 被评估单位经营范围： | N20: 存货评估人员： | P20: 巨芳
B22: 被评估单位联系人： | N22: 非流动资产评估人员：
B24: 被评估单位联系电话： | N24: 设备类评估人员： | P24: 杜沛淼、路艳
B26: 被评估单位邮箱： | N26: 建筑物类评估人员：
B28: 委托单位名称： | N28: 无形资产评估人员：
B30: 委托单位联系人： | N30: 负债评估人员：
B32: 委托单位电话： | N32: 收益法评估人员：

Sheet 填表注意事项
A2: 1、 | B2: 本工作簿用于资产评估委托方或被评估单位对评估基准日下的委估资产及负债的账面价值的申报；
B3: 请贵单位填表人员按要求对各工作表中（所有汇总表自动汇总，不需填列可自动生成）序号栏至账面值栏据
B4: 实填写；需要单独说明的事项在备注栏注明；
A6: 2、 | B6: 此表各科目明细的合计数，应与本次资产评估范围内的资产评估基准日的资产负债表的数据相符；
A8: 3、 | B8: 如有债权、债务性资产的未达、坏帐及实物性资产的毁损、报废等的项目应在其备注中说明；
A10: 4、 | B10: 明细表中如有日期档，除各明细表中有具体要求外，其格式应为“XXXX-XX”；
B11: 例：“2003年05月16日”应填为“2003-05”
B12: 如无法确定具体月份，请将月份填为01月；
B13: 例：“2003年”应填为“2003-01”
B14: 如为累计发生的业务，请按一年以内、1-2年、2-3年、3-5年、5年以上等账龄段分行分别填列；
A16: 5、 | B16: 如明细表的行数不够时，请填表人员在“合计”的上两行进行插入行，不能在表中插列,不以免汇总表的公式链接被破坏。
A18: 6、 | B18: 填表人可通过“索引目录”来选择要查看或修改的科目。
A20: 7、 | B20: 填表人可通过点击各汇总表中的“科目名称”进入各明细表，再通过点击各工作表最后一行的“合计”来返回上一级科目。
A22: 8、 | B22: 不需用的科目不要删除，隐藏即可
A23: 注： | B23: 除以上要求企业填写的或按具体情况评估人员另作要求填写的档或项，企业不应对此套表的其它部分
B24: 作任何修改变动，谢谢合作！
B27: 如有疑问请与我所或我所现场人员联系
B28: 联系电话：0351-4118928 传真： | F28: 0351-4118928

Sheet 索引目录
A1: 资产评估明细表索引目录
D3: 汇总表
B5: 分类汇总表(资产) | C5: 流动资产 | D5: 货币资金 | E5: 现金 | F5: 分类汇总表(负债) | G5: 流动负债 | H5: 短期借款
E6: 银行存款 | H6: 交易性金融负债
E7: 其他货币资金 | H7: 应付票据
D8: 交易性金融资产 | E8: 股票投资 | H8: 应付账款
D9: 应收票据 | E9: 债券投资 | H9: 预收账款
D10: 应收账款 | E10: 基金投资 | H10: 职工薪酬
D11: 预付账款 | H11: 应交税费
D12: 应收利息 | H12: 应付利息
D13: 应收股利 | H13: 应付股利(利润)
D14: 其他应收款 | H14: 其他应付款
D15: 存货 | E15: 材料采购（在途物资） | H15: 一年到期非流动负债
D16: 一年到期非流动资产 | E16: 原材料 | H16: 其他流动负债
D17: 其它流动资产 | E17: 在库周转材料
E18: 委托加工物资
E19: 产成品(库存商品)
C20: 非流动资产 | D20: 可供出售金融资产 | E20: 在产品(自制半成品)
E21: 发出商品 | G21: 非流动负债 | H21: 长期借款
E22: 在用周转材料 | H22: 应付债券
H23: 长期应付款
E24: 股票投资 | H24: 专项应付款
E25: 债券投资 | H25: 预计负债
E26: 其他投资 | H26: 递延所得税负债
H27: 其他非流动负债
D28: 持有到期投资
D29: 长期应收款
D30: 长期股权投资
D31: 投资性房地产
D32: 固定资产 | E32: 房屋建筑物
E33: 构筑物及其他辅助设施
E34: 管道及沟槽
E35: 机器设备
E36: 车辆
E37: 电子设备
E38: 土地
D40: 在建工程 | E40: 在建土建
E41: 在建设备
D43: 工程物资
D44: 固定资产清理
D45: 生产性生物资产
D46: 油气资产
D47: 无形资产 | E47: 土地
E48: 其他
D49: 开发支出
D50: 商誉
D51: 长期待摊费用
D52: 递延所得税资产
D53: 其他非流动资产

Sheet 科目填表说明
B1: 评估明细表填表说明
B3: 一、基本要求
B4: 特别强调：对于纳入评估范围内的子公司下属控股子公司，需按科目逐一填报该表(不可与母公司合并填报）。该表由财务或资产管理人员填报并核账面值无误后，再交由设备或其他实物资产管理人员对评估作价必须的规格型号、厂家、数量等信息进行补充完善。
B5: (一)填表范围：
B6: 纳入评估范围的资产要保证与评估基准日资产占有单位的资产负债表（或模拟资产负债表）完全一致，即填表完成后，自动生成的新准则资产评估分类汇总表(表2)C列帐面值数据与该表右侧手工录入的G列资产负债表（或模拟资产负债表）各科目余额完全一致。如H列出现差异，请核对链接关系及所填报明细是否有误。
B7: (二)“评估基准日”与“被评估单位(或者产权持有单位)”名称,统一在“申报表封面” 中填列，各明细表会自动生成。单位名称要与该单位的营业执照所列示的名称完全一致,如经检查各明细表与报表的余额数据完全一致，填表人员需与评估人员沟通无异议后再在打印好的A4纸每页明细表左上角单位名称处加盖单位公章上报。
B8: (三)对于企业财务核算中没有的会计科目不必填写相应的明细表，对应明细表可隐藏但不可删除。
B9: (四) 对于各科目明细表中“评估价值”一栏(不含本栏)左方的所有空白栏以及需要填写的备注栏项目请企业填写齐全。尤其对于实物类资产的评估作价密切相关信息需填报完整，不要出现空白项，该类信息往往包括规格、厂家、单位、数量、产权证号、产权人名称、车辆行驶里程、不良资产实际状态等，需要由资产管理相关部门协助财务人员进行填报。
B10: (五)明细表中填列金额单位为“人民币元”，精确到小数点后两位。
B11: (六)明细表中日期根据要求填至月(如建成年月)或日(如出票日期)，填写日期格式为“2001-05”（不能写为2001.5）或 “2001-05-02”（不能填为2001.5.2）。
B12: (七)未指明月利率之处应指年利率，计量单位为“%”。若原始资料中为月利率或日利率,则换算为年利率。
B13: (八)明细表与各级汇总表之间的数据已建立链接关系，带“汇总”字样的各明细表中除个别项的减值准备外，其他项中不应直接录入数据。
... B185: ******

Sheet 企业基本情况表
A1: 法人企业基本情况表
A2: =封面!B8&封面!D8&封面!E8&封面!F8&封面!G8&封面!H8&封面!I8 -> 评估基准日：2018年12月31日
A3: 企业填写以下内容:
A4: 资产占有单位名称: | B4: 中文 | H4: 法定代表人 | J4: 电话
B5: 英文 | H5: 财务负责人 | J5: 固定电话
A6: 法定地址 | F6: 邮政编码 | J6: 手机
A7: 办公地址 | F7: 邮政编码 | H7: 主要填表人 | J7: 固定电话
A8: 联系人办公电话 | C8: 传真 | E8: E-mail | J8: 手机
A9: 经营范围 | H9: 成立日期 | I9: 年 月 日 | J9: 经营期限 | K9: 年 月 日至 年 月 日
A10: 企业股东名称 | H10: 注册资本 | J10: 实收资本
H11: 金额（万元） | I11: 出资比例% | J11: 金额（万元） | K11: 出资比例%
A12: 1
A13: 2
A14: 3
A15: 4
A16: 5
A17: 合计
A18: 下属长期投资单位（或异地分支机构）名称 | F18: 地址 | I18: 注册资金% | J18: 持股比例% | K18: 核算方式
A19: 1
A20: 2
A21: 3
A22: 4
A23: 5
A24: 6
A25: 7
A26: 8
A27: 9
A28: 10

Sheet 企业报表
A1: 根据企业报表格式列示

Sheet 审定报表
A1: 根据审计机构报表格式列示

Sheet 万元汇总表(报告用表)
A1: 资产评估结果汇总表
A2: =封面!B8&封面!D8&封面!E8&封面!F8&封面!G8&封面!H8&封面!I8 -> 评估基准日：2018年12月31日
E3: 表1
A4: =封面!B6&封面!D6 -> 产权持有人名称：阳煤集团青岛恒源化工有限公司 | E4: 金额单位：人民币万元
A5: 项目 | B5: 账面价值 | C5: 评估价值 | D5: 增减值 | E5: 增值率％
A6: 一、流动资产 | B6: =ROUND(#REF!/10000,2) -> #REF! | C6: =ROUND(#REF!/10000,2) -> #REF! | D6: =C6-B6 -> #REF! | E6: =IF(B6<>0,ROUND(100*D6/ABS(B6),2),0) -> #REF!
A7: 二、非流动资产 | B7: =SUM(B8:B24) -> #REF! | C7: =SUM(C8:C24) -> #REF! | D7: =C7-B7 -> #REF! | E7: =IF(B7<>0,ROUND(100*D7/ABS(B7),2),0) -> #REF!
A8: 其中：可供出售金融资产 | B8: =ROUND(#REF!/10000,2) -> #REF! | C8: =ROUND(#REF!/10000,2) -> #REF! | D8: =C8-B8 -> #REF! | E8: =IF(B8<>0,ROUND(100*D8/ABS(B8),2),0) -> #REF!
A9: 持有至到期投资 | B9: =ROUND(#REF!/10000,2) -> #REF! | C9: =ROUND(#REF!/10000,2) -> #REF! | D9: =C9-B9 -> #REF! | E9: =IF(B9<>0,ROUND(100*D9/ABS(B9),2),0) -> #REF!
A10: 长期应收款 | B10: =ROUND(#REF!/10000,2) -> #REF! | C10: =ROUND(#REF!/10000,2) -> #REF! | D10: =C10-B10 -> #REF! | E10: =IF(B10<>0,ROUND(100*D10/ABS(B10),2),0) -> #REF!
A11: 长期股权投资 | B11: =ROUND(#REF!/10000,2) -> #REF! | C11: =ROUND(#REF!/10000,2) -> #REF! | D11: =C11-B11 -> #REF! | E11: =IF(B11<>0,ROUND(100*D11/ABS(B11),2),0) -> #REF!
A12: 投资性房地产 | B12: =ROUND(#REF!/10000,2) -> #REF! | C12: =ROUND(#REF!/10000,2) -> #REF! | D12: =C12-B12 -> #REF! | E12: =IF(B12<>0,ROUND(100*D12/ABS(B12),2),0) -> #REF!
A13: 固定资产 | B13: =ROUND(#REF!/10000,2) -> #REF! | C13: =ROUND(#REF!/10000,2)+G25 -> #REF! | D13: =C13-B13 -> #REF! | E13: =IF(B13<>0,ROUND(100*D13/ABS(B13),2),0) -> #REF!
A14: 在建工程 | B14: =ROUND(#REF!/10000,2) -> #REF! | C14: =ROUND(#REF!/10000,2) -> #REF! | D14: =C14-B14 -> #REF! | E14: =IF(B14<>0,ROUND(100*D14/ABS(B14),2),0) -> #REF!
A15: 工程物资 | B15: =ROUND(#REF!/10000,2) -> #REF! | C15: =ROUND(#REF!/10000,2) -> #REF! | D15: =C15-B15 -> #REF! | E15: =IF(B15<>0,ROUND(100*D15/ABS(B15),2),0) -> #REF!
A16: 固定资产清理 | B16: =ROUND(#REF!/10000,2) -> #REF! | C16: =ROUND(#REF!/10000,2) -> #REF! | D16: =C16-B16 -> #REF! | E16: =IF(B16<>0,ROUND(100*D16/ABS(B16),2),0) -> #REF!
A17: 生产性生物资产 | B17: =ROUND(#REF!/10000,2) -> #REF! | C17: =ROUND(#REF!/10000,2) -> #REF! | D17: =C17-B17 -> #REF! | E17: =IF(B17<>0,ROUND(100*D17/ABS(B17),2),0) -> #REF!
A18: 油气资产 | B18: =ROUND(#REF!/10000,2) -> #REF! | C18: =ROUND(#REF!/10000,2) -> #REF! | D18: =C18-B18 -> #REF! | E18: =IF(B18<>0,ROUND(100*D18/ABS(B18),2),0) -> #REF!
A19: 无形资产 | B19: =ROUND(#REF!/10000,2) -> #REF! | C19: =ROUND(#REF!/10000,2) -> #REF! | D19: =C19-B19 -> #REF! | E19: =IF(B19<>0,ROUND(100*D19/ABS(B19),2),0) -> #REF!
A20: 开发支出 | B20: =ROUND(#REF!/10000,2) -> #REF! | C20: =ROUND(#REF!/10000,2) -> #REF! | D20: =C20-B20 -> #REF! | E20: =IF(B20<>0,ROUND(100*D20/ABS(B20),2),0) -> #REF!
A21: 商誉 | B21: =ROUND(#REF!/10000,2) -> #REF! | C21: =ROUND(#REF!/10000,2) -> #REF! | D21: =C21-B21 -> #REF! | E21: =IF(B21<>0,ROUND(100*D21/ABS(B21),2),0) -> #REF!
A22: 长期待摊费用 | B22: =ROUND(#REF!/10000,2) -> #REF! | C22: =ROUND(#REF!/10000,2) -> #REF! | D22: =C22-B22 -> #REF! | E22: =IF(B22<>0,ROUND(100*D22/ABS(B22),2),0) -> #REF!
A23: 递延所得税资产 | B23: =ROUND(#REF!/10000,2) -> #REF! | C23: =ROUND(#REF!/10000,2) -> #REF! | D23: =C23-B23 -> #REF! | E23: =IF(B23<>0,ROUND(100*D23/ABS(B23),2),0) -> #REF!
A24: 其他非流动资产 | B24: =ROUND(#REF!/10000,2) -> #REF! | C24: =ROUND(#REF!/10000,2) -> #REF! | D24: =C24-B24 -> #REF! | E24: =IF(B24<>0,ROUND(100*D24/ABS(B24),2),0) -> #REF!
A25: 资产总计 | B25: =B6+B7 -> #REF! | C25: =C6+C7 -> #REF! | D25: =C25-B25 -> #REF! | E25: =IF(B25<>0,ROUND(100*D25/ABS(B25),2),0) -> #REF!
A26: 三、流动负债 | B26: =ROUND(#REF!/10000,2) -> #REF! | C26: =ROUND(#REF!/10000,2) -> #REF! | D26: =C26-B26 -> #REF! | E26: =IF(B26<>0,ROUND(100*D26/ABS(B26),2),0) -> #REF!
A27: 四、非流动负债 | B27: =ROUND(#REF!/10000,2) -> #REF! | C27: =ROUND(#REF!/10000,2) -> #REF! | D27: =C27-B27 -> #REF! | E27: =IF(B27<>0,ROUND(100*D27/ABS(B27),2),0) -> #REF!
A28: 负债合计 | B28: =SUM(B26:B27) -> #REF! | C28: =SUM(C26:C27) -> #REF! | D28: =C28-B28 -> #REF! | E28: =IF(B28<>0,ROUND(100*D28/ABS(B28),2),0) -> #REF! | F28: =B26+B27-B28 -> #REF! | G28: =C26+C27-C28 -> #REF!
A29: 净资产（所有者权益） | B29: =B25-B28 -> #REF! | C29: =C25-C28 -> #REF! | D29: =C29-B29 -> #REF! | E29: =IF(B29<>0,ROUND(100*D29/ABS(B29),2),0) -> #REF! | F29: =B25-B28-B29 -> #REF! | G29: =C25-C28-C29 -> #REF!

Sheet 万元汇总表(报国资委)
A1: 资产评估结果汇总表
A2: =封面!B8&封面!D8&封面!E8&封面!F8&封面!G8&封面!H8&封面!I8 -> 评估基准日：2018年12月31日
F3: 表1
A4: =封面!B6&封面!D6 -> 产权持有人名称：阳煤集团青岛恒源化工有限公司 | F4: 金额单位：人民币万元
A5: 项 目 | C5: 账面价值 | D5: 评估价值 | E5: 增减值 | F5: 增值率％
C6: A | D6: B | E6: C=B-A | F6: D=C/A×100%
A7: 1 | B7: 流动资产 | C7: =ROUND(#REF!/10000,2) -> #REF! | D7: =ROUND(#REF!/10000,2) -> #REF! | E7: =D7-C7 -> #REF! | F7: =IF(C7<>0,ROUND(100*E7/ABS(C7),2),0) -> #REF!
A8: 2 | B8: 非流动资产 | C8: =ROUND(#REF!/10000,2) -> #REF! | D8: =ROUND(#REF!/10000,2) -> #REF! | E8: =D8-C8 -> #REF! | F8: =IF(C8<>0,ROUND(100*E8/ABS(C8),2),0) -> #REF!
A9: 3 | B9: 其中：可供出售金融资产 | C9: =ROUND(#REF!/10000,2) -> #REF! | D9: =ROUND(#REF!/10000,2) -> #REF! | E9: =D9-C9 -> #REF! | F9: =IF(C9<>0,ROUND(100*E9/ABS(C9),2),0) -> #REF!
A10: 4 | B10: 持有至到期投资 | C10: =ROUND(#REF!/10000,2) -> #REF! | D10: =ROUND(#REF!/10000,2) -> #REF! | E10: =D10-C10 -> #REF! | F10: =IF(C10<>0,ROUND(100*E10/ABS(C10),2),0) -> #REF!
A11: 5 | B11: 长期应收款 | C11: =ROUND(#REF!/10000,2) -> #REF! | D11: =ROUND(#REF!/10000,2) -> #REF! | E11: =D11-C11 -> #REF! | F11: =IF(C11<>0,ROUND(100*E11/ABS(C11),2),0) -> #REF!
A12: 6 | B12: 长期股权投资 | C12: =ROUND(#REF!/10000,2) -> #REF! | D12: =ROUND(#REF!/10000,2) -> #REF! | E12: =D12-C12 -> #REF! | F12: =IF(C12<>0,ROUND(100*E12/ABS(C12),2),0) -> #REF!
A13: 7 | B13: 投资性房地产 | C13: =ROUND(#REF!/10000,2) -> #REF! | D13: =ROUND(#REF!/10000,2) -> #REF! | E13: =D13-C13 -> #REF! | F13: =IF(C13<>0,ROUND(100*E13/ABS(C13),2),0) -> #REF!
A14: 8 | B14: 固定资产 | C14: =ROUND(#REF!/10000,2) -> #REF! | D14: =ROUND(#REF!/10000,2)+H26 -> #REF! | E14: =D14-C14 -> #REF! | F14: =IF(C14<>0,ROUND(100*E14/ABS(C14),2),0) -> #REF!
A15: 9 | B15: 在建工程 | C15: =ROUND(#REF!/10000,2) -> #REF! | D15: =ROUND(#REF!/10000,2) -> #REF! | E15: =D15-C15 -> #REF! | F15: =IF(C15<>0,ROUND(100*E15/ABS(C15),2),0) -> #REF!
A16: 10 | B16: 工程物资 | C16: =ROUND(#REF!/10000,2) -> #REF! | D16: =ROUND(#REF!/10000,2) -> #REF! | E16: =D16-C16 -> #REF! | F16: =IF(C16<>0,ROUND(100*E16/ABS(C16),2),0) -> #REF!
A17: 11 | B17: 固定资产清理 | C17: =ROUND(#REF!/10000,2) -> #REF! | D17: =ROUND(#REF!/10000,2) -> #REF! | E17: =D17-C17 -> #REF! | F17: =IF(C17<>0,ROUND(100*E17/ABS(C17),2),0) -> #REF!
A18: 12 | B18: 生产性生物资产 | C18: =ROUND(#REF!/10000,2) -> #REF! | D18: =ROUND(#REF!/10000,2) -> #REF! | E18: =D18-C18 -> #REF! | F18: =IF(C18<>0,ROUND(100*E18/ABS(C18),2),0) -> #REF!
A19: 13 | B19: 油气资产 | C19: =ROUND(#REF!/10000,2) -> #REF! | D19: =ROUND(#REF!/10000,2) -> #REF! | E19: =D19-C19 -> #REF! | F19: =IF(C19<>0,ROUND(100*E19/ABS(C19),2),0) -> #REF!
A20: 14 | B20: 无形资产 | C20: =ROUND(#REF!/10000,2) -> #REF! | D20: =ROUND(#REF!/10000,2) -> #REF! | E20: =D20-C20 -> #REF! | F20: =IF(C20<>0,ROUND(100*E20/ABS(C20),2),0) -> #REF!
A21: 15 | B21: 开发支出 | C21: =ROUND(#REF!/10000,2) -> #REF! | D21: =ROUND(#REF!/10000,2) -> #REF! | E21: =D21-C21 -> #REF! | F21: =IF(C21<>0,ROUND(100*E21/ABS(C21),2),0) -> #REF!
A22: 16 | B22: 商誉 | C22: =ROUND(#REF!/10000,2) -> #REF! | D22: =ROUND(#REF!/10000,2) -> #REF! | E22: =D22-C22 -> #REF! | F22: =IF(C22<>0,ROUND(100*E22/ABS(C22),2),0) -> #REF!
A23: 17 | B23: 长期待摊费用 | C23: =ROUND(#REF!/10000,2) -> #REF! | D23: =ROUND(#REF!/10000,2) -> #REF! | E23: =D23-C23 -> #REF! | F23: =IF(C23<>0,ROUND(100*E23/ABS(C23),2),0) -> #REF!
A24: 18 | B24: 递延所得税资产 | C24: =ROUND(#REF!/10000,2) -> #REF! | D24: =ROUND(#REF!/10000,2) -> #REF! | E24: =D24-C24 -> #REF! | F24: =IF(C24<>0,ROUND(100*E24/ABS(C24),2),0) -> #REF!
A25: 19 | B25: 其他非流动资产 | C25: =ROUND(#REF!/10000,2) -> #REF! | D25: =ROUND(#REF!/10000,2) -> #REF! | E25: =D25-C25 -> #REF! | F25: =IF(C25<>0,ROUND(100*E25/ABS(C25),2),0) -> #REF!
A26: 20 | B26: 资产总计 | C26: =C7+C8 -> #REF! | D26: =D7+D8 -> #REF! | E26: =D26-C26 -> #REF! | F26: =IF(C26<>0,ROUND(100*E26/ABS(C26),2),0) -> #REF!
A27: 21 | B27: 流动负债 | C27: =ROUND(#REF!/10000,2) -> #REF! | D27: =ROUND(#REF!/10000,2) -> #REF! | E27: =D27-C27 -> #REF! | F27: =IF(C27<>0,ROUND(100*E27/ABS(C27),2),0) -> #REF!
A28: 22 | B28: 非流动负债 | C28: =ROUND(#REF!/10000,2) -> #REF! | D28: =ROUND(#REF!/10000,2) -> #REF! | E28: =D28-C28 -> #REF! | F28: =IF(C28<>0,ROUND(100*E28/ABS(C28),2),0) -> #REF!
A29: 23 | B29: 负债合计 | C29: =SUM(C27:C28) -> #REF! | D29: =SUM(D27:D28) -> #REF! | E29: =D29-C29 -> #REF! | F29: =IF(C29<>0,ROUND(100*E29/ABS(C29),2),0) -> #REF! | G29: =C27+C28-C29 -> #REF! | H29: =D27+D28-D29 -> #REF!
A30: 24 | B30: 净资产（所有者权益） | C30: =C26-C29 -> #REF! | D30: =D26-D29 -> #REF! | E30: =D30-C30 -> #REF! | F30: =IF(C30<>0,ROUND(100*E30/ABS(C30),2),0) -> #REF! | G30: =C26-C29-C30 -> #REF! | H30: =D26-D29-D30 -> #REF!
A31: 评估机构：山西诚成资产评估有限公司 | D31: 注册资产评估师：
A33: 法定代表人：陈小刚 | D33: 注册资产评估师：
C34: =C30*10000-#REF! -> #REF!

Sheet Sheet1
A5: =封面!D6&"资产评估项目" -> 阳煤集团青岛恒源化工有限公司资产评估项目
A8: 评估申报明细表
A10: =封面!B8&封面!D8&封面!E8&封面!F8&封面!G8&封面!H8&封面!I8 -> 评估基准日：2018年12月31日
C13: =封面!B6&封面!D6 -> 产权持有人名称：阳煤集团青岛恒源化工有限公司
C16: 企业负责人：xxx | G16: 财务负责人：xxx
C19: 主要填表人：xxx | G19: 填表人电话：xxx

Sheet 1-汇总表
A1: 资产评估结果汇总表
A2: =封面!B8&封面!D8&封面!E8&封面!F8&封面!G8&封面!H8&封面!I8 -> 评估基准日：2018年12月31日
F3: 表1
A4: =封面!B6&封面!D6 -> 产权持有人名称：阳煤集团青岛恒源化工有限公司 | F4: 金额单位：人民币万元
A5: 项 目 | C5: 账面价值 | D5: 评估价值 | E5: 增减值 | F5: 增值率％
C6: A | D6: B | E6: C=B-A | F6: D=C/A×100%
A7: 1 | B7: 流动资产 | C7: =ROUND(#REF!/10000,2) -> #REF! | D7: =ROUND(#REF!/10000,2) -> #REF! | E7: =D7-C7 -> #REF! | F7: =IF(OR(C7=0,C7=""),"",ROUND(E7/C7*100,2)) -> #REF!
A8: 2 | B8: 非流动资产 | C8: =SUM(C9:C25) -> #REF! | D8: =SUM(D9:D25) -> #REF! | E8: =D8-C8 -> #REF! | F8: =IF(OR(C8=0,C8=""),"",ROUND(E8/C8*100,2)) -> #REF! | G8: =SUM(C9:C25)-C8 -> #REF! | H8: =SUM(D9:D25)-D8 -> #REF!
A9: 3 | B9: 其中：可供出售金融资产
A10: 4 | B10: 持有至到期投资
A11: 5 | B11: 长期应收款
A12: 6 | B12: 长期股权投资
A13: 7 | B13: 投资性房地产
A14: 8 | B14: 固定资产 | C14: =ROUND(#REF!/10000,2) -> #REF! | D14: =ROUND(#REF!/10000,2) -> #REF! | E14: =D14-C14 -> #REF! | F14: =IF(OR(C14=0,C14=""),"",ROUND(E14/C14*100,2)) -> #REF!
A15: 9 | B15: 在建工程 | C15: =ROUND(#REF!/10000,2) -> #REF! | D15: =ROUND(#REF!/10000,2) -> #REF! | E15: =D15-C15 -> #REF! | F15: =IF(OR(C15=0,C15=""),"",ROUND(E15/C15*100,2)) -> #REF!
A16: 10 | B16: 工程物资 | C16: =ROUND(#REF!/10000,2) -> #REF! | D16: =ROUND(#REF!/10000,2) -> #REF! | E16: =D16-C16 -> #REF! | F16: =IF(OR(C16=0,C16=""),"",ROUND(E16/C16*100,2)) -> #REF!
A17: 11 | B17: 固定资产清理
A18: 12 | B18: 生产性生物资产
A19: 13 | B19: 油气资产
A20: 14 | B20: 无形资产
A21: 15 | B21: 开发支出
A22: 16 | B22: 商誉
A23: 17 | B23: 长期待摊费用
A24: 18 | B24: 递延所得税资产
A25: 19 | B25: 其他非流动资产
A26: 20 | B26: 资产总计 | C26: =C7+C8 -> #REF! | D26: =D7+D8 -> #REF! | E26: =D26-C26 -> #REF! | F26: =IF(OR(C26=0,C26=""),"",ROUND(E26/C26*100,2)) -> #REF! | G26: =C7+C8-C26 -> #REF! | H26: =D7+D8-D26 -> #REF!
A27: 21 | B27: 流动负债 | C27: =ROUND(#REF!/10000,2) -> #REF! | D27: =ROUND(#REF!/10000,2) -> #REF! | E27: =D27-C27 -> #REF! | F27: =IF(C27<>0,ROUND(100*E27/ABS(C27),2),0) -> #REF!
A28: 22 | B28: 非流动负债 | C28: =ROUND(#REF!/10000,2) -> #REF! | D28: =ROUND(#REF!/10000,2) -> #REF! | E28: =D28-C28 -> #REF! | F28: =IF(C28<>0,ROUND(100*E28/ABS(C28),2),0) -> #REF!
A29: 23 | B29: 负债合计 | C29: =SUM(C27:C28) -> #REF! | D29: =SUM(D27:D28) -> #REF! | E29: =D29-C29 -> #REF! | F29: =IF(C29<>0,ROUND(100*E29/ABS(C29),2),0) -> #REF! | G29: =C27+C28-C29 -> #REF! | H29: =D27+D28-D29 -> #REF!
A30: 24 | B30: 净资产（所有者权益） | C30: =C26-C29 -> #REF! | D30: =D26-D29 -> #REF! | E30: =D30-C30 -> #REF! | F30: =IF(C30<>0,ROUND(100*E30/ABS(C30),2),0) -> #REF! | G30: =C26-C29-C30 -> #REF! | H30: =D26-D29-D30 -> #REF!
A31: 评估机构：山西诚成资产评估有限公司
C38: 263.13 | D38: 15.49 | E38: -247.64 | F38: -94.11
C39: 6357.61 | D39: 1136.56 | E39: -5221.05 | F39: -82.12
C40: 215.34 | D40: 129.33 | E40: -86.01 | F40: -39.94
C41: 5850.04 | D41: 985.84 | E41: -4864.2 | F41: -83.15
C42: 292.23 | D42: 21.39 | E42: -270.84 | F42: -92.68
C43: 6620.74 | D43: 1152.05 | E43: -5468.69 | F43: -82.6

Sheet 3-流动汇总
A2: 流动资产评估汇总表
A3: ='1-汇总表'!A2:F2 -> 评估基准日：2018年12月31日
A5: ='1-汇总表'!A4 -> 产权持有人名称：阳煤集团青岛恒源化工有限公司
A6: 编号 | B6: 科目名称 | C6: 账面价值 | D6: 评估价值 | E6: 增减值 | F6: 增值率%
A7: 3-1 | B7: 货币资金 | C7: ='表3-1货币汇总表'!C27 -> 0 | D7: ='表3-1货币汇总表'!D27 -> 0 | E7: =D7-C7 -> 0 | F7: =ROUND(IF(C7<>0,100*E7/C7,),2) -> 0
A8: 3-2 | B8: 交易性金融资产 | C8: ='3-2交易性金融资产汇总'!C28 -> 0 | D8: ='3-2交易性金融资产汇总'!D28 -> 0 | E8: =D8-C8 -> 0 | F8: =ROUND(IF(C8<>0,100*E8/C8,),2) -> 0
A9: 3-3 | B9: 应收票据 | C9: ='3-3应收票据'!F28 -> 0 | D9: ='3-3应收票据'!G28 -> 0 | E9: =D9-C9 -> 0 | F9: =ROUND(IF(C9<>0,100*E9/C9,),2) -> 0
A10: 3-4 | B10: 应收账款 | C10: ='3-4应收账款'!I27 -> 0 | D10: ='3-4应收账款'!M27 -> 0 | E10: =D10-C10 -> 0 | F10: =ROUND(IF(C10<>0,100*E10/C10,),2) -> 0
A11: 3-5 | B11: 预付账款 | C11: ='3-5预付账款'!F27 -> 0 | D11: ='3-5预付账款'!G27 -> 0 | E11: =D11-C11 -> 0 | F11: =ROUND(IF(C11<>0,100*E11/C11,),2) -> 0
A12: 3-6 | B12: 应收利息 | C12: ='3-6应收利息'!G28 -> 0 | D12: ='3-6应收利息'!H28 -> 0 | E12: =D12-C12 -> 0 | F12: =ROUND(IF(C12<>0,100*E12/C12,),2) -> 0
A13: 3-7 | B13: 应收股利 | C13: ='3-7应收股利'!E28 -> 0 | D13: ='3-7应收股利'!F28 -> 0 | E13: =D13-C13 -> 0 | F13: =ROUND(IF(C13<>0,100*E13/C13,),2) -> 0
A14: 3-8 | B14: 其他应收款 | C14: ='3-8其他应收款'!I26 -> 0 | D14: ='3-8其他应收款'!M26 -> 0 | E14: =D14-C14 -> 0 | F14: =ROUND(IF(C14<>0,100*E14/C14,),2) -> 0
A15: 3-9 | B15: 存货 | C15: =#REF! -> #REF! | D15: =#REF! -> #REF! | E15: =D15-C15 -> #REF! | F15: =ROUND(IF(C15<>0,100*E15/C15,),2) -> #REF!
A16: 3-10 | B16: 一年内到期的非流动资产 | C16: ='3-10一年到期非流动资产'!E26 -> 0 | D16: ='3-10一年到期非流动资产'!F26 -> 0 | E16: =D16-C16 -> 0 | F16: =ROUND(IF(C16<>0,100*E16/C16,),2) -> 0
A17: 3-11 | B17: 其他流动资产 | C17: ='3-11其他流动资产'!F28 -> 0 | D17: ='3-11其他流动资产'!G28 -> 0 | E17: =D17-C17 -> 0 | F17: =ROUND(IF(C17<>0,100*E17/C17,),2) -> 0
A28: 流动资产合计 | C28: =SUM(C7:C17) -> #REF! | D28: =SUM(D7:D17) -> #REF! | E28: =D28-C28 -> #REF! | F28: =ROUND(IF(C28<>0,100*E28/C28,),2) -> #REF!
D30: ="评估人员："&封面!$P$18 -> 评估人员：

Sheet 表3-1货币汇总表
A1: 货币资金评估汇总表
A2: ='1-汇总表'!A2:F2 -> 评估基准日：2018年12月31日
A4: ='1-汇总表'!A4 -> 产权持有人名称：阳煤集团青岛恒源化工有限公司
A5: 编号 | B5: 科目名称 | C5: 账面价值 | D5: 评估价值 | E5: 增减值 | F5: 增值率% | G5: 备注
A6: 3-1-1 | B6: 现金 | C6: ='3-1-1现金'!F28 -> 0 | D6: ='3-1-1现金'!G28 -> 0 | E6: =D6-C6 -> 0 | F6: =ROUND(IF(C6<>0,100*E6/C6,),2) -> 0
A7: 3-1-2 | B7: 银行存款 | C7: ='3-1-2银行存款'!G28 -> 0 | D7: ='3-1-2银行存款'!H28 -> 0 | E7: =D7-C7 -> 0 | F7: =ROUND(IF(C7<>0,100*E7/C7,),2) -> 0
A8: 3-1-3 | B8: 其他货币资金 | C8: ='3-1-3其他货币资金'!G29 -> 0 | D8: ='3-1-3其他货币资金'!H29 -> 0 | E8: =D8-C8 -> 0 | F8: =ROUND(IF(C8<>0,100*E8/C8,),2) -> 0
A27: 合 计 | C27: =SUM(C6:C8) -> 0 | D27: =SUM(D6:D8) -> 0 | E27: =D27-C27 -> 0 | F27: =ROUND(IF(C27<>0,100*E27/C27,),2) -> 0
D29: ="评估人员："&封面!$P$18 -> 评估人员：

Sheet 3-1-1现金
A1: 货币资金—现金评估明细表
A2: ='1-汇总表'!A2:F2 -> 评估基准日：2018年12月31日
A4: ='1-汇总表'!A4 -> 产权持有人名称：阳煤集团青岛恒源化工有限公司
A5: 序号 | B5: 存放部门（单位） | C5: 币种 | D5: 外币账面金额 | E5: 评估基准日汇率 | F5: 账面价值 | G5: 评估价值 | H5: 增减值 | I5: 增值率% | J5: 备注
G6: =F6 -> 0 | H6: =G6-F6 -> 0 | I6: =ROUND(IF(F6<>0,100*H6/F6,),2) -> 0
A28: 合 计 | F28: =SUM(F6:F27) -> 0 | G28: =SUM(G6:G27) -> 0 | H28: =G28-F28 -> 0 | I28: =ROUND(IF(F28<>0,100*H28/F28,),2) -> 0
A29: =封面!B$10&封面!D$10 -> 产权持有单位填表人：杨庆华
A30: =封面!B$12&封面!D$12&封面!E$12&封面!F$12&封面!G$12&封面!H$12&封面!I$12 -> 填表日期：2019年1月24日 | G30: ="评估人员："&封面!$P$18 -> 评估人员：

Sheet 3-1-2银行存款
A1: 货币资金—银行存款评估明细表
A2: ='1-汇总表'!A2:F2 -> 评估基准日：2018年12月31日
A4: ='1-汇总表'!A4 -> 产权持有人名称：阳煤集团青岛恒源化工有限公司
A5: 序号 | B5: 开户银行 | C5: 账号 | D5: 币种 | E5: 外币账面金额 | F5: 评估基准日汇率 | G5: 账面价值 | H5: 评估价值 | I5: 增减值 | J5: 增值率% | K5: 备注
H6: =G6 -> 0 | I6: =H6-G6 -> 0 | J6: =ROUND(IF(G6<>0,100*I6/G6,),2) -> 0
H7: =G7 -> 0 | I7: =H7-G7 -> 0 | J7: =ROUND(IF(G7<>0,100*I7/G7,),2) -> 0
H8: =G8 -> 0 | I8: =H8-G8 -> 0 | J8: =ROUND(IF(G8<>0,100*I8/G8,),2) -> 0
H9: =G9 -> 0 | I9: =H9-G9 -> 0 | J9: =ROUND(IF(G9<>0,100*I9/G9,),2) -> 0
H10: =G10 -> 0 | I10: =H10-G10 -> 0 | J10: =ROUND(IF(G10<>0,100*I10/G10,),2) -> 0
H11: =G11 -> 0 | I11: =H11-G11 -> 0 | J11: =ROUND(IF(G11<>0,100*I11/G11,),2) -> 0
A28: 合 计 | G28: =SUM(G6:G27) -> 0 | H28: =SUM(H6:H27) -> 0 | I28: =H28-G28 -> 0 | J28: =ROUND(IF(G28<>0,100*I28/G28,),2) -> 0
A29: =封面!B$10&封面!D$10 -> 产权持有单位填表人：杨庆华
A30: =封面!B$12&封面!D$12&封面!E$12&封面!F$12&封面!G$12&封面!H$12&封面!I$12 -> 填表日期：2019年1月24日 | H30: ="评估人员："&封面!$P$18 -> 评估人员：

Sheet 3-1-3其他货币资金
A1: 货币资金—其他货币资金评估明细表
A2: ='1-汇总表'!A2:F2 -> 评估基准日：2018年12月31日
A4: ='1-汇总表'!A4 -> 产权持有人名称：阳煤集团青岛恒源化工有限公司
A5: 序号 | B5: 名称及内容 | C5: 用途 | D5: 币种 | E5: 外币账面金额 | F5: 评估基准日汇率 | G5: 账面价值 | H5: 评估价值 | I5: 增减值 | J5: 增值率% | K5: 备注
H6: =G6 -> 0 | I6: =H6-G6 -> 0 | J6: =ROUND(IF(G6<>0,100*I6/G6,),2) -> 0
H7: =G7 -> 0 | I7: =H7-G7 -> 0 | J7: =ROUND(IF(G7<>0,100*I7/G7,),2) -> 0
A29: 合 计 | G29: =SUM(G6:G28) -> 0 | H29: =SUM(H6:H28) -> 0 | I29: =H29-G29 -> 0 | J29: =ROUND(IF(G29<>0,100*I29/G29,),2) -> 0
A30: =封面!B$10&封面!D$10 -> 产权持有单位填表人：杨庆华
A31: =封面!B$12&封面!D$12&封面!E$12&封面!F$12&封面!G$12&封面!H$12&封面!I$12 -> 填表日期：2019年1月24日 | H31: ="评估人员："&封面!$P$18 -> 评估人员：

Sheet 3-2交易性金融资产汇总
A1: 交易性金融资产评估汇总表
A2: ='1-汇总表'!A2:F2 -> 评估基准日：2018年12月31日
A4: ='1-汇总表'!A4 -> 产权持有人名称：阳煤集团青岛恒源化工有限公司
A5: 编号 | B5: 科目名称 | C5: 账面价值 | D5: 评估价值 | E5: 增减值 | F5: 增值率%
A6: 3-2-1 | B6: 交易性金融资产-股票投资 | C6: =INDEX('3-2-1交易性-股票'!$A$1:$Z$10000,MATCH("*合*计*",'3-2-1交易性-股票'!$A$1:$A$10000,0),7) -> 0 | D6: =INDEX('3-2-1交易性-股票'!$A$1:$Z$10000,MATCH("*合*计*",'3-2-1交易性-股票'!$A$1:$A$10000,0),9) -> 0 | E6: =D6-C6 -> 0 | F6: =ROUND(IF(C6<>0,100*E6/C6,),2) -> 0
A7: 3-2-2 | B7: 交易性金融资产-债券投资 | C7: =INDEX('3-2-2交易性-债券'!$A$1:$Z$10001,MATCH("*合*计*",'3-2-2交易性-债券'!$A$1:$A$10001,0),8) -> 0 | D7: =INDEX('3-2-2交易性-债券'!$A$1:$Z$10001,MATCH("*合*计*",'3-2-2交易性-债券'!$A$1:$A$10001,0),9) -> 0 | E7: =D7-C7 -> 0 | F7: =ROUND(IF(C7<>0,100*E7/C7,),2) -> 0
A8: 3-2-3 | B8: 交易性金融资产-基金投资 | C8: =INDEX('3-2-3交易性-基金'!$A$1:$Z$10000,MATCH("*合*计*",'3-2-3交易性-基金'!$A$1:$A$10000,0),7) -> 0 | D8: =INDEX('3-2-3交易性-基金'!$A$1:$Z$10000,MATCH("*合*计*",'3-2-3交易性-基金'!$A$1:$A$10000,0),9) -> 0 | E8: =D8-C8 -> 0 | F8: =ROUND(IF(C8<>0,100*E8/C8,),2) -> 0
A28: 合 计 | C28: =SUM(C6:C8) -> 0 | D28: =SUM(D6:D8) -> 0 | E28: =D28-C28 -> 0 | F28: =ROUND(IF(C28<>0,100*E28/C28,),2) -> 0
D30: ="评估人员："&封面!$P$18 -> 评估人员：

Sheet 3-2-1交易性-股票
A1: 交易性金融资产—股票投资评估明细表
A2: ='1-汇总表'!A2:F2 -> 评估基准日：2018年12月31日
A4: ='1-汇总表'!A4 -> 产权持有人名称：阳煤集团青岛恒源化工有限公司
A5: 序号 | B5: 被投资单位名称 | C5: 股票名称 | D5: 投资日期 | E5: 持股数量 | F5: 成 本 | G5: 账面价值 | H5: 基准日收盘价元/股 | I5: 评估价值 | J5: 增减值 | K5: 增值率% | L5: 备注
I6: =ROUND(H6*E6,2) -> 0 | J6: =I6-G6 -> 0 | K6: =IF(G6<>0,ROUND(100*J6/ABS(G6),2),0) -> 0
I7: =ROUND(H7*E7,2) -> 0 | J7: =I7-G7 -> 0 | K7: =IF(G7<>0,ROUND(100*J7/ABS(G7),2),0) -> 0
I8: =ROUND(H8*E8,2) -> 0 | J8: =I8-G8 -> 0 | K8: =IF(G8<>0,ROUND(100*J8/ABS(G8),2),0) -> 0
I9: =ROUND(H9*E9,2) -> 0 | J9: =I9-G9 -> 0 | K9: =IF(G9<>0,ROUND(100*J9/ABS(G9),2),0) -> 0
I10: =ROUND(H10*E10,2) -> 0 | J10: =I10-G10 -> 0 | K10: =IF(G10<>0,ROUND(100*J10/ABS(G10),2),0) -> 0
I11: =ROUND(H11*E11,2) -> 0 | J11: =I11-G11 -> 0 | K11: =IF(G11<>0,ROUND(100*J11/ABS(G11),2),0) -> 0
I12: =ROUND(H12*E12,2) -> 0 | J12: =I12-G12 -> 0 | K12: =IF(G12<>0,ROUND(100*J12/ABS(G12),2),0) -> 0
I13: =ROUND(H13*E13,2) -> 0 | J13: =I13-G13 -> 0 | K13: =IF(G13<>0,ROUND(100*J13/ABS(G13),2),0) -> 0
I14: =ROUND(H14*E14,2) -> 0 | J14: =I14-G14 -> 0 | K14: =IF(G14<>0,ROUND(100*J14/ABS(G14),2),0) -> 0
I15: =ROUND(H15*E15,2) -> 0 | J15: =I15-G15 -> 0 | K15: =IF(G15<>0,ROUND(100*J15/ABS(G15),2),0) -> 0
I16: =ROUND(H16*E16,2) -> 0 | J16: =I16-G16 -> 0 | K16: =IF(G16<>0,ROUND(100*J16/ABS(G16),2),0) -> 0
I17: =ROUND(H17*E17,2) -> 0 | J17: =I17-G17 -> 0 | K17: =IF(G17<>0,ROUND(100*J17/ABS(G17),2),0) -> 0
... I26: =ROUND(H26*E26,2) -> 0 | J26: =I26-G26 -> 0 | K26: =IF(G26<>0,ROUND(100*J26/ABS(G26),2),0) -> 0
A27: 合 计 | G27: =SUM(G6:G26) -> 0 | I27: =SUM(I6:I26) -> 0 | J27: =I27-G27 -> 0 | K27: =IF(G27<>0,ROUND(100*J27/ABS(G27),2),0) -> 0
A28: =封面!B$10&封面!D$10 -> 产权持有单位填表人：杨庆华
A29: =封面!B$12&封面!D$12&封面!E$12&封面!F$12&封面!G$12&封面!H$12&封面!I$12 -> 填表日期：2019年1月24日 | I29: ="评估人员："&封面!$P$18 -> 评估人员：

Sheet 3-2-2交易性-债券
A1: 交易性金融资产—债券投资评估明细表
A2: ='1-汇总表'!A2:F2 -> 评估基准日：2018年12月31日
A4: ='1-汇总表'!A4 -> 产权持有人名称：阳煤集团青岛恒源化工有限公司
A5: 序号 | B5: 被投资单位名称 | C5: 债券名称 | D5: 发行日期 | E5: 投资日期 | F5: 票面利率% | G5: 成本 | H5: 账面价值 | I5: 评估价值 | J5: 增减值 | K5: 增值率% | L5: 备注
I6: =H6 -> 0 | J6: =I6-H6 -> 0 | K6: =IF(H6<>0,ROUND(100*J6/ABS(H6),2),0) -> 0
I7: =H7 -> 0 | J7: =I7-H7 -> 0 | K7: =IF(H7<>0,ROUND(100*J7/ABS(H7),2),0) -> 0
I8: =H8 -> 0 | J8: =I8-H8 -> 0 | K8: =IF(H8<>0,ROUND(100*J8/ABS(H8),2),0) -> 0
I9: =H9 -> 0 | J9: =I9-H9 -> 0 | K9: =IF(H9<>0,ROUND(100*J9/ABS(H9),2),0) -> 0
I10: =H10 -> 0 | J10: =I10-H10 -> 0 | K10: =IF(H10<>0,ROUND(100*J10/ABS(H10),2),0) -> 0
I11: =H11 -> 0 | J11: =I11-H11 -> 0 | K11: =IF(H11<>0,ROUND(100*J11/ABS(H11),2),0) -> 0
I12: =H12 -> 0 | J12: =I12-H12 -> 0 | K12: =IF(H12<>0,ROUND(100*J12/ABS(H12),2),0) -> 0
I13: =H13 -> 0 | J13: =I13-H13 -> 0 | K13: =IF(H13<>0,ROUND(100*J13/ABS(H13),2),0) -> 0
I16: =H16 -> 0 | J16: =I16-H16 -> 0 | K16: =IF(H16<>0,ROUND(100*J16/ABS(H16),2),0) -> 0
I17: =H17 -> 0 | J17: =I17-H17 -> 0 | K17: =IF(H17<>0,ROUND(100*J17/ABS(H17),2),0) -> 0
I18: =H18 -> 0 | J18: =I18-H18 -> 0 | K18: =IF(H18<>0,ROUND(100*J18/ABS(H18),2),0) -> 0
I19: =H19 -> 0 | J19: =I19-H19 -> 0 | K19: =IF(H19<>0,ROUND(100*J19/ABS(H19),2),0) -> 0
... I27: =H27 -> 0 | J27: =I27-H27 -> 0 | K27: =IF(H27<>0,ROUND(100*J27/ABS(H27),2),0) -> 0
A28: 合 计 | G28: =SUM(G6:G27) -> 0 | H28: =SUM(H6:H27) -> 0 | I28: =SUM(I6:I27) -> 0 | J28: =I28-H28 -> 0 | K28: =IF(H28<>0,ROUND(100*J28/ABS(H28),2),0) -> 0
A29: =封面!B$10&封面!D$10 -> 产权持有单位填表人：杨庆华
A30: =封面!B$12&封面!D$12&封面!E$12&封面!F$12&封面!G$12&封面!H$12&封面!I$12 -> 填表日期：2019年1月24日 | I30: ="评估人员："&封面!$P$18 -> 评估人员：

Sheet 3-2-3交易性-基金
A1: 交易性金融资产—基金投资评估明细表
A2: ='1-汇总表'!A2:F2 -> 评估基准日：2018年12月31日
A4: ='1-汇总表'!A4 -> 产权持有人名称：阳煤集团青岛恒源化工有限公司
A5: 序号 | B5: 基金发行单位 | C5: 基金名称 | D5: 基金类型 | E5: 投资日期 | F5: 成本 | G5: 账面价值 | H5: 基准日净值/份 | I5: 评估价值 | J5: 增减值 | K5: 增值率% | L5: 备注
I6: =ROUND(H6*F6,2) -> 0 | J6: =I6-G6 -> 0 | K6: =IF(G6<>0,ROUND(100*J6/ABS(G6),2),0) -> 0
I7: =ROUND(H7*F7,2) -> 0 | J7: =I7-G7 -> 0 | K7: =IF(G7<>0,ROUND(100*J7/ABS(G7),2),0) -> 0
I8: =ROUND(H8*F8,2) -> 0 | J8: =I8-G8 -> 0 | K8: =IF(G8<>0,ROUND(100*J8/ABS(G8),2),0) -> 0
I9: =ROUND(H9*F9,2) -> 0 | J9: =I9-G9 -> 0 | K9: =IF(G9<>0,ROUND(100*J9/ABS(G9),2),0) -> 0
I10: =ROUND(H10*F10,2) -> 0 | J10: =I10-G10 -> 0 | K10: =IF(G10<>0,ROUND(100*J10/ABS(G10),2),0) -> 0
I11: =ROUND(H11*F11,2) -> 0 | J11: =I11-G11 -> 0 | K11: =IF(G11<>0,ROUND(100*J11/ABS(G11),2),0) -> 0
I12: =ROUND(H12*F12,2) -> 0 | J12: =I12-G12 -> 0 | K12: =IF(G12<>0,ROUND(100*J12/ABS(G12),2),0) -> 0
I13: =ROUND(H13*F13,2) -> 0 | J13: =I13-G13 -> 0 | K13: =IF(G13<>0,ROUND(100*J13/ABS(G13),2),0) -> 0
I14: =ROUND(H14*F14,2) -> 0 | J14: =I14-G14 -> 0 | K14: =IF(G14<>0,ROUND(100*J14/ABS(G14),2),0) -> 0
I15: =ROUND(H15*F15,2) -> 0 | J15: =I15-G15 -> 0 | K15: =IF(G15<>0,ROUND(100*J15/ABS(G15),2),0) -> 0
I16: =ROUND(H16*F16,2) -> 0 | J16: =I16-G16 -> 0 | K16: =IF(G16<>0,ROUND(100*J16/ABS(G16),2),0) -> 0
I17: =ROUND(H17*F17,2) -> 0 | J17: =I17-G17 -> 0 | K17: =IF(G17<>0,ROUND(100*J17/ABS(G17),2),0) -> 0
... I26: =ROUND(H26*F26,2) -> 0 | J26: =I26-G26 -> 0 | K26: =IF(G26<>0,ROUND(100*J26/ABS(G26),2),0) -> 0
A27: 合 计 | G27: =SUM(G6:G26) -> 0 | I27: =SUM(I6:I26) -> 0 | J27: =I27-G27 -> 0 | K27: =IF(G27<>0,ROUND(100*J27/ABS(G27),2),0) -> 0
A28: =封面!B$10&封面!D$10 -> 产权持有单位填表人：杨庆华
A29: =封面!B$12&封面!D$12&封面!E$12&封面!F$12&封面!G$12&封面!H$12&封面!I$12 -> 填表日期：2019年1月24日 | I29: ="评估人员："&封面!$P$18 -> 评估人员：

Sheet 3-3应收票据
A1: 应收票据评估明细表
A2: ='1-汇总表'!A2:F2 -> 评估基准日：2018年12月31日
A4: ='1-汇总表'!A4 -> 产权持有人名称：阳煤集团青岛恒源化工有限公司
A5: 序号 | B5: 户名（结算对象） | C5: 出票日期 | D5: 到期日期 | E5: 票面利率% | F5: 账面价值 | G5: 评估价值 | H5: 增减值 | I5: 增值率% | J5: 备注
G6: =F6 -> 0 | H6: =G6-F6 -> 0 | I6: =IF(F6<>0,ROUND(100*H6/ABS(F6),2),0) -> 0
G7: =F7 -> 0 | H7: =G7-F7 -> 0 | I7: =IF(F7<>0,ROUND(100*H7/ABS(F7),2),0) -> 0
G8: =F8 -> 0 | H8: =G8-F8 -> 0 | I8: =IF(F8<>0,ROUND(100*H8/ABS(F8),2),0) -> 0
G9: =F9 -> 0 | H9: =G9-F9 -> 0 | I9: =IF(F9<>0,ROUND(100*H9/ABS(F9),2),0) -> 0
G10: =F10 -> 0 | H10: =G10-F10 -> 0 | I10: =IF(F10<>0,ROUND(100*H10/ABS(F10),2),0) -> 0
G11: =F11 -> 0 | H11: =G11-F11 -> 0 | I11: =IF(F11<>0,ROUND(100*H11/ABS(F11),2),0) -> 0
G12: =F12 -> 0 | H12: =G12-F12 -> 0 | I12: =IF(F12<>0,ROUND(100*H12/ABS(F12),2),0) -> 0
G13: =F13 -> 0 | H13: =G13-F13 -> 0 | I13: =IF(F13<>0,ROUND(100*H13/ABS(F13),2),0) -> 0
G14: =F14 -> 0 | H14: =G14-F14 -> 0 | I14: =IF(F14<>0,ROUND(100*H14/ABS(F14),2),0) -> 0
G15: =F15 -> 0 | H15: =G15-F15 -> 0 | I15: =IF(F15<>0,ROUND(100*H15/ABS(F15),2),0) -> 0
G16: =F16 -> 0 | H16: =G16-F16 -> 0 | I16: =IF(F16<>0,ROUND(100*H16/ABS(F16),2),0) -> 0
G17: =F17 -> 0 | H17: =G17-F17 -> 0 | I17: =IF(F17<>0,ROUND(100*H17/ABS(F17),2),0) -> 0
G18: =F18 -> 0 | H18: =G18-F18 -> 0 | I18: =IF(F18<>0,ROUND(100*H18/ABS(F18),2),0) -> 0
A26: 小 计 | F26: =SUM(F6:F25) -> 0 | G26: =SUM(G6:G25) -> 0 | H26: =G26-F26 -> 0 | I26: =IF(F26<>0,ROUND(100*H26/ABS(F26),2),0) -> 0
A27: 减：应收票据坏账准备
A28: 合 计 | F28: =F26-ABS(F27) -> 0 | G28: =G26-ABS(G27) -> 0 | H28: =G28-F28 -> 0 | I28: =IF(F28<>0,ROUND(100*H28/ABS(F28),2),0) -> 0
A29: =封面!B$10&封面!D$10 -> 产权持有单位填表人：杨庆华
A30: =封面!B$12&封面!D$12&封面!E$12&封面!F$12&封面!G$12&封面!H$12&封面!I$12 -> 填表日期：2019年1月24日 | G30: ="评估人员："&封面!$P$18 -> 评估人员：

Sheet 3-4应收账款
A1: 应收账款评估明细表
A2: ='1-汇总表'!A2:F2 -> 评估基准日：2018年12月31日
A4: ='1-汇总表'!A4 -> 产权持有人名称：阳煤集团青岛恒源化工有限公司
A5: 序号 | B5: 欠款单位名称（结算对象） | C5: 业务内容 | D5: 发生日期 | E5: 账面价值 | J5: 计提坏账准备 | M5: 评估价值 | N5: 增减值 | O5: 增值率% | P5: 备注
E6: 1年以内 | F6: 1年-2年 | G6: 2年-3年 | H6: 3年以上 | I6: 小计 | J6: 账龄计提 | K6: 个别计提 | L6: 合计 | M6: =#REF! -> #REF! | N6: =M6-#REF! -> #REF! | O6: =IF(#REF!<>0,ROUND(100*N6/ABS(#REF!),2),0) -> #REF!
I7: =SUM(E7:H7) -> 0 | L7: =SUM(J7:K7) -> 0 | M7: =I7-L7 -> 0 | N7: =M7-I7 -> 0 | O7: =IF(I7<>0,ROUND(100*N7/ABS(I7),2),0) -> 0
I8: =SUM(E8:H8) -> 0 | L8: =SUM(J8:K8) -> 0 | M8: =I8-L8 -> 0 | N8: =M8-I8 -> 0 | O8: =IF(I8<>0,ROUND(100*N8/ABS(I8),2),0) -> 0
I9: =SUM(E9:H9) -> 0 | L9: =SUM(J9:K9) -> 0 | M9: =I9-L9 -> 0 | N9: =M9-I9 -> 0 | O9: =IF(I9<>0,ROUND(100*N9/ABS(I9),2),0) -> 0
I10: =SUM(E10:H10) -> 0 | L10: =SUM(J10:K10) -> 0 | M10: =I10-L10 -> 0 | N10: =M10-I10 -> 0 | O10: =IF(I10<>0,ROUND(100*N10/ABS(I10),2),0) -> 0
I11: =SUM(E11:H11) -> 0 | L11: =SUM(J11:K11) -> 0 | M11: =I11-L11 -> 0 | N11: =M11-I11 -> 0 | O11: =IF(I11<>0,ROUND(100*N11/ABS(I11),2),0) -> 0
I12: =SUM(E12:H12) -> 0 | L12: =SUM(J12:K12) -> 0 | M12: =I12-L12 -> 0 | N12: =M12-I12 -> 0 | O12: =IF(I12<>0,ROUND(100*N12/ABS(I12),2),0) -> 0
I13: =SUM(E13:H13) -> 0 | L13: =SUM(J13:K13) -> 0 | M13: =I13-L13 -> 0 | N13: =M13-I13 -> 0 | O13: =IF(I13<>0,ROUND(100*N13/ABS(I13),2),0) -> 0
I14: =SUM(E14:H14) -> 0 | L14: =SUM(J14:K14) -> 0 | M14: =I14-L14 -> 0 | N14: =M14-I14 -> 0 | O14: =IF(I14<>0,ROUND(100*N14/ABS(I14),2),0) -> 0
I15: =SUM(E15:H15) -> 0 | L15: =SUM(J15:K15) -> 0 | M15: =I15-L15 -> 0 | N15: =M15-I15 -> 0 | O15: =IF(I15<>0,ROUND(100*N15/ABS(I15),2),0) -> 0
I16: =SUM(E16:H16) -> 0 | L16: =SUM(J16:K16) -> 0 | M16: =I16-L16 -> 0 | N16: =M16-I16 -> 0 | O16: =IF(I16<>0,ROUND(100*N16/ABS(I16),2),0) -> 0
I17: =SUM(E17:H17) -> 0 | L17: =SUM(J17:K17) -> 0 | M17: =I17-L17 -> 0 | N17: =M17-I17 -> 0 | O17: =IF(I17<>0,ROUND(100*N17/ABS(I17),2),0) -> 0
I18: =SUM(E18:H18) -> 0 | L18: =SUM(J18:K18) -> 0 | M18: =I18-L18 -> 0 | N18: =M18-I18 -> 0 | O18: =IF(I18<>0,ROUND(100*N18/ABS(I18),2),0) -> 0
... I24: =SUM(E24:H24) -> 0 | L24: =SUM(J24:K24) -> 0 | M24: =I24-L24 -> 0 | N24: =M24-I24 -> 0 | O24: =IF(I24<>0,ROUND(100*N24/ABS(I24),2),0) -> 0
A25: 小 计 | E25: =SUM(E7:E24) -> 0 | F25: =SUM(F7:F24) -> 0 | G25: =SUM(G7:G24) -> 0 | H25: =SUM(H7:H24) -> 0 | I25: =SUM(I7:I24) -> 0 | J25: =SUM(J7:J24) -> 0 | K25: =SUM(K7:K24) -> 0 | L25: =SUM(L7:L24) -> 0 | M25: =SUM(M7:M24) -> 0 | N25: =M25-I25 -> 0 | O25: =IF(I25<>0,ROUND(100*N25/ABS(I25),2),0) -> 0
A26: 减：应收账款坏账准备 | I26: =L25 -> 0 | O26: =IF(I26<>0,ROUND(100*N26/ABS(I26),2),0) -> 0
A27: 合 计 | E27: =E25-ABS(E26) -> 0 | F27: =F25-ABS(F26) -> 0 | G27: =G25-ABS(G26) -> 0 | H27: =H25-ABS(H26) -> 0 | I27: =I25-ABS(I26) -> 0 | M27: =M25-ABS(M26) -> 0 | N27: =M27-I27 -> 0 | O27: =IF(I27<>0,ROUND(100*N27/ABS(I27),2),0) -> 0
A28: =封面!B$10&封面!D$10 -> 产权持有单位填表人：杨庆华
A29: =封面!B$12&封面!D$12&封面!E$12&封面!F$12&封面!G$12&封面!H$12&封面!I$12 -> 填表日期：2019年1月24日 | M29: ="评估人员："&封面!$P$18 -> 评估人员：

Sheet 3-5预付账款
A1: 预付账款评估明细表
A2: ='1-汇总表'!A2:F2 -> 评估基准日：2018年12月31日
A4: ='1-汇总表'!A4 -> 产权持有人名称：阳煤集团青岛恒源化工有限公司
A5: 序号 | B5: 收款单位名称（结算对象） | C5: 业务内容 | D5: 发生日期 | E5: 账龄 | F5: 账面价值 | G5: 评估价值 | H5: 增减值 | I5: 增值率% | J5: 备注
G6: =F6 -> 0 | H6: =G6-F6 -> 0 | I6: =IF(F6<>0,ROUND(100*H6/ABS(F6),2),0) -> 0
G7: =F7 -> 0 | H7: =G7-F7 -> 0 | I7: =IF(F7<>0,ROUND(100*H7/ABS(F7),2),0) -> 0
G8: =F8 -> 0 | H8: =G8-F8 -> 0 | I8: =IF(F8<>0,ROUND(100*H8/ABS(F8),2),0) -> 0
G9: =F9 -> 0 | H9: =G9-F9 -> 0 | I9: =IF(F9<>0,ROUND(100*H9/ABS(F9),2),0) -> 0
G10: =F10 -> 0 | H10: =G10-F10 -> 0 | I10: =IF(F10<>0,ROUND(100*H10/ABS(F10),2),0) -> 0
G11: =F11 -> 0 | H11: =G11-F11 -> 0 | I11: =IF(F11<>0,ROUND(100*H11/ABS(F11),2),0) -> 0
G12: =F12 -> 0 | H12: =G12-F12 -> 0 | I12: =IF(F12<>0,ROUND(100*H12/ABS(F12),2),0) -> 0
G13: =F13 -> 0 | H13: =G13-F13 -> 0 | I13: =IF(F13<>0,ROUND(100*H13/ABS(F13),2),0) -> 0
G14: =F14 -> 0 | H14: =G14-F14 -> 0 | I14: =IF(F14<>0,ROUND(100*H14/ABS(F14),2),0) -> 0
G15: =F15 -> 0 | H15: =G15-F15 -> 0 | I15: =IF(F15<>0,ROUND(100*H15/ABS(F15),2),0) -> 0
G16: =F16 -> 0 | H16: =G16-F16 -> 0 | I16: =IF(F16<>0,ROUND(100*H16/ABS(F16),2),0) -> 0
G17: =F17 -> 0 | H17: =G17-F17 -> 0 | I17: =IF(F17<>0,ROUND(100*H17/ABS(F17),2),0) -> 0
... G24: =F24 -> 0 | H24: =G24-F24 -> 0 | I24: =IF(F24<>0,ROUND(100*H24/ABS(F24),2),0) -> 0
A25: 小 计 | F25: =SUM(F6:F24) -> 0 | G25: =SUM(G6:G24) -> 0 | H25: =G25-F25 -> 0 | I25: =IF(F25<>0,ROUND(100*H25/ABS(F25),2),0) -> 0
A26: 减：预付账款坏账准备
A27: 合 计 | F27: =F25-ABS(F26) -> 0 | G27: =G25-ABS(G26) -> 0 | H27: =G27-F27 -> 0 | I27: =IF(F27<>0,ROUND(100*H27/ABS(F27),2),0) -> 0
A28: =封面!B$10&封面!D$10 -> 产权持有单位填表人：杨庆华
A29: =封面!B$12&封面!D$12&封面!E$12&封面!F$12&封面!G$12&封面!H$12&封面!I$12 -> 填表日期：2019年1月24日 | G29: ="评估人员："&封面!$P$18 -> 评估人员：

Sheet 3-6应收利息
A1: 应收利息评估明细表
A2: ='1-汇总表'!A2:F2 -> 评估基准日：2018年12月31日
A4: ='1-汇总表'!A4 -> 产权持有人名称：阳煤集团青岛恒源化工有限公司
A5: 序号 | B5: 欠款单位名称（结算对象） | C5: 发生日期 | D5: 本金 | E5: 利息所属期间 | F5: 利息率% | G5: 账面价值 | H5: 评估价值 | I5: 增减值 | J5: 增值率% | K5: 备注
H6: =G6 -> 0 | I6: =H6-G6 -> 0 | J6: =IF(G6<>0,ROUND(100*I6/ABS(G6),2),0) -> 0
H7: =G7 -> 0 | I7: =H7-G7 -> 0 | J7: =IF(G7<>0,ROUND(100*I7/ABS(G7),2),0) -> 0
H8: =G8 -> 0 | I8: =H8-G8 -> 0 | J8: =IF(G8<>0,ROUND(100*I8/ABS(G8),2),0) -> 0
A28: 合 计 | G28: =SUM(G6:G27) -> 0 | H28: =SUM(H6:H27) -> 0 | I28: =H28-G28 -> 0 | J28: =IF(G28<>0,ROUND(100*I28/ABS(G28),2),0) -> 0
A29: =封面!B$10&封面!D$10 -> 产权持有单位填表人：杨庆华
A30: =封面!B$12&封面!D$12&封面!E$12&封面!F$12&封面!G$12&封面!H$12&封面!I$12 -> 填表日期：2019年1月24日 | H30: ="评估人员："&封面!$P$18 -> 评估人员：

Sheet 3-7应收股利
A1: 应收股利（应收利润）评估明细表
A2: ='1-汇总表'!A2:F2 -> 评估基准日：2018年12月31日
A4: ='1-汇总表'!A4 -> 产权持有人名称：阳煤集团青岛恒源化工有限公司
A5: 序号 | B5: 户名（结算对象） | C5: 发生日期 | D5: 股利（利润）所属期间 | E5: 账面价值 | F5: 评估价值 | G5: 增减值 | H5: 增值率% | I5: 备注
F6: =E6 -> 0 | G6: =F6-E6 -> 0 | H6: =IF(E6<>0,ROUND(100*G6/ABS(E6),2),0) -> 0
F7: =E7 -> 0 | G7: =F7-E7 -> 0 | H7: =IF(E7<>0,ROUND(100*G7/ABS(E7),2),0) -> 0
F8: =E8 -> 0 | G8: =F8-E8 -> 0 | H8: =IF(E8<>0,ROUND(100*G8/ABS(E8),2),0) -> 0
A28: 合 计 | E28: =SUM(E6:E27) -> 0 | F28: =SUM(F6:F27) -> 0 | G28: =F28-E28 -> 0 | H28: =IF(E28<>0,ROUND(100*G28/ABS(E28),2),0) -> 0
A29: =封面!B$10&封面!D$10 -> 产权持有单位填表人：杨庆华
A30: =封面!B$12&封面!D$12&封面!E$12&封面!F$12&封面!G$12&封面!H$12&封面!I$12 -> 填表日期：2019年1月24日 | F30: ="评估人员："&封面!$P$18 -> 评估人员：

Sheet 3-8其他应收款
A1: 其他应收款评估明细表
A2: ='1-汇总表'!A2:F2 -> 评估基准日：2018年12月31日
A4: ='1-汇总表'!A4 -> 产权持有人名称：阳煤集团青岛恒源化工有限公司
A5: 序号 | B5: 欠款单位名称（结算对象） | C5: 业务内容 | D5: 发生日期 | E5: 账面价值 | J5: 计提坏账准备 | M5: 评估价值 | N5: 增减值 | O5: 增值率% | P5: 备注
E6: 1年以内 | F6: 1年-2年 | G6: 2年-3年 | H6: 3年以上 | I6: 小计 | J6: 账龄计提 | K6: 个别计提 | L6: 合计 | M6: =#REF! -> #REF! | N6: =M6-#REF! -> #REF! | O6: =IF(#REF!<>0,ROUND(100*N6/ABS(#REF!),2),0) -> #REF!
I7: =SUM(E7:H7) -> 0 | L7: =SUM(J7:K7) -> 0 | M7: =I7-L7 -> 0 | N7: =M7-I7 -> 0 | O7: =IF(I7<>0,ROUND(100*N7/ABS(I7),2),0) -> 0
I8: =SUM(E8:H8) -> 0 | L8: =SUM(J8:K8) -> 0 | M8: =I8-L8 -> 0 | N8: =M8-I8 -> 0 | O8: =IF(I8<>0,ROUND(100*N8/ABS(I8),2),0) -> 0
I9: =SUM(E9:H9) -> 0 | L9: =SUM(J9:K9) -> 0 | M9: =I9-L9 -> 0 | N9: =M9-I9 -> 0 | O9: =IF(I9<>0,ROUND(100*N9/ABS(I9),2),0) -> 0
I10: =SUM(E10:H10) -> 0 | L10: =SUM(J10:K10) -> 0 | M10: =I10-L10 -> 0 | N10: =M10-I10 -> 0 | O10: =IF(I10<>0,ROUND(100*N10/ABS(I10),2),0) -> 0
I11: =SUM(E11:H11) -> 0 | L11: =SUM(J11:K11) -> 0 | M11: =I11-L11 -> 0 | N11: =M11-I11 -> 0 | O11: =IF(I11<>0,ROUND(100*N11/ABS(I11),2),0) -> 0
I12: =SUM(E12:H12) -> 0 | L12: =SUM(J12:K12) -> 0 | M12: =I12-L12 -> 0 | N12: =M12-I12 -> 0 | O12: =IF(I12<>0,ROUND(100*N12/ABS(I12),2),0) -> 0
I13: =SUM(E13:H13) -> 0 | L13: =SUM(J13:K13) -> 0 | M13: =I13-L13 -> 0 | N13: =M13-I13 -> 0 | O13: =IF(I13<>0,ROUND(100*N13/ABS(I13),2),0) -> 0
I14: =SUM(E14:H14) -> 0 | L14: =SUM(J14:K14) -> 0 | M14: =I14-L14 -> 0 | N14: =M14-I14 -> 0 | O14: =IF(I14<>0,ROUND(100*N14/ABS(I14),2),0) -> 0
I15: =SUM(E15:H15) -> 0 | L15: =SUM(J15:K15) -> 0 | M15: =I15-L15 -> 0 | N15: =M15-I15 -> 0 | O15: =IF(I15<>0,ROUND(100*N15/ABS(I15),2),0) -> 0
I16: =SUM(E16:H16) -> 0 | L16: =SUM(J16:K16) -> 0 | M16: =I16-L16 -> 0 | N16: =M16-I16 -> 0 | O16: =IF(I16<>0,ROUND(100*N16/ABS(I16),2),0) -> 0
I17: =SUM(E17:H17) -> 0 | L17: =SUM(J17:K17) -> 0 | M17: =I17-L17 -> 0 | N17: =M17-I17 -> 0 | O17: =IF(I17<>0,ROUND(100*N17/ABS(I17),2),0) -> 0
I18: =SUM(E18:H18) -> 0 | L18: =SUM(J18:K18) -> 0 | M18: =I18-L18 -> 0 | N18: =M18-I18 -> 0 | O18: =IF(I18<>0,ROUND(100*N18/ABS(I18),2),0) -> 0
... I23: =SUM(E23:H23) -> 0 | L23: =SUM(J23:K23) -> 0 | M23: =I23-L23 -> 0 | N23: =M23-I23 -> 0 | O23: =IF(I23<>0,ROUND(100*N23/ABS(I23),2),0) -> 0
A24: 合 计 | E24: =SUM(E7:E23) -> 0 | F24: =SUM(F7:F23) -> 0 | G24: =SUM(G7:G23) -> 0 | H24: =SUM(H7:H23) -> 0 | I24: =SUM(I7:I23) -> 0 | J24: =SUM(J7:J23) -> 0 | K24: =SUM(K7:K23) -> 0 | L24: =SUM(L7:L23) -> 0 | M24: =SUM(M7:M23) -> 0 | N24: =M24-I24 -> 0 | O24: =IF(I24<>0,ROUND(100*N24/ABS(I24),2),0) -> 0
A25: 减：其他应收款坏账准备 | I25: =L24 -> 0 | O25: =IF(I25<>0,ROUND(100*N25/ABS(I25),2),0) -> 0
A26: 净 额 | E26: =E24-ABS(E25) -> 0 | F26: =F24-ABS(F25) -> 0 | G26: =G24-ABS(G25) -> 0 | H26: =H24-ABS(H25) -> 0 | I26: =I24-ABS(I25) -> 0 | M26: =M24-ABS(M25) -> 0 | N26: =M26-I26 -> 0 | O26: =IF(I26<>0,ROUND(100*N26/ABS(I26),2),0) -> 0
A27: =封面!B$10&封面!D$10 -> 产权持有单位填表人：杨庆华
A28: =封面!B$12&封面!D$12&封面!E$12&封面!F$12&封面!G$12&封面!H$12&封面!I$12 -> 填表日期：2019年1月24日 | G28: ="评估人员："&封面!$P$18 -> 评估人员：

Sheet 3-9-1材料采购（在途物资）
A1: 存货—材料采购（在途物资）评估明细表
A2: ='1-汇总表'!A2:F2 -> 评估基准日：2018年12月31日
A4: ='1-汇总表'!A4 -> 产权持有人名称：阳煤集团青岛恒源化工有限公司
A5: 序号 | B5: 名称及规格型号 | C5: 计量单位 | D5: 账面价值 | G5: 评估价值 | J5: 增减值 | K5: 增值率% | L5: 备注
D6: 数量 | E6: 单价 | F6: 金额 | G6: 实际数量 | H6: 评估单价 | I6: 金额
G7: =D7 -> 0 | I7: =ROUND(H7*G7,2) -> 0 | J7: =I7-F7 -> 0 | K7: =IF(OR(F7=0,F7=""),"",ROUND(J7/F7*100,2))
G8: =D8 -> 0 | I8: =ROUND(H8*G8,2) -> 0 | J8: =I8-F8 -> 0 | K8: =IF(OR(F8=0,F8=""),"",ROUND(J8/F8*100,2))
G9: =D9 -> 0 | I9: =ROUND(H9*G9,2) -> 0 | J9: =I9-F9 -> 0 | K9: =IF(OR(F9=0,F9=""),"",ROUND(J9/F9*100,2))
G10: =D10 -> 0 | I10: =ROUND(H10*G10,2) -> 0 | J10: =I10-F10 -> 0 | K10: =IF(OR(F10=0,F10=""),"",ROUND(J10/F10*100,2))
G11: =D11 -> 0 | I11: =ROUND(H11*G11,2) -> 0 | J11: =I11-F11 -> 0 | K11: =IF(OR(F11=0,F11=""),"",ROUND(J11/F11*100,2))
G12: =D12 -> 0 | I12: =ROUND(H12*G12,2) -> 0 | J12: =I12-F12 -> 0 | K12: =IF(OR(F12=0,F12=""),"",ROUND(J12/F12*100,2))
G13: =D13 -> 0 | I13: =ROUND(H13*G13,2) -> 0 | J13: =I13-F13 -> 0 | K13: =IF(OR(F13=0,F13=""),"",ROUND(J13/F13*100,2))
G14: =D14 -> 0 | I14: =ROUND(H14*G14,2) -> 0 | J14: =I14-F14 -> 0 | K14: =IF(OR(F14=0,F14=""),"",ROUND(J14/F14*100,2))
G15: =D15 -> 0 | I15: =ROUND(H15*G15,2) -> 0 | J15: =I15-F15 -> 0 | K15: =IF(OR(F15=0,F15=""),"",ROUND(J15/F15*100,2))
G16: =D16 -> 0 | I16: =ROUND(H16*G16,2) -> 0 | J16: =I16-F16 -> 0 | K16: =IF(OR(F16=0,F16=""),"",ROUND(J16/F16*100,2))
G17: =D17 -> 0 | I17: =F17 -> 0 | J17: =I17-F17 -> 0 | K17: =IF(OR(F17=0,F17=""),"",ROUND(J17/F17*100,2))
G18: =D18 -> 0 | I18: =F18 -> 0 | J18: =I18-F18 -> 0
G19: =D19 -> 0 | I19: =ROUND(H19*G19,2) -> 0 | J19: =I19-F19 -> 0 | K19: =IF(OR(F19=0,F19=""),"",ROUND(J19/F19*100,2))
G20: =D20 -> 0 | I20: =ROUND(H20*G20,2) -> 0 | J20: =I20-F20 -> 0 | K20: =IF(OR(F20=0,F20=""),"",ROUND(J20/F20*100,2))
G21: =D21 -> 0 | I21: =ROUND(H21*G21,2) -> 0 | J21: =I21-F21 -> 0 | K21: =IF(OR(F21=0,F21=""),"",ROUND(J21/F21*100,2))
G22: =D22 -> 0 | I22: =ROUND(H22*G22,2) -> 0 | J22: =I22-F22 -> 0 | K22: =IF(OR(F22=0,F22=""),"",ROUND(J22/F22*100,2))
G23: =D23 -> 0 | I23: =ROUND(H23*G23,2) -> 0 | J23: =I23-F23 -> 0 | K23: =IF(OR(F23=0,F23=""),"",ROUND(J23/F23*100,2))
G24: =D24 -> 0 | I24: =ROUND(H24*G24,2) -> 0 | J24: =I24-F24 -> 0 | K24: =IF(OR(F24=0,F24=""),"",ROUND(J24/F24*100,2))
A28: 合 计 | F28: =SUM(F7:F27) -> 0 | I28: =SUM(I7:I27) -> 0 | J28: =I28-F28 -> 0 | K28: =IF(OR(F28=0,F28=""),"",ROUND(J28/F28*100,2))
A29: =封面!B$10&封面!D$10 -> 产权持有单位填表人：杨庆华
A30: =封面!B$12&封面!D$12&封面!E$12&封面!F$12&封面!G$12&封面!H$12&封面!I$12 -> 填表日期：2019年1月24日 | I30: ="评估人员："&封面!$P$20 -> 评估人员：巨芳

Sheet 3-9-3在库周转材料
A1: 存货—在库周转材料评估明细表
A2: ='1-汇总表'!A2:F2 -> 评估基准日：2018年12月31日
A4: ='1-汇总表'!A4 -> 产权持有人名称：阳煤集团青岛恒源化工有限公司
A5: 序号 | B5: 名称及规格型号 | C5: 计量单位 | D5: 存放地点 | E5: 账面价值 | H5: 评估价值 | K5: 增减值 | L5: 增值率% | M5: 备注
E6: 数量 | F6: 单价 | G6: 金额 | H6: 实际数量 | I6: 评估单价 | J6: 金额
H7: =E7 -> 0 | J7: =ROUND(I7*H7,2) -> 0 | K7: =J7-G7 -> 0 | L7: =IF(OR(G7=0,G7=""),"",ROUND(K7/G7*100,2))
H8: =E8 -> 0 | J8: =ROUND(I8*H8,2) -> 0 | K8: =J8-G8 -> 0 | L8: =IF(OR(G8=0,G8=""),"",ROUND(K8/G8*100,2))
H9: =E9 -> 0 | J9: =ROUND(I9*H9,2) -> 0 | K9: =J9-G9 -> 0 | L9: =IF(OR(G9=0,G9=""),"",ROUND(K9/G9*100,2))
H10: =E10 -> 0 | J10: =ROUND(I10*H10,2) -> 0 | K10: =J10-G10 -> 0 | L10: =IF(OR(G10=0,G10=""),"",ROUND(K10/G10*100,2))
H11: =E11 -> 0 | J11: =ROUND(I11*H11,2) -> 0 | K11: =J11-G11 -> 0 | L11: =IF(OR(G11=0,G11=""),"",ROUND(K11/G11*100,2))
H12: =E12 -> 0 | J12: =ROUND(I12*H12,2) -> 0 | K12: =J12-G12 -> 0 | L12: =IF(OR(G12=0,G12=""),"",ROUND(K12/G12*100,2))
H13: =E13 -> 0 | J13: =ROUND(I13*H13,2) -> 0 | K13: =J13-G13 -> 0 | L13: =IF(OR(G13=0,G13=""),"",ROUND(K13/G13*100,2))
H14: =E14 -> 0 | J14: =ROUND(I14*H14,2) -> 0 | K14: =J14-G14 -> 0 | L14: =IF(OR(G14=0,G14=""),"",ROUND(K14/G14*100,2))
H15: =E15 -> 0 | J15: =ROUND(I15*H15,2) -> 0 | K15: =J15-G15 -> 0 | L15: =IF(OR(G15=0,G15=""),"",ROUND(K15/G15*100,2))
H16: =E16 -> 0 | J16: =ROUND(I16*H16,2) -> 0 | K16: =J16-G16 -> 0
H17: =E17 -> 0 | J17: =ROUND(I17*H17,2) -> 0 | K17: =J17-G17 -> 0 | L17: =IF(OR(G17=0,G17=""),"",ROUND(K17/G17*100,2))
H18: =E18 -> 0 | J18: =ROUND(I18*H18,2) -> 0 | K18: =J18-G18 -> 0 | L18: =IF(OR(G18=0,G18=""),"",ROUND(K18/G18*100,2))
H19: =E19 -> 0 | J19: =ROUND(I19*H19,2) -> 0 | K19: =J19-G19 -> 0 | L19: =IF(OR(G19=0,G19=""),"",ROUND(K19/G19*100,2))
H20: =E20 -> 0 | J20: =ROUND(I20*H20,2) -> 0 | K20: =J20-G20 -> 0 | L20: =IF(OR(G20=0,G20=""),"",ROUND(K20/G20*100,2))
H21: =E21 -> 0 | J21: =ROUND(I21*H21,2) -> 0 | K21: =J21-G21 -> 0 | L21: =IF(OR(G21=0,G21=""),"",ROUND(K21/G21*100,2))
H22: =E22 -> 0 | J22: =ROUND(I22*H22,2) -> 0 | K22: =J22-G22 -> 0 | L22: =IF(OR(G22=0,G22=""),"",ROUND(K22/G22*100,2))
H23: =E23 -> 0 | J23: =ROUND(I23*H23,2) -> 0 | K23: =J23-G23 -> 0 | L23: =IF(OR(G23=0,G23=""),"",ROUND(K23/G23*100,2))
H24: =E24 -> 0 | J24: =ROUND(I24*H24,2) -> 0 | K24: =J24-G24 -> 0 | L24: =IF(OR(G24=0,G24=""),"",ROUND(K24/G24*100,2))
A28: 合计 | G28: =SUM(G7:G27) -> 0 | J28: =SUM(J7:J27) -> 0 | K28: =J28-G28 -> 0 | L28: =IF(OR(G28=0,G28=""),"",ROUND(K28/G28*100,2))
A29: =封面!B$10&封面!D$10 -> 产权持有单位填表人：杨庆华
A30: =封面!B$12&封面!D$12&封面!E$12&封面!F$12&封面!G$12&封面!H$12&封面!I$12 -> 填表日期：2019年1月24日 | J30: ="评估人员："&封面!$P$20 -> 评估人员：巨芳

Sheet 3-9-4委托加工物资
A1: 存货—委托加工物资评估明细表
A2: ='1-汇总表'!A2:F2 -> 评估基准日：2018年12月31日
A4: ='1-汇总表'!A4 -> 产权持有人名称：阳煤集团青岛恒源化工有限公司
A5: 序号 | B5: 名称及规格型号 | C5: 加工单位名称 | D5: 计量单位 | E5: 账面价值 | H5: 评估价值 | K5: 增减值 | L5: 增值率% | M5: 备注
E6: 数量 | F6: 单价 | G6: 金额 | H6: 实际数量 | I6: 评估单价 | J6: 金额
H7: =E7 -> 0 | J7: =ROUND(I7*H7,2) -> 0 | K7: =J7-G7 -> 0 | L7: =IF(OR(G7=0,G7=""),"",ROUND(K7/G7*100,2))
H8: =E8 -> 0 | J8: =ROUND(I8*H8,2) -> 0 | K8: =J8-G8 -> 0 | L8: =IF(OR(G8=0,G8=""),"",ROUND(K8/G8*100,2))
H9: =E9 -> 0 | J9: =ROUND(I9*H9,2) -> 0 | K9: =J9-G9 -> 0 | L9: =IF(OR(G9=0,G9=""),"",ROUND(K9/G9*100,2))
H10: =E10 -> 0 | J10: =ROUND(I10*H10,2) -> 0 | K10: =J10-G10 -> 0 | L10: =IF(OR(G10=0,G10=""),"",ROUND(K10/G10*100,2))
H11: =E11 -> 0 | J11: =ROUND(I11*H11,2) -> 0 | K11: =J11-G11 -> 0 | L11: =IF(OR(G11=0,G11=""),"",ROUND(K11/G11*100,2))
H12: =E12 -> 0 | J12: =ROUND(I12*H12,2) -> 0 | K12: =J12-G12 -> 0 | L12: =IF(OR(G12=0,G12=""),"",ROUND(K12/G12*100,2))
H13: =E13 -> 0 | J13: =ROUND(I13*H13,2) -> 0 | K13: =J13-G13 -> 0 | L13: =IF(OR(G13=0,G13=""),"",ROUND(K13/G13*100,2))
H14: =E14 -> 0 | J14: =ROUND(I14*H14,2) -> 0 | K14: =J14-G14 -> 0 | L14: =IF(OR(G14=0,G14=""),"",ROUND(K14/G14*100,2))
H15: =E15 -> 0 | J15: =ROUND(I15*H15,2) -> 0 | K15: =J15-G15 -> 0 | L15: =IF(OR(G15=0,G15=""),"",ROUND(K15/G15*100,2))
H16: =E16 -> 0 | J16: =ROUND(I16*H16,2) -> 0 | K16: =J16-G16 -> 0 | L16: =IF(OR(G16=0,G16=""),"",ROUND(K16/G16*100,2))
H17: =E17 -> 0 | J17: =ROUND(I17*H17,2) -> 0 | K17: =J17-G17 -> 0 | L17: =IF(OR(G17=0,G17=""),"",ROUND(K17/G17*100,2))
H18: =E18 -> 0 | J18: =ROUND(I18*H18,2) -> 0 | K18: =J18-G18 -> 0 | L18: =IF(OR(G18=0,G18=""),"",ROUND(K18/G18*100,2))
... H25: =E25 -> 0 | J25: =ROUND(I25*H25,2) -> 0 | K25: =J25-G25 -> 0 | L25: =IF(OR(G25=0,G25=""),"",ROUND(K25/G25*100,2))
A28: 合 计 | G28: =SUM(G7:G27) -> 0 | J28: =SUM(J7:J27) -> 0 | K28: =J28-G28 -> 0 | L28: =IF(OR(G28=0,G28=""),"",ROUND(K28/G28*100,2))
A29: =封面!B$10&封面!D$10 -> 产权持有单位填表人：杨庆华
A30: =封面!B$12&封面!D$12&封面!E$12&封面!F$12&封面!G$12&封面!H$12&封面!I$12 -> 填表日期：2019年1月24日 | J30: ="评估人员："&封面!$P$20 -> 评估人员：巨芳

Sheet 3-9-6在产品（自制半成品）
A1: 存货—在产品（自制半成品）评估明细表
A2: ='1-汇总表'!A2:F2 -> 评估基准日：2018年12月31日
A4: ='1-汇总表'!A4 -> 产权持有人名称：阳煤集团青岛恒源化工有限公司
A5: 序号 | B5: 名称及规格型号 | C5: 计量单位 | D5: 账面价值 | G5: 评估价值 | J5: 增减值 | K5: 增值率% | L5: 备注
D6: 数量 | E6: 单价 | F6: 金额 | G6: 实际数量 | H6: 评估单价 | I6: 金额
G7: =D7 -> 0 | I7: =ROUND(H7*G7,2) -> 0 | J7: =I7-F7 -> 0 | K7: =IF(OR(F7=0,F7=""),"",ROUND(J7/F7*100,2))
G8: =D8 -> 0 | I8: =ROUND(H8*G8,2) -> 0 | J8: =I8-F8 -> 0 | K8: =IF(OR(F8=0,F8=""),"",ROUND(J8/F8*100,2))
G9: =D9 -> 0 | I9: =ROUND(H9*G9,2) -> 0 | J9: =I9-F9 -> 0 | K9: =IF(OR(F9=0,F9=""),"",ROUND(J9/F9*100,2))
G10: =D10 -> 0 | I10: =ROUND(H10*G10,2) -> 0 | J10: =I10-F10 -> 0 | K10: =IF(OR(F10=0,F10=""),"",ROUND(J10/F10*100,2))
G11: =D11 -> 0 | I11: =ROUND(H11*G11,2) -> 0 | J11: =I11-F11 -> 0 | K11: =IF(OR(F11=0,F11=""),"",ROUND(J11/F11*100,2))
G12: =D12 -> 0 | I12: =ROUND(H12*G12,2) -> 0 | J12: =I12-F12 -> 0 | K12: =IF(OR(F12=0,F12=""),"",ROUND(J12/F12*100,2))
G13: =D13 -> 0 | I13: =ROUND(H13*G13,2) -> 0 | J13: =I13-F13 -> 0 | K13: =IF(OR(F13=0,F13=""),"",ROUND(J13/F13*100,2))
G14: =D14 -> 0 | I14: =ROUND(H14*G14,2) -> 0 | J14: =I14-F14 -> 0 | K14: =IF(OR(F14=0,F14=""),"",ROUND(J14/F14*100,2))
G15: =D15 -> 0 | I15: =ROUND(H15*G15,2) -> 0 | J15: =I15-F15 -> 0 | K15: =IF(OR(F15=0,F15=""),"",ROUND(J15/F15*100,2))
G16: =D16 -> 0 | I16: =ROUND(H16*G16,2) -> 0 | J16: =I16-F16 -> 0 | K16: =IF(OR(F16=0,F16=""),"",ROUND(J16/F16*100,2))
G17: =D17 -> 0 | I17: =ROUND(H17*G17,2) -> 0 | J17: =I17-F17 -> 0 | K17: =IF(OR(F17=0,F17=""),"",ROUND(J17/F17*100,2))
G18: =D18 -> 0 | I18: =ROUND(H18*G18,2) -> 0 | J18: =I18-F18 -> 0 | K18: =IF(OR(F18=0,F18=""),"",ROUND(J18/F18*100,2))
... G23: =D23 -> 0 | I23: =ROUND(H23*G23,2) -> 0 | J23: =I23-F23 -> 0 | K23: =IF(OR(F23=0,F23=""),"",ROUND(J23/F23*100,2))
A27: 合 计 | F27: =SUM(F7:F26) -> 0 | I27: =SUM(I7:I26) -> 0 | J27: =I27-F27 -> 0 | K27: =IF(OR(F27=0,F27=""),"",ROUND(J27/F27*100,2))
A28: =封面!B$10&封面!D$10 -> 产权持有单位填表人：杨庆华
A29: =封面!B$12&封面!D$12&封面!E$12&封面!F$12&封面!G$12&封面!H$12&封面!I$12 -> 填表日期：2019年1月24日 | I29: ="评估人员："&封面!$P$20 -> 评估人员：巨芳

Sheet 3-9-7发出商品
A1: 存货—发出商品评估明细表
A2: ='1-汇总表'!A2:F2 -> 评估基准日：2018年12月31日
A4: ='1-汇总表'!A4 -> 产权持有人名称：阳煤集团青岛恒源化工有限公司
A5: 序号 | B5: 商品名称 | C5: 对方单位名称 | D5: 计量单位 | E5: 账面价值 | H5: 评估价值 | K5: 增减值 | L5: 增值率% | M5: 备注
E6: 数量 | F6: 单价 | G6: 金额 | H6: 实际数量 | I6: 评估单价 | J6: 金额
H7: =E7 -> 0 | J7: =ROUND(I7*H7,2) -> 0 | K7: =J7-G7 -> 0 | L7: =IF(OR(G7=0,G7=""),"",ROUND(K7/G7*100,2))
H8: =E8 -> 0 | J8: =ROUND(I8*H8,2) -> 0 | K8: =J8-G8 -> 0 | L8: =IF(OR(G8=0,G8=""),"",ROUND(K8/G8*100,2))
H9: =E9 -> 0 | J9: =ROUND(I9*H9,2) -> 0 | K9: =J9-G9 -> 0 | L9: =IF(OR(G9=0,G9=""),"",ROUND(K9/G9*100,2))
H10: =E10 -> 0 | J10: =ROUND(I10*H10,2) -> 0 | K10: =J10-G10 -> 0 | L10: =IF(OR(G10=0,G10=""),"",ROUND(K10/G10*100,2))
H11: =E11 -> 0 | J11: =ROUND(I11*H11,2) -> 0 | K11: =J11-G11 -> 0 | L11: =IF(OR(G11=0,G11=""),"",ROUND(K11/G11*100,2))
H12: =E12 -> 0 | J12: =ROUND(I12*H12,2) -> 0 | K12: =J12-G12 -> 0 | L12: =IF(OR(G12=0,G12=""),"",ROUND(K12/G12*100,2))
H13: =E13 -> 0 | J13: =ROUND(I13*H13,2) -> 0 | K13: =J13-G13 -> 0 | L13: =IF(OR(G13=0,G13=""),"",ROUND(K13/G13*100,2))
H14: =E14 -> 0 | J14: =ROUND(I14*H14,2) -> 0 | K14: =J14-G14 -> 0 | L14: =IF(OR(G14=0,G14=""),"",ROUND(K14/G14*100,2))
H15: =E15 -> 0 | J15: =ROUND(I15*H15,2) -> 0 | K15: =J15-G15 -> 0 | L15: =IF(OR(G15=0,G15=""),"",ROUND(K15/G15*100,2))
H16: =E16 -> 0 | J16: =ROUND(I16*H16,2) -> 0 | K16: =J16-G16 -> 0 | L16: =IF(OR(G16=0,G16=""),"",ROUND(K16/G16*100,2))
H17: =E17 -> 0 | J17: =ROUND(I17*H17,2) -> 0 | K17: =J17-G17 -> 0 | L17: =IF(OR(G17=0,G17=""),"",ROUND(K17/G17*100,2))
H18: =E18 -> 0 | J18: =ROUND(I18*H18,2) -> 0 | K18: =J18-G18 -> 0 | L18: =IF(OR(G18=0,G18=""),"",ROUND(K18/G18*100,2))
... H26: =E26 -> 0 | J26: =ROUND(I26*H26,2) -> 0 | K26: =J26-G26 -> 0 | L26: =IF(OR(G26=0,G26=""),"",ROUND(K26/G26*100,2))
A28: 合 计 | G28: =SUM(G7:G27) -> 0 | J28: =SUM(J7:J27) -> 0 | K28: =J28-G28 -> 0 | L28: =IF(OR(G28=0,G28=""),"",ROUND(K28/G28*100,2))
A29: =封面!B$10&封面!D$10 -> 产权持有单位填表人：杨庆华
A30: =封面!B$12&封面!D$12&封面!E$12&封面!F$12&封面!G$12&封面!H$12&封面!I$12 -> 填表日期：2019年1月24日 | J30: ="评估人员："&封面!$P$20 -> 评估人员：巨芳

Sheet 3-9-8在用周转材料
A1: 存货—在用周转材料评估明细表
A2: ='1-汇总表'!A2:F2 -> 评估基准日：2018年12月31日
A4: ='1-汇总表'!A4 -> 产权持有人名称：阳煤集团青岛恒源化工有限公司
A5: 序号 | B5: 名称及规格型号 | C5: 启用日期 | D5: 原始入账价值 | E5: 账面价值（摊余价值） | G5: 实际数量 | H5: 评估价值 | K5: 增减值 | L5: 增值率% | M5: 备注
E6: 数量 | F6: 金额 | H6: 评估原价 | I6: 成新率% | J6: 金额
G7: =E7 -> 0 | J7: =ROUND(H7*I7*G7/100,0) -> 0 | K7: =J7-F7 -> 0 | L7: =IF(OR(F7=0,F7=""),"",ROUND(K7/F7*100,2))
G8: =E8 -> 0 | J8: =ROUND(H8*I8*G8/100,0) -> 0 | K8: =J8-F8 -> 0 | L8: =IF(OR(F8=0,F8=""),"",ROUND(K8/F8*100,2))
G9: =E9 -> 0 | J9: =ROUND(H9*I9*G9/100,0) -> 0 | K9: =J9-F9 -> 0 | L9: =IF(OR(F9=0,F9=""),"",ROUND(K9/F9*100,2))
G10: =E10 -> 0 | J10: =ROUND(H10*I10*G10/100,0) -> 0 | K10: =J10-F10 -> 0 | L10: =IF(OR(F10=0,F10=""),"",ROUND(K10/F10*100,2))
G11: =E11 -> 0 | J11: =ROUND(H11*I11*G11/100,0) -> 0 | K11: =J11-F11 -> 0 | L11: =IF(OR(F11=0,F11=""),"",ROUND(K11/F11*100,2))
G12: =E12 -> 0 | J12: =ROUND(H12*I12*G12/100,0) -> 0 | K12: =J12-F12 -> 0 | L12: =IF(OR(F12=0,F12=""),"",ROUND(K12/F12*100,2))
G13: =E13 -> 0 | J13: =ROUND(H13*I13/100,2) -> 0 | K13: =J13-F13 -> 0 | L13: =IF(OR(F13=0,F13=""),"",ROUND(K13/F13*100,2))
G14: =E14 -> 0 | J14: =ROUND(H14*I14/100,2) -> 0 | K14: =J14-F14 -> 0 | L14: =IF(OR(F14=0,F14=""),"",ROUND(K14/F14*100,2))
G15: =E15 -> 0 | J15: =ROUND(H15*I15/100,2) -> 0 | K15: =J15-F15 -> 0 | L15: =IF(OR(F15=0,F15=""),"",ROUND(K15/F15*100,2))
G16: =E16 -> 0 | J16: =ROUND(H16*I16/100,2) -> 0 | K16: =J16-F16 -> 0 | L16: =IF(OR(F16=0,F16=""),"",ROUND(K16/F16*100,2))
G17: =E17 -> 0 | J17: =ROUND(H17*I17/100,2) -> 0 | K17: =J17-F17 -> 0 | L17: =IF(OR(F17=0,F17=""),"",ROUND(K17/F17*100,2))
G18: =E18 -> 0 | J18: =ROUND(H18*I18/100,2) -> 0 | K18: =J18-F18 -> 0 | L18: =IF(OR(F18=0,F18=""),"",ROUND(K18/F18*100,2))
G19: =E19 -> 0 | J19: =ROUND(H19*I19/100,2) -> 0 | K19: =J19-F19 -> 0 | L19: =IF(OR(F19=0,F19=""),"",ROUND(K19/F19*100,2))
G20: =E20 -> 0 | J20: =ROUND(H20*I20/100,2) -> 0 | K20: =J20-F20 -> 0 | L20: =IF(OR(F20=0,F20=""),"",ROUND(K20/F20*100,2))
G21: =E21 -> 0 | J21: =ROUND(H21*I21/100,2) -> 0 | K21: =J21-F21 -> 0 | L21: =IF(OR(F21=0,F21=""),"",ROUND(K21/F21*100,2))
G22: =E22 -> 0 | J22: =ROUND(H22*I22/100,2) -> 0 | K22: =J22-F22 -> 0 | L22: =IF(OR(F22=0,F22=""),"",ROUND(K22/F22*100,2))
G23: =E23 -> 0 | J23: =ROUND(H23*I23/100,2) -> 0 | K23: =J23-F23 -> 0 | L23: =IF(OR(F23=0,F23=""),"",ROUND(K23/F23*100,2))
G24: =E24 -> 0 | J24: =ROUND(H24*I24/100,2) -> 0 | K24: =J24-F24 -> 0 | L24: =IF(OR(F24=0,F24=""),"",ROUND(K24/F24*100,2))
G25: =E25 -> 0 | J25: =ROUND(H25*I25/100,2) -> 0 | K25: =J25-F25 -> 0 | L25: =IF(OR(F25=0,F25=""),"",ROUND(K25/F25*100,2))
A27: 合 计 | F27: =SUM(F7:F26) -> 0 | J27: =SUM(J7:J26) -> 0 | K27: =J27-F27 -> 0 | L27: =IF(OR(F27=0,F27=""),"",ROUND(K27/F27*100,2))
A28: =封面!B$10&封面!D$10 -> 产权持有单位填表人：杨庆华
A29: =封面!B$12&封面!D$12&封面!E$12&封面!F$12&封面!G$12&封面!H$12&封面!I$12 -> 填表日期：2019年1月24日 | J29: ="评估人员："&封面!$P$20 -> 评估人员：巨芳

Sheet 3-10一年到期非流动资产
A1: 一年内到期的非流动资产评估明细表
A2: ='1-汇总表'!A2:F2 -> 评估基准日：2018年12月31日
A4: ='1-汇总表'!A4 -> 产权持有人名称：阳煤集团青岛恒源化工有限公司
A5: 序号 | B5: 项目及内容 | C5: 发生日期 | D5: 结算内容 | E5: 账面价值 | F5: 评估价值 | G5: 增减值 | H5: 增值率% | I5: 备注
F6: =E6 -> 0 | G6: =F6-E6 -> 0 | H6: =IF(OR(E6=0,E6=""),"",ROUND(G6/E6*100,2))
F7: =E7 -> 0 | G7: =F7-E7 -> 0 | H7: =IF(OR(E7=0,E7=""),"",ROUND(G7/E7*100,2))
F8: =E8 -> 0 | G8: =F8-E8 -> 0 | H8: =IF(OR(E8=0,E8=""),"",ROUND(G8/E8*100,2))
F9: =E9 -> 0 | G9: =F9-E9 -> 0 | H9: =IF(OR(E9=0,E9=""),"",ROUND(G9/E9*100,2))
F10: =E10 -> 0 | G10: =F10-E10 -> 0 | H10: =IF(OR(E10=0,E10=""),"",ROUND(G10/E10*100,2))
F11: =E11 -> 0 | G11: =F11-E11 -> 0 | H11: =IF(OR(E11=0,E11=""),"",ROUND(G11/E11*100,2))
F12: =E12 -> 0 | G12: =F12-E12 -> 0 | H12: =IF(OR(E12=0,E12=""),"",ROUND(G12/E12*100,2))
F13: =E13 -> 0 | G13: =F13-E13 -> 0 | H13: =IF(OR(E13=0,E13=""),"",ROUND(G13/E13*100,2))
F14: =E14 -> 0 | G14: =F14-E14 -> 0 | H14: =IF(OR(E14=0,E14=""),"",ROUND(G14/E14*100,2))
F15: =E15 -> 0 | G15: =F15-E15 -> 0 | H15: =IF(OR(E15=0,E15=""),"",ROUND(G15/E15*100,2))
F16: =E16 -> 0 | G16: =F16-E16 -> 0 | H16: =IF(OR(E16=0,E16=""),"",ROUND(G16/E16*100,2))
F17: =E17 -> 0 | G17: =F17-E17 -> 0 | H17: =IF(OR(E17=0,E17=""),"",ROUND(G17/E17*100,2))
... F25: =E25 -> 0 | G25: =F25-E25 -> 0 | H25: =IF(OR(E25=0,E25=""),"",ROUND(G25/E25*100,2))
A26: 合 计 | E26: =SUM(E6:E25) -> 0 | F26: =SUM(F6:F25) -> 0 | G26: =F26-E26 -> 0 | H26: =IF(OR(E26=0,E26=""),"",ROUND(G26/E26*100,2))
A27: =封面!B$10&封面!D$10 -> 产权持有单位填表人：杨庆华
A28: =封面!B$12&封面!D$12&封面!E$12&封面!F$12&封面!G$12&封面!H$12&封面!I$12 -> 填表日期：2019年1月24日 | F28: ="评估人员："&封面!$P$18 -> 评估人员：

Sheet 3-11其他流动资产
A1: 其他流动资产评估明细表
A2: ='1-汇总表'!A2:F2 -> 评估基准日：2018年12月31日
A4: ='1-汇总表'!A4 -> 产权持有人名称：阳煤集团青岛恒源化工有限公司
A5: 序号 | B5: 项目及内容 | C5: 发生日期 | D5: 结算内容 | E5: 成本 | F5: 账面价值 | G5: 评估价值 | H5: 增减值 | I5: 增值率% | J5: 备注
H6: =G6-F6 -> 0 | I6: =IF(OR(F6=0,F6=""),"",ROUND(H6/F6*100,2))
H7: =G7-F7 -> 0 | I7: =IF(OR(F7=0,F7=""),"",ROUND(H7/F7*100,2))
H8: =G8-F8 -> 0 | I8: =IF(OR(F8=0,F8=""),"",ROUND(H8/F8*100,2))
H9: =G9-F9 -> 0 | I9: =IF(OR(F9=0,F9=""),"",ROUND(H9/F9*100,2))
H10: =G10-F10 -> 0 | I10: =IF(OR(F10=0,F10=""),"",ROUND(H10/F10*100,2))
H11: =G11-F11 -> 0 | I11: =IF(OR(F11=0,F11=""),"",ROUND(H11/F11*100,2))
H12: =G12-F12 -> 0 | I12: =IF(OR(F12=0,F12=""),"",ROUND(H12/F12*100,2))
H13: =G13-F13 -> 0 | I13: =IF(OR(F13=0,F13=""),"",ROUND(H13/F13*100,2))
H14: =G14-F14 -> 0 | I14: =IF(OR(F14=0,F14=""),"",ROUND(H14/F14*100,2))
H15: =G15-F15 -> 0 | I15: =IF(OR(F15=0,F15=""),"",ROUND(H15/F15*100,2))
H16: =G16-F16 -> 0 | I16: =IF(OR(F16=0,F16=""),"",ROUND(H16/F16*100,2))
H17: =G17-F17 -> 0 | I17: =IF(OR(F17=0,F17=""),"",ROUND(H17/F17*100,2))
... H27: =G27-F27 -> 0 | I27: =IF(OR(F27=0,F27=""),"",ROUND(H27/F27*100,2))
A28: 合 计 | F28: =SUM(F6:F27) -> 0 | G28: =SUM(G6:G27) -> 0 | H28: =G28-F28 -> 0 | I28: =IF(OR(F28=0,F28=""),"",ROUND(H28/F28*100,2))
A29: =封面!B$10&封面!D$10 -> 产权持有单位填表人：杨庆华
A30: =封面!B$12&封面!D$12&封面!E$12&封面!F$12&封面!G$12&封面!H$12&封面!I$12 -> 填表日期：2019年1月24日 | G30: ="评估人员："&封面!$P$18 -> 评估人员：

Sheet 4-非流动资产汇总
A1: 非流动资产评估汇总表
A3: ='1-汇总表'!A2:F2 -> 评估基准日：2018年12月31日
A5: ='1-汇总表'!A4 -> 产权持有人名称：阳煤集团青岛恒源化工有限公司
A6: 编号 | B6: 科目名称 | C6: 账面价值 | D6: 评估价值 | E6: 增减值 | F6: 增值率%
A7: 4-1 | B7: 可供出售金融资产 | C7: ='4-1可供出售金融资产汇总'!C28 -> 0 | D7: ='4-1可供出售金融资产汇总'!D28 -> 0 | E7: =D7-C7 -> 0 | F7: =IF(C7<>0,ROUND(100*E7/ABS(C7),2),0) -> 0
A8: 4-2 | B8: 持有至到期投资 | C8: ='4-2持有到期投资'!H29 -> 0 | D8: ='4-2持有到期投资'!I29 -> 0 | E8: =D8-C8 -> 0 | F8: =IF(C8<>0,ROUND(100*E8/ABS(C8),2),0) -> 0
A9: 4-3 | B9: 长期应收款 | C9: ='4-3长期应收'!E28 -> 0 | D9: ='4-3长期应收'!F28 -> 0 | E9: =D9-C9 -> 0 | F9: =IF(C9<>0,ROUND(100*E9/ABS(C9),2),0) -> 0
A10: 4-4 | B10: 长期股权投资 | C10: ='4-4股权投资'!G28 -> 0 | D10: ='4-4股权投资'!H28 -> 0 | E10: =D10-C10 -> 0 | F10: =IF(C10<>0,ROUND(100*E10/ABS(C10),2),0) -> 0
A11: 4-5 | B11: 投资性房地产 | C11: ='4-5投资性房地产'!C27 -> 0 | D11: ='4-5投资性房地产'!D27 -> 0 | E11: =D11-C11 -> 0 | F11: =IF(C11<>0,ROUND(100*E11/ABS(C11),2),0) -> 0
A12: 4-6 | B12: 固定资产 | C12: =#REF! -> #REF! | D12: =#REF! -> #REF! | E12: =D12-C12 -> #REF! | F12: =IF(C12<>0,ROUND(100*E12/ABS(C12),2),0) -> #REF!
A13: 4-7 | B13: 在建工程 | C13: ='4-7在建工程汇总'!C7 -> #REF! | D13: ='4-7在建工程汇总'!D7 -> #REF! | E13: =D13-C13 -> #REF! | F13: =IF(C13<>0,ROUND(100*E13/ABS(C13),2),0) -> #REF!
A14: 4-8 | B14: 工程物资 | C14: =#REF! -> #REF! | D14: =#REF! -> #REF! | E14: =D14-C14 -> #REF! | F14: =IF(C14<>0,ROUND(100*E14/ABS(C14),2),0) -> #REF!
A15: 4-9 | B15: 固定资产清理 | C15: ='4-9固定资产清理'!D28 -> 0 | D15: ='4-9固定资产清理'!E28 -> 0 | E15: =D15-C15 -> 0 | F15: =IF(C15<>0,ROUND(100*E15/ABS(C15),2),0) -> 0
A16: 4-10 | B16: 生产性生物资产 | C16: ='4-10生产性生物资产'!H28 -> 0 | D16: ='4-10生产性生物资产'!K28 -> 0 | E16: =D16-C16 -> 0 | F16: =IF(C16<>0,ROUND(100*E16/ABS(C16),2),0) -> 0
A17: 4-11 | B17: 油气资产 | C17: ='4-11油气资产'!I28 -> 0 | D17: ='4-11油气资产'!L28 -> 0 | E17: =D17-C17 -> 0 | F17: =IF(C17<>0,ROUND(100*E17/ABS(C17),2),0) -> 0
A18: 4-12 | B18: 无形资产 | C18: ='4-12无形资产汇总'!C28 -> 0 | D18: ='4-12无形资产汇总'!D28 -> 0 | E18: =D18-C18 -> 0 | F18: =IF(C18<>0,ROUND(100*E18/ABS(C18),2),0) -> 0
A19: 4-13 | B19: 开发支出 | C19: ='4-13开发支出'!D27 -> 0 | D19: ='4-13开发支出'!E27 -> 0 | E19: =D19-C19 -> 0 | F19: =IF(C19<>0,ROUND(100*E19/ABS(C19),2),0) -> 0
A20: 4-14 | B20: 商誉 | C20: ='4-14商誉'!D27 -> 0 | D20: ='4-14商誉'!E27 -> 0 | E20: =D20-C20 -> 0 | F20: =IF(C20<>0,ROUND(100*E20/ABS(C20),2),0) -> 0
A21: 4-15 | B21: 长期待摊费用 | C21: ='4-15长期待摊费用'!F27 -> 0 | D21: ='4-15长期待摊费用'!H27 -> 0 | E21: =D21-C21 -> 0 | F21: =IF(C21<>0,ROUND(100*E21/ABS(C21),2),0) -> 0
A22: 4-16 | B22: 递延所得税资产 | C22: ='4-16递延所得税资产'!D28 -> 0 | D22: ='4-16递延所得税资产'!E28 -> 0 | E22: =D22-C22 -> 0 | F22: =IF(C22<>0,ROUND(100*E22/ABS(C22),2),0) -> 0
A23: 4-17 | B23: 其他非流动资产 | C23: ='4-17其他非流动资产'!D28 -> 0 | D23: ='4-17其他非流动资产'!E28 -> 0 | E23: =D23-C23 -> 0 | F23: =IF(C23<>0,ROUND(100*E23/ABS(C23),2),0) -> 0
A29: 合 计 | C29: =SUM(C7:C23) -> #REF! | D29: =SUM(D7:D23) -> #REF! | E29: =D29-C29 -> #REF! | F29: =IF(C29<>0,ROUND(100*E29/ABS(C29),2),0) -> #REF!
D31: ="评估人员："&封面!$P$22 -> 评估人员：

Sheet 4-1可供出售金融资产汇总
A1: 可供出售金融资产评估汇总表
A2: ='1-汇总表'!A2:F2 -> 评估基准日：2018年12月31日
A4: ='1-汇总表'!A4 -> 产权持有人名称：阳煤集团青岛恒源化工有限公司
A5: 编号 | B5: 科目名称 | C5: 账面价值 | D5: 评估价值 | E5: 增减值 | F5: 增值率%
A6: 4-1-1 | B6: 可供出售金融资产-股票投资 | C6: ='4-1-1可出售-股票'!H27 -> 0 | D6: ='4-1-1可出售-股票'!I27 -> 0 | E6: =D6-C6 -> 0 | F6: =IF(C6<>0,ROUND(100*E6/ABS(C6),2),0) -> 0
A7: 4-1-2 | B7: 可供出售金融资产-债券投资 | C7: ='4-1-2可出售-债券'!H28 -> 0 | D7: ='4-1-2可出售-债券'!I28 -> 0 | E7: =D7-C7 -> 0 | F7: =IF(C7<>0,ROUND(100*E7/ABS(C7),2),0) -> 0
A8: 4-1-3 | B8: 可供出售金融资产-其他投资 | C8: ='4-1-3可出售-其他'!H27 -> 0 | D8: ='4-1-3可出售-其他'!I27 -> 0 | E8: =D8-C8 -> 0 | F8: =IF(C8<>0,ROUND(100*E8/ABS(C8),2),0) -> 0
A28: 合 计 | C28: =SUM(C6:C8) -> 0 | D28: =SUM(D6:D8) -> 0 | E28: =D28-C28 -> 0 | F28: =IF(C28<>0,ROUND(100*E28/ABS(C28),2),0) -> 0
D30: ="评估人员："&封面!$P$22 -> 评估人员：

Sheet 4-1-1可出售-股票
A1: 可供出售金融资产—股票投资评估明细表
A2: ='1-汇总表'!A2:F2 -> 评估基准日：2018年12月31日
A4: ='1-汇总表'!A4 -> 产权持有人名称：阳煤集团青岛恒源化工有限公司
A5: 序号 | B5: 被投资单位名称 | C5: 股票性质 | D5: 投资日期 | E5: 持股数量 | F5: 基准日市价 | G5: 取得成本 | H5: 账面价值 | I5: 评估价值 | J5: 增减值 | K5: 增值率% | L5: 备注
I6: =ROUND(F6*E6,2) -> 0 | J6: =I6-H6 -> 0 | K6: =IF(H6<>0,ROUND(100*J6/ABS(H6),2),0) -> 0
I7: =ROUND(F7*E7,2) -> 0 | J7: =I7-H7 -> 0 | K7: =IF(H7<>0,ROUND(100*J7/ABS(H7),2),0) -> 0
I8: =ROUND(F8*E8,2) -> 0 | J8: =I8-H8 -> 0 | K8: =IF(H8<>0,ROUND(100*J8/ABS(H8),2),0) -> 0
I9: =ROUND(F9*E9,2) -> 0 | J9: =I9-H9 -> 0 | K9: =IF(H9<>0,ROUND(100*J9/ABS(H9),2),0) -> 0
I10: =ROUND(F10*E10,2) -> 0 | J10: =I10-H10 -> 0 | K10: =IF(H10<>0,ROUND(100*J10/ABS(H10),2),0) -> 0
I11: =ROUND(F11*E11,2) -> 0 | J11: =I11-H11 -> 0 | K11: =IF(H11<>0,ROUND(100*J11/ABS(H11),2),0) -> 0
I12: =ROUND(F12*E12,2) -> 0 | J12: =I12-H12 -> 0 | K12: =IF(H12<>0,ROUND(100*J12/ABS(H12),2),0) -> 0
I14: =ROUND(F14*E14,2) -> 0 | J14: =I14-H14 -> 0 | K14: =IF(H14<>0,ROUND(100*J14/ABS(H14),2),0) -> 0
I15: =ROUND(F15*E15,2) -> 0 | J15: =I15-H15 -> 0 | K15: =IF(H15<>0,ROUND(100*J15/ABS(H15),2),0) -> 0
I16: =ROUND(F16*E16,2) -> 0 | J16: =I16-H16 -> 0 | K16: =IF(H16<>0,ROUND(100*J16/ABS(H16),2),0) -> 0
I17: =ROUND(F17*E17,2) -> 0 | J17: =I17-H17 -> 0 | K17: =IF(H17<>0,ROUND(100*J17/ABS(H17),2),0) -> 0
I18: =ROUND(F18*E18,2) -> 0 | J18: =I18-H18 -> 0 | K18: =IF(H18<>0,ROUND(100*J18/ABS(H18),2),0) -> 0
... I21: =ROUND(F21*E21,2) -> 0 | J21: =I21-H21 -> 0 | K21: =IF(H21<>0,ROUND(100*J21/ABS(H21),2),0) -> 0
A25: 小 计 | H25: =SUM(H6:H24) -> 0 | I25: =SUM(I6:I24) -> 0 | J25: =I25-H25 -> 0 | K25: =IF(H25<>0,ROUND(100*J25/ABS(H25),2),0) -> 0
A26: 减：减值准备 | J26: =I26-H26 -> 0 | K26: =IF(H26<>0,ROUND(100*J26/ABS(H26),2),0) -> 0
A27: 合 计 | H27: =H25-ABS(H26) -> 0 | I27: =I25-ABS(I26) -> 0 | J27: =I27-H27 -> 0 | K27: =IF(H27<>0,ROUND(100*J27/ABS(H27),2),0) -> 0
A28: =封面!B$10&封面!D$10 -> 产权持有单位填表人：杨庆华
A29: =封面!B$12&封面!D$12&封面!E$12&封面!F$12&封面!G$12&封面!H$12&封面!I$12 -> 填表日期：2019年1月24日 | I29: ="评估人员："&封面!$P$22 -> 评估人员：

Sheet 4-1-2可出售-债券
A1: 可供出售金融资产—债券投资评估明细表
A2: ='1-汇总表'!A2:F2 -> 评估基准日：2018年12月31日
A4: ='1-汇总表'!A4 -> 产权持有人名称：阳煤集团青岛恒源化工有限公司
A5: 序号 | B5: 被投资单位名称 | C5: 债券种类 | D5: 发行日期 | E5: 到期日 | F5: 票面利率% | G5: 成本（面值） | H5: 账面价值 | I5: 评估价值 | J5: 增减值 | K5: 增值率% | L5: 备注
I6: =H6 -> 0 | J6: =I6-H6 -> 0 | K6: =IF(H6<>0,ROUND(100*J6/ABS(H6),2),0) -> 0
I7: =H7 -> 0 | J7: =I7-H7 -> 0 | K7: =IF(H7<>0,ROUND(100*J7/ABS(H7),2),0) -> 0
I8: =H8 -> 0 | J8: =I8-H8 -> 0 | K8: =IF(H8<>0,ROUND(100*J8/ABS(H8),2),0) -> 0
I9: =H9 -> 0 | J9: =I9-H9 -> 0 | K9: =IF(H9<>0,ROUND(100*J9/ABS(H9),2),0) -> 0
I10: =H10 -> 0 | J10: =I10-H10 -> 0 | K10: =IF(H10<>0,ROUND(100*J10/ABS(H10),2),0) -> 0
I11: =H11 -> 0 | J11: =I11-H11 -> 0 | K11: =IF(H11<>0,ROUND(100*J11/ABS(H11),2),0) -> 0
I14: =H14 -> 0 | J14: =I14-H14 -> 0 | K14: =IF(H14<>0,ROUND(100*J14/ABS(H14),2),0) -> 0
I15: =H15 -> 0 | J15: =I15-H15 -> 0 | K15: =IF(H15<>0,ROUND(100*J15/ABS(H15),2),0) -> 0
I16: =H16 -> 0 | J16: =I16-H16 -> 0 | K16: =IF(H16<>0,ROUND(100*J16/ABS(H16),2),0) -> 0
I17: =H17 -> 0 | J17: =I17-H17 -> 0 | K17: =IF(H17<>0,ROUND(100*J17/ABS(H17),2),0) -> 0
I18: =H18 -> 0 | J18: =I18-H18 -> 0 | K18: =IF(H18<>0,ROUND(100*J18/ABS(H18),2),0) -> 0
I19: =H19 -> 0 | J19: =I19-H19 -> 0 | K19: =IF(H19<>0,ROUND(100*J19/ABS(H19),2),0) -> 0
... I21: =H21 -> 0 | J21: =I21-H21 -> 0 | K21: =IF(H21<>0,ROUND(100*J21/ABS(H21),2),0) -> 0
A26: 小 计 | H26: =SUM(H6:H25) -> 0 | I26: =SUM(I6:I25) -> 0 | J26: =I26-H26 -> 0 | K26: =IF(H26<>0,ROUND(100*J26/ABS(H26),2),0) -> 0
A27: 减：减值准备 | J27: =I27-H27 -> 0 | K27: =IF(H27<>0,ROUND(100*J27/ABS(H27),2),0) -> 0
A28: 合 计 | H28: =H26-ABS(H27) -> 0 | I28: =I26-ABS(I27) -> 0 | J28: =I28-H28 -> 0 | K28: =IF(H28<>0,ROUND(100*J28/ABS(H28),2),0) -> 0
A29: =封面!B$10&封面!D$10 -> 产权持有单位填表人：杨庆华
A30: =封面!B$12&封面!D$12&封面!E$12&封面!F$12&封面!G$12&封面!H$12&封面!I$12 -> 填表日期：2019年1月24日 | I30: ="评估人员："&封面!$P$22 -> 评估人员：

Sheet 4-1-3可出售-其他
A1: 可供出售金融资产—其他投资评估明细表
A2: ='1-汇总表'!A2:F2 -> 评估基准日：2018年12月31日
A4: ='1-汇总表'!A4 -> 产权持有人名称：阳煤集团青岛恒源化工有限公司
A5: 序号 | B5: 被投资单位名称 | C5: 金融资产名称 | D5: 投资日期 | E5: 持有数量 | F5: 基准日市价 | G5: 成本 | H5: 账面价值 | I5: 评估价值 | J5: 增减值 | K5: 增值率% | L5: 备注
I6: =ROUND(F6*E6,2) -> 0 | J6: =I6-H6 -> 0 | K6: =IF(OR(H6=0,H6=""),"",ROUND(J6/H6*100,2))
I7: =ROUND(F7*E7,2) -> 0 | J7: =I7-H7 -> 0 | K7: =IF(OR(H7=0,H7=""),"",ROUND(J7/H7*100,2))
I8: =ROUND(F8*E8,2) -> 0 | J8: =I8-H8 -> 0 | K8: =IF(OR(H8=0,H8=""),"",ROUND(J8/H8*100,2))
I9: =ROUND(F9*E9,2) -> 0 | J9: =I9-H9 -> 0 | K9: =IF(OR(H9=0,H9=""),"",ROUND(J9/H9*100,2))
I10: =ROUND(F10*E10,2) -> 0 | J10: =I10-H10 -> 0 | K10: =IF(OR(H10=0,H10=""),"",ROUND(J10/H10*100,2))
I11: =ROUND(F11*E11,2) -> 0 | J11: =I11-H11 -> 0 | K11: =IF(OR(H11=0,H11=""),"",ROUND(J11/H11*100,2))
I12: =ROUND(F12*E12,2) -> 0 | J12: =I12-H12 -> 0 | K12: =IF(OR(H12=0,H12=""),"",ROUND(J12/H12*100,2))
I13: =ROUND(F13*E13,2) -> 0 | J13: =I13-H13 -> 0 | K13: =IF(OR(H13=0,H13=""),"",ROUND(J13/H13*100,2))
I14: =ROUND(F14*E14,2) -> 0 | J14: =I14-H14 -> 0 | K14: =IF(OR(H14=0,H14=""),"",ROUND(J14/H14*100,2))
I16: =ROUND(F16*E16,2) -> 0 | J16: =I16-H16 -> 0 | K16: =IF(OR(H16=0,H16=""),"",ROUND(J16/H16*100,2))
I17: =ROUND(F17*E17,2) -> 0 | J17: =I17-H17 -> 0 | K17: =IF(OR(H17=0,H17=""),"",ROUND(J17/H17*100,2))
I18: =ROUND(F18*E18,2) -> 0 | J18: =I18-H18 -> 0 | K18: =IF(OR(H18=0,H18=""),"",ROUND(J18/H18*100,2))
... I23: =ROUND(F23*E23,2) -> 0 | J23: =I23-H23 -> 0 | K23: =IF(OR(H23=0,H23=""),"",ROUND(J23/H23*100,2))
A25: 小 计 | H25: =SUM(H6:H24) -> 0 | I25: =SUM(I6:I24) -> 0 | J25: =I25-H25 -> 0 | K25: =IF(OR(H25=0,H25=""),"",ROUND(J25/H25*100,2))
A26: 减：减值准备 | J26: =I26-H26 -> 0 | K26: =IF(OR(H26=0,H26=""),"",ROUND(J26/H26*100,2))
A27: 合 计 | H27: =H25-ABS(H26) -> 0 | I27: =I25-ABS(I26) -> 0 | J27: =I27-H27 -> 0 | K27: =IF(OR(H27=0,H27=""),"",ROUND(J27/H27*100,2))
A28: =封面!B$10&封面!D$10 -> 产权持有单位填表人：杨庆华
A29: =封面!B$12&封面!D$12&封面!E$12&封面!F$12&封面!G$12&封面!H$12&封面!I$12 -> 填表日期：2019年1月24日 | I29: ="评估人员："&封面!$P$22 -> 评估人员：

Sheet 4-2持有到期投资
A1: 持有至到期投资评估明细表
A2: ='1-汇总表'!A2:F2 -> 评估基准日：2018年12月31日
A4: ='1-汇总表'!A4 -> 产权持有人名称：阳煤集团青岛恒源化工有限公司
A5: 序号 | B5: 被投资单位名称 | C5: 投资类别 | D5: 投资日期 | E5: 到期日 | F5: 票面利率% | G5: 投资成本 | H5: 账面价值 | I5: 评估价值 | J5: 增减值 | K5: 增值率% | L5: 备注
I6: =H6 -> 0 | J6: =I6-H6 -> 0 | K6: =IF(OR(H6=0,H6=""),"",ROUND(J6/H6*100,2))
I7: =H7 -> 0 | J7: =I7-H7 -> 0 | K7: =IF(OR(H7=0,H7=""),"",ROUND(J7/H7*100,2))
I8: =H8 -> 0 | J8: =I8-H8 -> 0 | K8: =IF(OR(H8=0,H8=""),"",ROUND(J8/H8*100,2))
I9: =H9 -> 0 | J9: =I9-H9 -> 0 | K9: =IF(OR(H9=0,H9=""),"",ROUND(J9/H9*100,2))
I10: =H10 -> 0 | J10: =I10-H10 -> 0 | K10: =IF(OR(H10=0,H10=""),"",ROUND(J10/H10*100,2))
I11: =H11 -> 0 | J11: =I11-H11 -> 0 | K11: =IF(OR(H11=0,H11=""),"",ROUND(J11/H11*100,2))
I12: =H12 -> 0 | J12: =I12-H12 -> 0 | K12: =IF(OR(H12=0,H12=""),"",ROUND(J12/H12*100,2))
I14: =H14 -> 0 | J14: =I14-H14 -> 0 | K14: =IF(OR(H14=0,H14=""),"",ROUND(J14/H14*100,2))
I15: =H15 -> 0 | J15: =I15-H15 -> 0 | K15: =IF(OR(H15=0,H15=""),"",ROUND(J15/H15*100,2))
I16: =H16 -> 0 | J16: =I16-H16 -> 0 | K16: =IF(OR(H16=0,H16=""),"",ROUND(J16/H16*100,2))
I17: =H17 -> 0 | J17: =I17-H17 -> 0 | K17: =IF(OR(H17=0,H17=""),"",ROUND(J17/H17*100,2))
I18: =H18 -> 0 | J18: =I18-H18 -> 0 | K18: =IF(OR(H18=0,H18=""),"",ROUND(J18/H18*100,2))
... I24: =H24 -> 0 | J24: =I24-H24 -> 0 | K24: =IF(OR(H24=0,H24=""),"",ROUND(J24/H24*100,2))
A27: 合 计 | H27: =SUM(H6:H26) -> 0 | I27: =SUM(I6:I26) -> 0 | J27: =I27-H27 -> 0 | K27: =IF(OR(H27=0,H27=""),"",ROUND(J27/H27*100,2))
A28: 减：持有至到期投资减值准备 | J28: =I28-H28 -> 0 | K28: =IF(OR(H28=0,H28=""),"",ROUND(J28/H28*100,2))
A29: 净 额 | H29: =H27-ABS(H28) -> 0 | I29: =I27-ABS(I28) -> 0 | J29: =I29-H29 -> 0 | K29: =IF(OR(H29=0,H29=""),"",ROUND(J29/H29*100,2))
A30: =封面!B$10&封面!D$10 -> 产权持有单位填表人：杨庆华
A31: =封面!B$12&封面!D$12&封面!E$12&封面!F$12&封面!G$12&封面!H$12&封面!I$12 -> 填表日期：2019年1月24日 | I31: ="评估人员："&封面!$P$18 -> 评估人员：

Sheet 4-3长期应收
A1: 长期应收款评估明细表
A2: ='1-汇总表'!A2:F2 -> 评估基准日：2018年12月31日
A4: ='1-汇总表'!A4 -> 产权持有人名称：阳煤集团青岛恒源化工有限公司
A5: 序号 | B5: 欠款单位名称（结算对象） | C5: 业务内容 | D5: 发生日期 | E5: 账面价值 | F5: 评估价值 | G5: 增减值 | H5: 增值率% | I5: 备注
F6: =E6 -> 0 | G6: =F6-E6 -> 0
F7: =E7 -> 0 | G7: =F7-E7 -> 0
F8: =E8 -> 0 | G8: =F8-E8 -> 0
F9: =E9 -> 0 | G9: =F9-E9 -> 0
F10: =E10 -> 0 | G10: =F10-E10 -> 0
F11: =E11 -> 0 | G11: =F11-E11 -> 0
F12: =E12 -> 0 | G12: =F12-E12 -> 0
F13: =E13 -> 0 | G13: =F13-E13 -> 0
F14: =E14 -> 0 | G14: =F14-E14 -> 0
F15: =E15 -> 0 | G15: =F15-E15 -> 0
F16: =E16 -> 0 | G16: =F16-E16 -> 0
F17: =E17 -> 0 | G17: =F17-E17 -> 0
... F25: =E25 -> 0 | G25: =F25-E25 -> 0
A26: 合 计 | E26: =SUM(E6:E25) -> 0 | F26: =SUM(F6:F25) -> 0 | G26: =F26-E26 -> 0
A27: 减：长期应收款坏账准备 | G27: =F27-E27 -> 0
A28: 净 额 | E28: =E26-ABS(E27) -> 0 | F28: =F26-ABS(F27) -> 0 | G28: =F28-E28 -> 0
A29: =封面!B$10&封面!D$10 -> 产权持有单位填表人：杨庆华
A30: =封面!B$12&封面!D$12&封面!E$12&封面!F$12&封面!G$12&封面!H$12&封面!I$12 -> 填表日期：2019年1月24日 | F30: ="评估人员："&封面!$P$22 -> 评估人员：

Sheet 4-4股权投资
A1: 长期股权投资评估明细表
A2: ='1-汇总表'!A2:F2 -> 评估基准日：2018年12月31日
A4: ='1-汇总表'!A4 -> 产权持有人名称：阳煤集团青岛恒源化工有限公司
A5: 序号 | B5: 被投资单位名称 | C5: 投资日期 | D5: 协议投资期限 | E5: 持股比例（%） | F5: 投资成本 | G5: 账面价值 | H5: 评估价值 | I5: 增减值 | J5: 增值率% | K5: 备注
H6: =G6 -> 0 | I6: =H6-G6 -> 0 | J6: =IF(OR(G6=0,G6=""),"",ROUND(I6/G6*100,2))
H7: =G7 -> 0 | I7: =H7-G7 -> 0 | J7: =IF(OR(G7=0,G7=""),"",ROUND(I7/G7*100,2))
H8: =G8 -> 0 | I8: =H8-G8 -> 0 | J8: =IF(OR(G8=0,G8=""),"",ROUND(I8/G8*100,2))
H9: =G9 -> 0 | I9: =H9-G9 -> 0 | J9: =IF(OR(G9=0,G9=""),"",ROUND(I9/G9*100,2))
H10: =G10 -> 0 | I10: =H10-G10 -> 0 | J10: =IF(OR(G10=0,G10=""),"",ROUND(I10/G10*100,2))
H11: =G11 -> 0 | I11: =H11-G11 -> 0 | J11: =IF(OR(G11=0,G11=""),"",ROUND(I11/G11*100,2))
H12: =G12 -> 0 | I12: =H12-G12 -> 0 | J12: =IF(OR(G12=0,G12=""),"",ROUND(I12/G12*100,2))
H13: =G13 -> 0 | I13: =H13-G13 -> 0 | J13: =IF(OR(G13=0,G13=""),"",ROUND(I13/G13*100,2))
H14: =G14 -> 0 | I14: =H14-G14 -> 0 | J14: =IF(OR(G14=0,G14=""),"",ROUND(I14/G14*100,2))
H15: =G15 -> 0 | I15: =H15-G15 -> 0 | J15: =IF(OR(G15=0,G15=""),"",ROUND(I15/G15*100,2))
H16: =G16 -> 0 | I16: =H16-G16 -> 0 | J16: =IF(OR(G16=0,G16=""),"",ROUND(I16/G16*100,2))
H17: =G17 -> 0 | I17: =H17-G17 -> 0 | J17: =IF(OR(G17=0,G17=""),"",ROUND(I17/G17*100,2))
... H21: =G21 -> 0 | I21: =H21-G21 -> 0 | J21: =IF(OR(G21=0,G21=""),"",ROUND(I21/G21*100,2))
A26: 合 计 | G26: =SUM(G6:G25) -> 0 | H26: =SUM(H6:H25) -> 0 | I26: =H26-G26 -> 0 | J26: =IF(OR(G26=0,G26=""),"",ROUND(I26/G26*100,2))
A27: 减：长期股权投资减值准备 | I27: =H27-G27 -> 0 | J27: =IF(OR(G27=0,G27=""),"",ROUND(I27/G27*100,2))
A28: 净 额 | G28: =G26-ABS(G27) -> 0 | H28: =H26-ABS(H27) -> 0 | I28: =H28-G28 -> 0 | J28: =IF(OR(G28=0,G28=""),"",ROUND(I28/G28*100,2))
A29: =封面!B$10&封面!D$10 -> 产权持有单位填表人：杨庆华
A30: =封面!B$12&封面!D$12&封面!E$12&封面!F$12&封面!G$12&封面!H$12&封面!I$12 -> 填表日期：2019年1月24日 | H30: ="评估人员："&封面!$P$22 -> 评估人员：

Sheet 4-5投资性房地产
A1: 投资性房地产评估汇总表
A2: ='1-汇总表'!A2:F2 -> 评估基准日：2018年12月31日
A4: ='1-汇总表'!A4 -> 产权持有人名称：阳煤集团青岛恒源化工有限公司
A5: 编号 | B5: 科目名称 | C5: 账面价值 | D5: 评估价值 | E5: 增减值 | F5: 增值率%
A6: 4-5-1 | B6: 投资性房地产—房屋（采用成本模式计量） | C6: ='4-5-1投资性房地产'!K26 -> 0 | D6: ='4-5-1投资性房地产'!N26 -> 0 | E6: =D6-C6 -> 0 | F6: =IF(OR(C6=0,C6=""),"",ROUND(E6/C6*100,2))
A7: 4-5-2 | B7: 投资性房地产—房屋（采用公允价值模式计量） | C7: ='4-5-2投资性房地产'!L24 -> 0 | D7: ='4-5-2投资性房地产'!M24 -> 0 | E7: =D7-C7 -> 0 | F7: =IF(OR(C7=0,C7=""),"",ROUND(E7/C7*100,2))
A8: 4-5-3 | B8: 投资性房地产—土地（采用成本模式计量） | C8: ='4-5-3投资性地产'!M26 -> 0 | D8: ='4-5-3投资性地产'!N26 -> 0 | E8: =D8-C8 -> 0 | F8: =IF(OR(C8=0,C8=""),"",ROUND(E8/C8*100,2))
A9: 4-5-4 | B9: 投资性房地产—土地（采用公允价值模式计量） | C9: ='4-5-4投资性地产'!M27 -> 0 | D9: ='4-5-4投资性地产'!N27 -> 0 | E9: =D9-C9 -> 0 | F9: =IF(OR(C9=0,C9=""),"",ROUND(E9/C9*100,2))
A27: 投资性房地产合计 | C27: =SUM(C6:C9) -> 0 | D27: =SUM(D6:D9) -> 0 | E27: =D27-C27 -> 0 | F27: =IF(OR(C27=0,C27=""),"",ROUND(E27/C27*100,2))
D29: ="评估人员："&封面!$P$22 -> 评估人员：

Sheet 4-5-1投资性房地产
A1: 投资性房地产——房屋评估明细表
A2: （采用成本模式计量）
A3: ='1-汇总表'!A2:F2 -> 评估基准日：2018年12月31日
A5: ='1-汇总表'!A4 -> 产权持有人名称：阳煤集团青岛恒源化工有限公司
A6: 序号 | B6: 权证编号 | C6: 房屋名称 | D6: 来源（外购、自建、自用转入、存货转入等） | E6: 结构 | F6: 建成 年月 | G6: 计量单位 | H6: 建筑面积 | I6: 成本单价(元/m2) | J6: 账面价值 | L6: 评估价值 | O6: 增值率% | P6: 评估单价(元/m2) | Q6: 备注
J7: 原值 | K7: 净值 | L7: 原值 | M7: 成新率% | N7: 净值
N8: =ROUND(L8*M8/100,0) -> 0 | O8: =IF(OR(K8=0,K8=""),"",ROUND((N8-K8)/K8*100,2))
N9: =ROUND(L9*M9/100,0) -> 0 | O9: =IF(OR(K9=0,K9=""),"",ROUND((N9-K9)/K9*100,2))
N10: =ROUND(L10*M10/100,0) -> 0 | O10: =IF(OR(K10=0,K10=""),"",ROUND((N10-K10)/K10*100,2))
N11: =ROUND(L11*M11/100,0) -> 0 | O11: =IF(OR(K11=0,K11=""),"",ROUND((N11-K11)/K11*100,2))
N12: =ROUND(L12*M12/100,0) -> 0 | O12: =IF(OR(K12=0,K12=""),"",ROUND((N12-K12)/K12*100,2))
N13: =ROUND(L13*M13/100,0) -> 0 | O13: =IF(OR(K13=0,K13=""),"",ROUND((N13-K13)/K13*100,2))
N14: =ROUND(L14*M14/100,0) -> 0 | O14: =IF(OR(K14=0,K14=""),"",ROUND((N14-K14)/K14*100,2))
N15: =ROUND(L15*M15/100,0) -> 0 | O15: =IF(OR(K15=0,K15=""),"",ROUND((N15-K15)/K15*100,2))
N16: =ROUND(L16*M16/100,0) -> 0 | O16: =IF(OR(K16=0,K16=""),"",ROUND((N16-K16)/K16*100,2))
N17: =ROUND(L17*M17/100,0) -> 0 | O17: =IF(OR(K17=0,K17=""),"",ROUND((N17-K17)/K17*100,2))
N18: =ROUND(L18*M18/100,0) -> 0 | O18: =IF(OR(K18=0,K18=""),"",ROUND((N18-K18)/K18*100,2))
N19: =ROUND(L19*M19/100,0) -> 0 | O19: =IF(OR(K19=0,K19=""),"",ROUND((N19-K19)/K19*100,2))
... N22: =ROUND(L22*M22/100,0) -> 0 | O22: =IF(OR(K22=0,K22=""),"",ROUND((N22-K22)/K22*100,2))
A24: 小 计 | J24: =SUM(J8:J23) -> 0 | K24: =SUM(K8:K23) -> 0 | L24: =SUM(L8:L23) -> 0 | N24: =SUM(N8:N23) -> 0 | O24: =IF(OR(K24=0,K24=""),"",ROUND((N24-K24)/K24*100,2))
A25: 减：投资性房地产减值准备 | O25: =IF(OR(K25=0,K25=""),"",ROUND((N25-K25)/K25*100,2))
A26: 合 计 | J26: =J24-ABS(J25) -> 0 | K26: =K24-ABS(K25) -> 0 | L26: =L24-ABS(L25) -> 0 | N26: =N24-ABS(N25) -> 0 | O26: =IF(OR(K26=0,K26=""),"",ROUND((N26-K26)/K26*100,2))
A27: =封面!B$10&封面!D$10 -> 产权持有单位填表人：杨庆华
A28: =封面!B$12&封面!D$12&封面!E$12&封面!F$12&封面!G$12&封面!H$12&封面!I$12 -> 填表日期：2019年1月24日 | N28: ="评估人员："&封面!$P$22 -> 评估人员：

Sheet 4-5-2投资性房地产
A1: 投资性房地产——房屋评估明细表
A2: （采用公允价值模式计量）
A3: ='1-汇总表'!A2:F2 -> 评估基准日：2018年12月31日
A5: ='1-汇总表'!A4 -> 产权持有人名称：阳煤集团青岛恒源化工有限公司
A6: 序号 | B6: 权证编号 | C6: 房屋名称 | D6: 来源（外购、自建、自用转入、存货转入等） | E6: 结构 | F6: 建成 年月 | G6: 计量单位 | H6: 建筑 面积 | I6: 成本单价(元/m2) | J6: 原始入帐价值 （转入日公允价值） | L6: 账面价值 | M6: 评估价值 | N6: 增减值 | O6: 增值率% | P6: 备注 | Q6: 现场勘察简单记录 | R6: 证载权利人
N8: =M8-L8 -> 0 | O8: =IF(OR(L8=0,L8=""),"",ROUND(N8/L8*100,2))
N9: =M9-L9 -> 0 | O9: =IF(OR(L9=0,L9=""),"",ROUND(N9/L9*100,2))
N10: =M10-L10 -> 0 | O10: =IF(OR(L10=0,L10=""),"",ROUND(N10/L10*100,2))
N11: =M11-L11 -> 0 | O11: =IF(OR(L11=0,L11=""),"",ROUND(N11/L11*100,2))
N12: =M12-L12 -> 0 | O12: =IF(OR(L12=0,L12=""),"",ROUND(N12/L12*100,2))
N13: =M13-L13 -> 0 | O13: =IF(OR(L13=0,L13=""),"",ROUND(N13/L13*100,2))
N14: =M14-L14 -> 0 | O14: =IF(OR(L14=0,L14=""),"",ROUND(N14/L14*100,2))
N15: =M15-L15 -> 0 | O15: =IF(OR(L15=0,L15=""),"",ROUND(N15/L15*100,2))
N16: =M16-L16 -> 0 | O16: =IF(OR(L16=0,L16=""),"",ROUND(N16/L16*100,2))
N17: =M17-L17 -> 0 | O17: =IF(OR(L17=0,L17=""),"",ROUND(N17/L17*100,2))
N18: =M18-L18 -> 0 | O18: =IF(OR(L18=0,L18=""),"",ROUND(N18/L18*100,2))
N19: =M19-L19 -> 0 | O19: =IF(OR(L19=0,L19=""),"",ROUND(N19/L19*100,2))
... N22: =M22-L22 -> 0 | O22: =IF(OR(L22=0,L22=""),"",ROUND(N22/L22*100,2))
A24: 合 计 | J24: =SUM(J8:K23) -> 0 | L24: =SUM(L8:L23) -> 0 | M24: =SUM(M8:M23) -> 0 | N24: =M24-L24 -> 0 | O24: =IF(OR(L24=0,L24=""),"",ROUND(N24/L24*100,2))
A25: =封面!B$10&封面!D$10 -> 产权持有单位填表人：杨庆华
A26: =封面!B$12&封面!D$12&封面!E$12&封面!F$12&封面!G$12&封面!H$12&封面!I$12 -> 填表日期：2019年1月24日 | M26: ="评估人员："&封面!$P$22 -> 评估人员：

Sheet 4-5-3投资性地产
A1: 投资性房地产——土地使用权评估明细表
A2: （采用成本模式计量）
A3: ='1-汇总表'!A2:F2 -> 评估基准日：2018年12月31日
A5: ='1-汇总表'!A4 -> 产权持有人名称：阳煤集团青岛恒源化工有限公司
A6: 序号 | B6: 土地权证编号 | C6: 宗地名称 | D6: 来源（外购、自建、自用转入、存货转入等） | E6: 土地位置 | F6: 取得日期 | G6: 用地性质 | H6: 土地用途 | I6: 准用年限 | J6: 开发程度 | K6: 面积(m2) | L6: 原始入账价值 | M6: 账面价值 | N6: 评估价值 | O6: 增减值 | P6: 增值率% | Q6: 备注
O7: =N7-M7 -> 0 | P7: =IF(OR(M7=0,M7=""),"",ROUND(O7/M7*100,2))
O8: =N8-M8 -> 0 | P8: =IF(OR(M8=0,M8=""),"",ROUND(O8/M8*100,2))
O9: =N9-M9 -> 0 | P9: =IF(OR(M9=0,M9=""),"",ROUND(O9/M9*100,2))
O10: =N10-M10 -> 0 | P10: =IF(OR(M10=0,M10=""),"",ROUND(O10/M10*100,2))
O11: =N11-M11 -> 0 | P11: =IF(OR(M11=0,M11=""),"",ROUND(O11/M11*100,2))
O12: =N12-M12 -> 0 | P12: =IF(OR(M12=0,M12=""),"",ROUND(O12/M12*100,2))
O13: =N13-M13 -> 0 | P13: =IF(OR(M13=0,M13=""),"",ROUND(O13/M13*100,2))
O14: =N14-M14 -> 0 | P14: =IF(OR(M14=0,M14=""),"",ROUND(O14/M14*100,2))
O15: =N15-M15 -> 0 | P15: =IF(OR(M15=0,M15=""),"",ROUND(O15/M15*100,2))
O16: =N16-M16 -> 0 | P16: =IF(OR(M16=0,M16=""),"",ROUND(O16/M16*100,2))
O17: =N17-M17 -> 0 | P17: =IF(OR(M17=0,M17=""),"",ROUND(O17/M17*100,2))
O18: =N18-M18 -> 0 | P18: =IF(OR(M18=0,M18=""),"",ROUND(O18/M18*100,2))
... O21: =N21-M21 -> 0 | P21: =IF(OR(M21=0,M21=""),"",ROUND(O21/M21*100,2))
A24: 小 计 | L24: =SUM(L7:L23) -> 0 | M24: =SUM(M7:M23) -> 0 | N24: =SUM(N7:N23) -> 0 | O24: =N24-M24 -> 0 | P24: =IF(OR(M24=0,M24=""),"",ROUND(O24/M24*100,2))
A25: 减：投资性房地产减值准备 | O25: =N25-M25 -> 0 | P25: =IF(OR(M25=0,M25=""),"",ROUND(O25/M25*100,2))
A26: 合 计 | L26: =L24-ABS(L25) -> 0 | M26: =M24-ABS(M25) -> 0 | N26: =N24-ABS(N25) -> 0 | O26: =N26-M26 -> 0 | P26: =IF(OR(M26=0,M26=""),"",ROUND(O26/M26*100,2))
A27: =封面!B$10&封面!D$10 -> 产权持有单位填表人：杨庆华
A28: =封面!B$12&封面!D$12&封面!E$12&封面!F$12&封面!G$12&封面!H$12&封面!I$12 -> 填表日期：2019年1月24日 | N28: ="评估人员："&封面!$P$22 -> 评估人员：

Sheet 4-5-4投资性地产
A1: 投资性房地产——土地使用权评估明细表
A2: （采用公允价值模式计量）
A3: ='1-汇总表'!A2:F2 -> 评估基准日：2018年12月31日
A5: ='1-汇总表'!A4 -> 产权持有人名称：阳煤集团青岛恒源化工有限公司
A6: 序号 | B6: 土地权证编号 | C6: 宗地名称 | D6: 来源（外购、自建、自用转入、存货转入等） | E6: 土地位置 | F6: 取得日期 | G6: 用地性质 | H6: 土地用途 | I6: 准用年限 | J6: 开发程度 | K6: 面积(m2) | L6: 原始入账价值（转入日公允价值） | M6: 账面价值 | N6: 评估价值 | O6: 增减值 | P6: 增值率% | Q6: 备注
O7: =N7-M7 -> 0 | P7: =IF(OR(M7=0,M7=""),"",ROUND(O7/M7*100,2))
O8: =N8-M8 -> 0 | P8: =IF(OR(M8=0,M8=""),"",ROUND(O8/M8*100,2))
O9: =N9-M9 -> 0 | P9: =IF(OR(M9=0,M9=""),"",ROUND(O9/M9*100,2))
O10: =N10-M10 -> 0 | P10: =IF(OR(M10=0,M10=""),"",ROUND(O10/M10*100,2))
O11: =N11-M11 -> 0 | P11: =IF(OR(M11=0,M11=""),"",ROUND(O11/M11*100,2))
O12: =N12-M12 -> 0 | P12: =IF(OR(M12=0,M12=""),"",ROUND(O12/M12*100,2))
O13: =N13-M13 -> 0 | P13: =IF(OR(M13=0,M13=""),"",ROUND(O13/M13*100,2))
O14: =N14-M14 -> 0 | P14: =IF(OR(M14=0,M14=""),"",ROUND(O14/M14*100,2))
O15: =N15-M15 -> 0 | P15: =IF(OR(M15=0,M15=""),"",ROUND(O15/M15*100,2))
O16: =N16-M16 -> 0 | P16: =IF(OR(M16=0,M16=""),"",ROUND(O16/M16*100,2))
O17: =N17-M17 -> 0 | P17: =IF(OR(M17=0,M17=""),"",ROUND(O17/M17*100,2))
O18: =N18-M18 -> 0 | P18: =IF(OR(M18=0,M18=""),"",ROUND(O18/M18*100,2))
... O21: =N21-M21 -> 0 | P21: =IF(OR(M21=0,M21=""),"",ROUND(O21/M21*100,2))
A27: 合 计 | L27: =SUM(L7:L26) -> 0 | M27: =SUM(M7:M26) -> 0 | N27: =SUM(N7:N26) -> 0 | O27: =N27-M27 -> 0 | P27: =IF(OR(M27=0,M27=""),"",ROUND(O27/M27*100,2))
A28: =封面!B$10&封面!D$10 -> 产权持有单位填表人：杨庆华
A29: =封面!B$12&封面!D$12&封面!E$12&封面!F$12&封面!G$12&封面!H$12&封面!I$12 -> 填表日期：2019年1月24日 | N29: ="评估人员："&封面!$P$22 -> 评估人员：

Sheet 4-6-2构筑物
A1: 固定资产—构筑物及其他辅助设施评估明细表
A2: ='1-汇总表'!A2:F2 -> 评估基准日：2018年12月31日
A4: ='1-汇总表'!A4 -> 产权持有人名称：阳煤集团青岛恒源化工有限公司
A5: 序号 | B5: 资产编号 | C5: 名称 | D5: 结构 | E5: 建成 年月 | F5: 长度(m) | G5: 宽度(m) | H5: 高度(m) | I5: 计量单位 | J5: 面积体积m2或m3 | K5: 账面价值 | M5: 评估价值 | P5: 增值率% | Q5: 评估单价(元/m2) | R5: 备注 | V5: 前期费及其他费 | Z5: 资金成本 | AC5: 评估原值 | AF5: 成新率 | AO5: 更新改造及重大维修信息 | AR5: 特殊使用环境 | AS5: 特征尺寸 | AY5: 做法 | AZ5: 会计折旧年限
K6: 原值 | L6: 净值 | M6: 原值 | N6: 成新率% | O6: 净值 | U6: 工程造价 | V6: 前期费率 | W6: 其中：建管费率 | X6: 建设单位管理费 | Y6: 前期费 | Z6: 工期 | AA6: 资金成本率 | AB6: 资金成本 | AC6: 扣减增值税 | AD6: 重置全价 | AE6: 评估单价 | AF6: 耐用年限 | AG6: 评估基准日 | AH6: 建成日期 | AI6: 已使用年限 | AJ6: 尚可使用年限 | AK6: 年限成新率 | AL6: 勘查成新率 | AM6: 综合成新率 | AO6: 时间 | AP6: 内容摘要 | AQ6: 信息来源 | AS6: 长度（m） | AT6: 宽度（m） | AU6: 直径（m） | AV6: 高度/深度（m） | AW6: 厚度（㎜） | AX6: 其他 | AZ6: 耐用年限 | BA6: 入账时间 | BB6: 投入使用时间 | BC6: 已提折旧年限
M7: =AD7 -> 0 | N7: =AM7 -> #REF! | O7: =ROUND(M7*N7/100,0) -> #REF! | P7: =IF(OR(L7=0,L7=""),"",ROUND((O7-L7)/L7*100,2)) | Q7: =IF(ISERROR(M7/J7),"",M7/J7) | V7: 0.0677 | W7: 0.025 | X7: =U7*W7 -> 0 | Y7: =ROUND(U7*V7,2) -> 0 | Z7: 2 | AA7: 0.05 | AB7: =ROUND((U7+Y7)*AA7*Z7/2,0) -> 0 | AC7: =U7/1.11*11%+(Y7-X7)/1.06*6% -> 0 | AD7: =ROUND(U7+Y7+AB7,-2) -> 0 | AE7: =AD7/J7 -> #DIV/0! | AF7: 50 | AG7: =#REF! -> #REF! | AH7: =E7 -> 0 | AI7: =DAYS360(AH7,AG7)/360 -> #REF! | AJ7: =AF7-AI7 -> #REF! | AK7: =ROUND(AJ7/AF7*100,0) -> #REF! | AL7: 30 | AM7: =IF(ROUND(AK7*40%+AL7*60%,0)<30,30,ROUND(AK7*40%+AL7*60%,0)) -> #REF!
M8: =AD8 -> 0 | N8: =AM8 -> 0 | O8: =ROUND(M8*N8/100,0) -> 0 | P8: =IF(OR(L8=0,L8=""),"",ROUND((O8-L8)/L8*100,2)) | Q8: =IF(ISERROR(M8/J8),"",M8/J8)
M9: =AD9 -> 0 | N9: =AM9 -> 0 | O9: =ROUND(M9*N9/100,0) -> 0 | P9: =IF(OR(L9=0,L9=""),"",ROUND((O9-L9)/L9*100,2)) | Q9: =IF(ISERROR(M9/J9),"",M9/J9)
M10: =AD10 -> 0 | N10: =AM10 -> 0 | O10: =ROUND(M10*N10/100,0) -> 0 | P10: =IF(OR(L10=0,L10=""),"",ROUND((O10-L10)/L10*100,2)) | Q10: =IF(ISERROR(M10/J10),"",M10/J10)
M11: =AD11 -> 0 | N11: =AM11 -> 0 | O11: =ROUND(M11*N11/100,0) -> 0 | P11: =IF(OR(L11=0,L11=""),"",ROUND((O11-L11)/L11*100,2)) | Q11: =IF(ISERROR(M11/J11),"",M11/J11)
M12: =AD12 -> 0 | N12: =AM12 -> 0 | O12: =ROUND(M12*N12/100,0) -> 0 | P12: =IF(OR(L12=0,L12=""),"",ROUND((O12-L12)/L12*100,2)) | Q12: =IF(ISERROR(M12/J12),"",M12/J12)
M13: =AD13 -> 0 | N13: =AM13 -> 0 | O13: =ROUND(M13*N13/100,0) -> 0 | P13: =IF(OR(L13=0,L13=""),"",ROUND((O13-L13)/L13*100,2)) | Q13: =IF(ISERROR(M13/J13),"",M13/J13)
M14: =AD14 -> 0 | N14: =AM14 -> 0 | O14: =ROUND(M14*N14/100,0) -> 0 | P14: =IF(OR(L14=0,L14=""),"",ROUND((O14-L14)/L14*100,2)) | Q14: =IF(ISERROR(M14/J14),"",M14/J14)
M15: =AD15 -> 0 | N15: =AM15 -> 0 | O15: =ROUND(M15*N15/100,0) -> 0 | P15: =IF(OR(L15=0,L15=""),"",ROUND((O15-L15)/L15*100,2)) | Q15: =IF(ISERROR(M15/J15),"",M15/J15)
M16: =AD16 -> 0 | N16: =AM16 -> 0 | O16: =ROUND(M16*N16/100,0) -> 0 | Q16: =IF(ISERROR(M16/J16),"",M16/J16)
M17: =AD17 -> 0 | N17: =AM17 -> 0 | O17: =ROUND(M17*N17/100,0) -> 0 | Q17: =IF(ISERROR(M17/J17),"",M17/J17)
M18: =AD18 -> 0 | N18: =AM18 -> 0 | O18: =ROUND(M18*N18/100,0) -> 0 | Q18: =IF(ISERROR(M18/J18),"",M18/J18)
M19: =AD19 -> 0 | N19: =AM19 -> 0 | O19: =ROUND(M19*N19/100,0) -> 0 | Q19: =IF(ISERROR(M19/J19),"",M19/J19)
M20: =AD20 -> 0 | N20: =AM20 -> 0 | O20: =ROUND(M20*N20/100,0) -> 0 | Q20: =IF(ISERROR(M20/J20),"",M20/J20)
M21: =AD21 -> 0 | N21: =AM21 -> 0 | O21: =ROUND(M21*N21/100,0) -> 0 | P21: =IF(OR(L21=0,L21=""),"",ROUND((O21-L21)/L21*100,2)) | Q21: =IF(ISERROR(M21/J21),"",M21/J21)
M22: =AD22 -> 0 | N22: =AM22 -> 0 | O22: =ROUND(M22*N22/100,0) -> 0 | P22: =IF(OR(L22=0,L22=""),"",ROUND((O22-L22)/L22*100,2)) | Q22: =IF(ISERROR(M22/J22),"",M22/J22)
M23: =AD23 -> 0 | N23: =AM23 -> 0 | O23: =ROUND(M23*N23/100,0) -> 0 | P23: =IF(OR(L23=0,L23=""),"",ROUND((O23-L23)/L23*100,2)) | Q23: =IF(ISERROR(M23/J23),"",M23/J23)
M24: =AD24 -> 0 | N24: =AM24 -> 0 | O24: =ROUND(M24*N24/100,0) -> 0 | P24: =IF(OR(L24=0,L24=""),"",ROUND((O24-L24)/L24*100,2)) | Q24: =IF(ISERROR(M24/J24),"",M24/J24)
M25: =AD25 -> 0 | N25: =AM25 -> 0 | O25: =ROUND(M25*N25/100,0) -> 0 | P25: =IF(OR(L25=0,L25=""),"",ROUND((O25-L25)/L25*100,2)) | Q25: =IF(ISERROR(M25/J25),"",M25/J25)
M26: =AD26 -> 0 | N26: =AM26 -> 0 | O26: =ROUND(M26*N26/100,0) -> 0 | P26: =IF(OR(L26=0,L26=""),"",ROUND((O26-L26)/L26*100,2)) | Q26: =IF(ISERROR(M26/J26),"",M26/J26)
M27: =AD27 -> 0 | N27: =AM27 -> 0 | O27: =ROUND(M27*N27/100,0) -> 0 | P27: =IF(OR(L27=0,L27=""),"",ROUND((O27-L27)/L27*100,2)) | Q27: =IF(ISERROR(M27/J27),"",M27/J27)
P28: =IF(OR(L28=0,L28=""),"",ROUND((O28-L28)/L28*100,2)) | Q28: =IF(ISERROR(M28/J28),"",M28/J28)
A29: 小 计 | K29: =SUM(K7:K28) -> 0 | L29: =SUM(L7:L28) -> 0 | M29: =SUM(M7:M28) -> 0 | O29: =SUM(O7:O28) -> #REF! | P29: =IF(OR(L29=0,L29=""),"",ROUND((O29-L29)/L29*100,2)) | Q29: =IF(ISERROR(M29/J29),"",M29/J29)
A30: 减：构筑物及其他辅助设施减值准备 | P30: =IF(OR(L30=0,L30=""),"",ROUND((O30-L30)/L30*100,2))
A31: 合 计 | K31: =K29-ABS(K30) -> 0 | L31: =L29-ABS(L30) -> 0 | M31: =M29-ABS(M30) -> 0 | O31: =O29-ABS(O30) -> #REF! | P31: =IF(OR(L31=0,L31=""),"",ROUND((O31-L31)/L31*100,2))
A32: =封面!B$10&封面!D$10 -> 产权持有单位填表人：杨庆华
A33: =封面!B$12&封面!D$12&封面!E$12&封面!F$12&封面!G$12&封面!H$12&封面!I$12 -> 填表日期：2019年1月24日 | O33: ="评估人员："&封面!$P$26 -> 评估人员：

Sheet 4-6-8井巷工程
A1: 固定资产—井巷工程评估明细表
A2: ='1-汇总表'!A2:F2 -> 评估基准日：2018年12月31日
A4: ='1-汇总表'!A4 -> 产权持有人名称：阳煤集团青岛恒源化工有限公司
A5: 序号 | B5: 资产编号 | C5: 井巷工程名称 | D5: 岩石硬度系数 | E5: 支护方式 | F5: 支护厚度(mm) | G5: 轨重(KG/m) | H5: 掘进断面(m2) | I5: 巷道倾角(度) | J5: 巷道长度(M) | K5: 硐室体积(M3) | L5: 竣工年月 | M5: 尚可服务年限 | N5: 账面价值 | P5: 评估价值 | S5: 增值率% | T5: 评估单价(元/m2) | U5: 备注
N6: 原值 | O6: 净值 | P6: 原值 | Q6: 成新率% | R6: 净值
R7: =ROUND(P7*Q7/100,0) -> 0 | S7: =IF(OR(O7=0,O7=""),"",ROUND((R7-O7)/O7*100,2)) | T7: =IF(ISERROR(P7/J7),"",P7/J7)
R8: =ROUND(P8*Q8/100,0) -> 0 | S8: =IF(OR(O8=0,O8=""),"",ROUND((R8-O8)/O8*100,2)) | T8: =IF(ISERROR(P8/J8),"",P8/J8)
R9: =ROUND(P9*Q9/100,0) -> 0 | S9: =IF(OR(O9=0,O9=""),"",ROUND((R9-O9)/O9*100,2)) | T9: =IF(ISERROR(P9/J9),"",P9/J9)
R10: =ROUND(P10*Q10/100,0) -> 0 | S10: =IF(OR(O10=0,O10=""),"",ROUND((R10-O10)/O10*100,2)) | T10: =IF(ISERROR(P10/J10),"",P10/J10)
R11: =ROUND(P11*Q11/100,0) -> 0 | S11: =IF(OR(O11=0,O11=""),"",ROUND((R11-O11)/O11*100,2)) | T11: =IF(ISERROR(P11/J11),"",P11/J11)
R12: =P12 -> 0 | S12: =IF(OR(O12=0,O12=""),"",ROUND((R12-O12)/O12*100,2)) | T12: =IF(ISERROR(P12/J12),"",P12/J12)
R13: =P13 -> 0 | S13: =IF(OR(O13=0,O13=""),"",ROUND((R13-O13)/O13*100,2)) | T13: =IF(ISERROR(P13/J13),"",P13/J13)
R14: =P14 -> 0 | S14: =IF(OR(O14=0,O14=""),"",ROUND((R14-O14)/O14*100,2)) | T14: =IF(ISERROR(P14/J14),"",P14/J14)
R15: =P15 -> 0 | S15: =IF(OR(O15=0,O15=""),"",ROUND((R15-O15)/O15*100,2)) | T15: =IF(ISERROR(P15/J15),"",P15/J15)
R16: =P16 -> 0 | T16: =IF(ISERROR(P16/J16),"",P16/J16)
R17: =P17 -> 0 | T17: =IF(ISERROR(P17/J17),"",P17/J17)
R18: =P18 -> 0 | T18: =IF(ISERROR(P18/J18),"",P18/J18)
R19: =P19 -> 0 | T19: =IF(ISERROR(P19/J19),"",P19/J19)
R20: =P20 -> 0 | T20: =IF(ISERROR(P20/J20),"",P20/J20)
R21: =P21 -> 0 | S21: =IF(OR(O21=0,O21=""),"",ROUND((R21-O21)/O21*100,2)) | T21: =IF(ISERROR(P21/J21),"",P21/J21)
R22: =P22 -> 0 | S22: =IF(OR(O22=0,O22=""),"",ROUND((R22-O22)/O22*100,2)) | T22: =IF(ISERROR(P22/J22),"",P22/J22)
R23: =P23 -> 0 | S23: =IF(OR(O23=0,O23=""),"",ROUND((R23-O23)/O23*100,2)) | T23: =IF(ISERROR(P23/J23),"",P23/J23)
R24: =P24 -> 0 | S24: =IF(OR(O24=0,O24=""),"",ROUND((R24-O24)/O24*100,2)) | T24: =IF(ISERROR(P24/J24),"",P24/J24)
R25: =P25 -> 0 | S25: =IF(OR(O25=0,O25=""),"",ROUND((R25-O25)/O25*100,2)) | T25: =IF(ISERROR(P25/J25),"",P25/J25)
R26: =P26 -> 0 | S26: =IF(OR(O26=0,O26=""),"",ROUND((R26-O26)/O26*100,2)) | T26: =IF(ISERROR(P26/J26),"",P26/J26)
R27: =P27 -> 0 | S27: =IF(OR(O27=0,O27=""),"",ROUND((R27-O27)/O27*100,2)) | T27: =IF(ISERROR(P27/J27),"",P27/J27)
R28: =P28 -> 0 | S28: =IF(OR(O28=0,O28=""),"",ROUND((R28-O28)/O28*100,2)) | T28: =IF(ISERROR(P28/J28),"",P28/J28)
A29: 小 计 | N29: =SUM(N7:N28) -> 0 | O29: =SUM(O7:O28) -> 0 | P29: =SUM(P7:P28) -> 0 | R29: =SUM(R7:R28) -> 0 | S29: =IF(OR(O29=0,O29=""),"",ROUND((R29-O29)/O29*100,2))
A30: 减：井巷工程减值准备 | S30: =IF(OR(O30=0,O30=""),"",ROUND((R30-O30)/O30*100,2))
A31: 合 计 | N31: =N29-ABS(N30) -> 0 | O31: =O29-ABS(O30) -> 0 | P31: =P29-ABS(P30) -> 0 | R31: =R29-ABS(R30) -> 0 | S31: =IF(OR(O31=0,O31=""),"",ROUND((R31-O31)/O31*100,2))
A32: =封面!B$10&封面!D$10 -> 产权持有单位填表人：杨庆华
A33: =封面!B$12&封面!D$12&封面!E$12&封面!F$12&封面!G$12&封面!H$12&封面!I$12 -> 填表日期：2019年1月24日 | R33: ="评估人员："&封面!$P$26 -> 评估人员：

Sheet 4-6-3管道沟槽
A1: 固定资产—管道和沟槽评估明细表
A2: ='1-汇总表'!A2:F2 -> 评估基准日：2018年12月31日
A4: ='1-汇总表'!A4 -> 产权持有人名称：阳煤集团青岛恒源化工有限公司
A5: 序号 | B5: 资产编号 | C5: 名称 | D5: 长度 (m) | E5: 漕深 (m) | F5: 沟宽*沟厚(mm*mm) 管径*壁厚(mm*mm) | G5: 材质 | H5: 绝缘方式 | I5: 敷设方式 | J5: 建成年月 | K5: 账面价值 | M5: 评估价值 | P5: 增值率% | Q5: 备注
K6: 原值 | L6: 净值 | M6: 原值 | N6: 成新率% | O6: 净值
O7: =ROUND(M7*N7/100,0) -> 0 | P7: =IF(OR(L7=0,L7=""),"",ROUND((O7-L7)/L7*100,2))
O8: =ROUND(M8*N8/100,0) -> 0 | P8: =IF(OR(L8=0,L8=""),"",ROUND((O8-L8)/L8*100,2))
O9: =ROUND(M9*N9/100,0) -> 0 | P9: =IF(OR(L9=0,L9=""),"",ROUND((O9-L9)/L9*100,2))
O10: =ROUND(M10*N10/100,0) -> 0 | P10: =IF(OR(L10=0,L10=""),"",ROUND((O10-L10)/L10*100,2))
O11: =ROUND(M11*N11/100,0) -> 0 | P11: =IF(OR(L11=0,L11=""),"",ROUND((O11-L11)/L11*100,2))
O12: =ROUND(M12*N12/100,0) -> 0 | P12: =IF(OR(L12=0,L12=""),"",ROUND((O12-L12)/L12*100,2))
O13: =ROUND(M13*N13/100,0) -> 0 | P13: =IF(OR(L13=0,L13=""),"",ROUND((O13-L13)/L13*100,2))
O14: =ROUND(M14*N14/100,0) -> 0 | P14: =IF(OR(L14=0,L14=""),"",ROUND((O14-L14)/L14*100,2))
O15: =ROUND(M15*N15/100,0) -> 0 | P15: =IF(OR(L15=0,L15=""),"",ROUND((O15-L15)/L15*100,2))
O16: =ROUND(M16*N16/100,0) -> 0 | P16: =IF(OR(L16=0,L16=""),"",ROUND((O16-L16)/L16*100,2))
O17: =ROUND(M17*N17/100,0) -> 0 | P17: =IF(OR(L17=0,L17=""),"",ROUND((O17-L17)/L17*100,2))
O18: =ROUND(M18*N18/100,0) -> 0 | P18: =IF(OR(L18=0,L18=""),"",ROUND((O18-L18)/L18*100,2))
... O21: =ROUND(M21*N21/100,0) -> 0 | P21: =IF(OR(L21=0,L21=""),"",ROUND((O21-L21)/L21*100,2))
O22: =ROUND(M22*N22/100,0) -> 0
O23: =ROUND(M23*N23/100,0) -> 0
O24: =ROUND(M24*N24/100,0) -> 0
A25: 小 计 | K25: =SUM(K7:K24) -> 0 | L25: =SUM(L7:L24) -> 0 | M25: =SUM(M7:M24) -> 0 | O25: =SUM(O7:O24) -> 0 | P25: =IF(OR(L25=0,L25=""),"",ROUND((O25-L25)/L25*100,2))
A26: 减：管道和沟槽减值准备 | O26: =ROUND(M26*N26/100,0) -> 0 | P26: =IF(OR(L26=0,L26=""),"",ROUND((O26-L26)/L26*100,2))
A27: 合 计 | K27: =K25-ABS(K26) -> 0 | L27: =L25-ABS(L26) -> 0 | M27: =M25-ABS(M26) -> 0 | O27: =O25-ABS(O26) -> 0 | P27: =IF(OR(L27=0,L27=""),"",ROUND((O27-L27)/L27*100,2))
A28: =封面!B$10&封面!D$10 -> 产权持有单位填表人：杨庆华
A29: =封面!B$12&封面!D$12&封面!E$12&封面!F$12&封面!G$12&封面!H$12&封面!I$12 -> 填表日期：2019年1月24日 | O29: ="评估人员："&封面!$P$26 -> 评估人员：

Sheet 4-6-5车辆
A1: 固定资产—车辆评估明细表
A2: ='1-汇总表'!A2:F2 -> 评估基准日：2018年12月31日
A4: ='1-汇总表'!A4 -> 产权持有人名称：阳煤集团青岛恒源化工有限公司
A5: 序号 | B5: 资产编号 | C5: 车辆牌号 | D5: 证载权利人 | E5: 车辆名称 及规格型号 | F5: 生产厂家 | G5: 车辆类型 | H5: 使用性质 | I5: 购置日期 | J5: 启用日期 | K5: 已行驶里程(公里) | L5: 账面价值 | N5: 评估价值 | Q5: 增值率% | R5: 备注
L6: 原值 | M6: 净值 | N6: 原值 | O6: 成新率% | P6: 净值 | T6: 车辆购置费 | U6: 购置税 | V6: 牌照及其它 | W6: 抵扣增值税 | X6: 重置成本 | Y6: 设计里程 | Z6: 已行驶里程 | AA6: 里程成新率 | AB6: 观察法成新率 | AC6: 孰短原则 | AD6: 净值 | AE6: 网址
P7: =ROUND(N7*O7/100,0) -> 0 | Q7: =IF(OR(M7=0,M7=""),"",ROUND((P7-M7)/M7*100,2)) | T7: 90000 | U7: =ROUND(T7/1.17*0.1,2) -> 7692.31 | V7: 500 | W7: =T7/1.17*17% -> 13076.92 | X7: =ROUND((T7+U7+V7-W7),-2) -> 85100 | Y7: 600000 | Z7: =K7 -> 0 | AA7: =(Y7-Z7)/Y7 -> 1 | AB7: 0.6 | AC7: =0.59*100 -> 59 | AE7: http://car.bitauto.com/jingcheng/m102529/baojia/c2202/
P8: =ROUND(N8*O8/100,0) -> 0 | Q8: =IF(OR(M8=0,M8=""),"",ROUND((P8-M8)/M8*100,2))
P9: =ROUND(N9*O9/100,0) -> 0 | Q9: =IF(OR(M9=0,M9=""),"",ROUND((P9-M9)/M9*100,2))
P10: =ROUND(N10*O10/100,0) -> 0 | Q10: =IF(OR(M10=0,M10=""),"",ROUND((P10-M10)/M10*100,2))
P11: =ROUND(N11*O11/100,0) -> 0 | Q11: =IF(OR(M11=0,M11=""),"",ROUND((P11-M11)/M11*100,2))
P12: =ROUND(N12*O12/100,0) -> 0 | Q12: =IF(OR(M12=0,M12=""),"",ROUND((P12-M12)/M12*100,2))
P13: =ROUND(N13*O13/100,0) -> 0 | Q13: =IF(OR(M13=0,M13=""),"",ROUND((P13-M13)/M13*100,2))
P14: =ROUND(N14*O14/100,0) -> 0 | Q14: =IF(OR(M14=0,M14=""),"",ROUND((P14-M14)/M14*100,2))
P15: =ROUND(N15*O15/100,0) -> 0 | Q15: =IF(OR(M15=0,M15=""),"",ROUND((P15-M15)/M15*100,2))
P16: =ROUND(N16*O16/100,0) -> 0 | Q16: =IF(OR(M16=0,M16=""),"",ROUND((P16-M16)/M16*100,2))
P17: =ROUND(N17*O17/100,0) -> 0 | Q17: =IF(OR(M17=0,M17=""),"",ROUND((P17-M17)/M17*100,2))
P18: =ROUND(N18*O18/100,0) -> 0 | Q18: =IF(OR(M18=0,M18=""),"",ROUND((P18-M18)/M18*100,2))
P19: =ROUND(N19*O19/100,0) -> 0 | Q19: =IF(OR(M19=0,M19=""),"",ROUND((P19-M19)/M19*100,2))
... P30: =ROUND(N30*O30/100,0) -> 0 | Q30: =IF(OR(M30=0,M30=""),"",ROUND((P30-M30)/M30*100,2))
A31: 小 计 | L31: =SUM(L7:L30) -> 0 | M31: =SUM(M7:M30) -> 0 | N31: =SUM(N7:N30) -> 0 | P31: =SUM(P7:P30) -> 0 | Q31: =IF(OR(M31=0,M31=""),"",ROUND((P31-M31)/M31*100,2))
A32: 减：车辆减值准备 | Q32: =IF(OR(M32=0,M32=""),"",ROUND((P32-M32)/M32*100,2))
A33: 合 计 | L33: =L31-ABS(L32) -> 0 | M33: =M31-ABS(M32) -> 0 | N33: =N31-ABS(N32) -> 0 | P33: =P31-ABS(P32) -> 0 | Q33: =IF(OR(M33=0,M33=""),"",ROUND((P33-M33)/M33*100,2))
A34: =封面!B$10&封面!D$10 -> 产权持有单位填表人：杨庆华
A35: =封面!B$12&封面!D$12&封面!E$12&封面!F$12&封面!G$12&封面!H$12&封面!I$12 -> 填表日期：2019年1月24日 | P35: ="评估人员："&封面!$P$24 -> 评估人员：杜沛淼、路艳

Sheet 4-6-7其他设备
A1: 固定资产—其他设备评估明细表
A2: ='1-汇总表'!A2:F2 -> 评估基准日：2018年12月31日
A4: ='1-汇总表'!A4 -> 产权持有人名称：阳煤集团青岛恒源化工有限公司
A5: 序号 | B5: 资产编号 | C5: 设备名称 | D5: 规格型号 | E5: 生产厂家 | F5: 计量单位 | G5: 数量 | H5: 购置日期 | I5: 启用日期 | J5: 账面价值 | L5: 评估价值 | O5: 增值率% | P5: 备注
J6: 原值 | K6: 净值 | L6: 原值 | M6: 成新率% | N6: 净值 | R6: 评估单价 | S6: 耐用年限 | T6: 评估基准日 | U6: 已使用年限 | V6: 利用率 | W6: 实际已使用 | X6: 尚可使用 | Y6: 年限成新率
N7: =ROUND(L7*M7/100,0) -> 0 | O7: =IF(OR(K7=0,K7=""),"",ROUND((N7-K7)/K7*100,2)) | S7: 6 | T7: =#REF! -> #REF! | U7: =ROUND((T7-H7)/360,2) -> #REF! | V7: 1 | W7: =U7*V7 -> #REF! | X7: =S7-U7 -> #REF! | Y7: =IF(ROUND(X7/(X7+W7)*100,0)<15,15,ROUND(X7/(X7+W7)*100,0)) -> #REF!
N8: =ROUND(L8*M8/100,0) -> 0 | O8: =IF(OR(K8=0,K8=""),"",ROUND((N8-K8)/K8*100,2))
N9: =ROUND(L9*M9/100,0) -> 0 | O9: =IF(OR(K9=0,K9=""),"",ROUND((N9-K9)/K9*100,2))
N10: =ROUND(L10*M10/100,0) -> 0 | O10: =IF(OR(K10=0,K10=""),"",ROUND((N10-K10)/K10*100,2))
N11: =ROUND(L11*M11/100,0) -> 0 | O11: =IF(OR(K11=0,K11=""),"",ROUND((N11-K11)/K11*100,2))
N12: =ROUND(L12*M12/100,0) -> 0 | O12: =IF(OR(K12=0,K12=""),"",ROUND((N12-K12)/K12*100,2))
N13: =ROUND(L13*M13/100,0) -> 0 | O13: =IF(OR(K13=0,K13=""),"",ROUND((N13-K13)/K13*100,2))
N14: =ROUND(L14*M14/100,0) -> 0 | O14: =IF(OR(K14=0,K14=""),"",ROUND((N14-K14)/K14*100,2))
N15: =ROUND(L15*M15/100,0) -> 0 | O15: =IF(OR(K15=0,K15=""),"",ROUND((N15-K15)/K15*100,2))
N16: =ROUND(L16*M16/100,0) -> 0 | O16: =IF(OR(K16=0,K16=""),"",ROUND((N16-K16)/K16*100,2))
N17: =ROUND(L17*M17/100,0) -> 0 | O17: =IF(OR(K17=0,K17=""),"",ROUND((N17-K17)/K17*100,2))
N18: =ROUND(L18*M18/100,0) -> 0 | O18: =IF(OR(K18=0,K18=""),"",ROUND((N18-K18)/K18*100,2))
N19: =ROUND(L19*M19/100,0) -> 0 | O19: =IF(OR(K19=0,K19=""),"",ROUND((N19-K19)/K19*100,2))
... N28: =ROUND(L28*M28/100,0) -> 0 | O28: =IF(OR(K28=0,K28=""),"",ROUND((N28-K28)/K28*100,2))
A29: 小 计 | J29: =SUM(J7:J28) -> 0 | K29: =SUM(K7:K28) -> 0 | L29: =SUM(L7:L28) -> 0 | N29: =SUM(N7:N28) -> 0 | O29: =IF(OR(K29=0,K29=""),"",ROUND((N29-K29)/K29*100,2))
A30: 减：其他设备减值准备 | O30: =IF(OR(K30=0,K30=""),"",ROUND((N30-K30)/K30*100,2))
A31: 合 计 | J31: =J29-ABS(J30) -> 0 | K31: =K29-ABS(K30) -> 0 | L31: =L29-ABS(L30) -> 0 | N31: =N29-ABS(N30) -> 0 | O31: =IF(OR(K31=0,K31=""),"",ROUND((N31-K31)/K31*100,2))
A32: =封面!B$10&封面!D$10 -> 产权持有单位填表人：杨庆华
A33: =封面!B$12&封面!D$12&封面!E$12&封面!F$12&封面!G$12&封面!H$12&封面!I$12 -> 填表日期：2019年1月24日 | N33: ="评估人员："&封面!$P$24 -> 评估人员：杜沛淼、路艳

Sheet 4-6-8土地
A1: 固定资产—土地评估明细表
A2: ='1-汇总表'!A2:F2 -> 评估基准日：2018年12月31日
A4: ='1-汇总表'!A4 -> 产权持有人名称：阳煤集团青岛恒源化工有限公司
A5: 序号 | B5: 土地权证编号 | C5: 宗地名称 | D5: 土地位置 | E5: 取得日期 | F5: 用地性质 | G5: 土地用途 | H5: 准用年限 | I5: 开发程度 | J5: 面积(m2) | K5: 原始入账价值 | L5: 账面价值 | M5: 评估价值 | N5: 增减值 | O5: 增值率% | P5: 备注
N7: =M7-L7 -> 0 | O7: =IF(OR(L7=0,L7=""),"",ROUND(N7/L7*100,2))
N8: =M8-L8 -> 0 | O8: =IF(OR(L8=0,L8=""),"",ROUND(N8/L8*100,2))
N9: =M9-L9 -> 0 | O9: =IF(OR(L9=0,L9=""),"",ROUND(N9/L9*100,2))
N10: =M10-L10 -> 0 | O10: =IF(OR(L10=0,L10=""),"",ROUND(N10/L10*100,2))
N11: =M11-L11 -> 0 | O11: =IF(OR(L11=0,L11=""),"",ROUND(N11/L11*100,2))
N12: =M12-L12 -> 0 | O12: =IF(OR(L12=0,L12=""),"",ROUND(N12/L12*100,2))
N13: =M13-L13 -> 0 | O13: =IF(OR(L13=0,L13=""),"",ROUND(N13/L13*100,2))
N17: =M17-L17 -> 0 | O17: =IF(OR(L17=0,L17=""),"",ROUND(N17/L17*100,2))
N18: =M18-L18 -> 0 | O18: =IF(OR(L18=0,L18=""),"",ROUND(N18/L18*100,2))
N19: =M19-L19 -> 0 | O19: =IF(OR(L19=0,L19=""),"",ROUND(N19/L19*100,2))
N20: =M20-L20 -> 0 | O20: =IF(OR(L20=0,L20=""),"",ROUND(N20/L20*100,2))
N21: =M21-L21 -> 0 | O21: =IF(OR(L21=0,L21=""),"",ROUND(N21/L21*100,2))
... N23: =M23-L23 -> 0 | O23: =IF(OR(L23=0,L23=""),"",ROUND(N23/L23*100,2))
A28: 合计 | K28: =SUM(K7:K27) -> 0 | L28: =SUM(L7:L27) -> 0 | M28: =SUM(M7:M27) -> 0 | N28: =M28-L28 -> 0 | O28: =IF(OR(L28=0,L28=""),"",ROUND(N28/L28*100,2))
A29: =封面!B$10&封面!D$10 -> 产权持有单位填表人：杨庆华
A30: =封面!B$12&封面!D$12&封面!E$12&封面!F$12&封面!G$12&封面!H$12&封面!I$12 -> 填表日期：2019年1月24日 | M30: ="评估人员："&封面!$P$26 -> 评估人员：

Sheet 4-7在建工程汇总
A1: 在建工程评估汇总表
A2: ='1-汇总表'!A2:F2 -> 评估基准日：2018年12月31日
A4: ='1-汇总表'!A4 -> 产权持有人名称：阳煤集团青岛恒源化工有限公司
A5: 编号 | B5: 科目名称 | C5: 账面价值 | D5: 评估价值 | E5: 增减值 | F5: 增值率%
A6: 4-7-1 | B6: 在建工程—土建工程 | C6: ='4-7-1在建（土建）'!P28 -> 0 | D6: ='4-7-1在建（土建）'!Q28 -> 0 | E6: =D6-C6 -> 0 | F6: =IF(OR(C6=0,C6=""),"",ROUND(E6/C6*100,2))
A7: 4-7-2 | B7: 在建工程—设备安装工程 | C7: =#REF! -> #REF! | D7: =#REF! -> #REF! | E7: =D7-C7 -> #REF! | F7: =IF(OR(C7=0,C7=""),"",ROUND(E7/C7*100,2)) -> #REF!
A26: 在建工程合计 | C26: =C6+C7 -> #REF! | D26: =D6+D7 -> #REF! | E26: =D26-C26 -> #REF! | F26: =IF(OR(C26=0,C26=""),"",ROUND(E26/C26*100,2)) -> #REF!
A27: 减：在建工程减值准备 | C27: ='4-7-1在建（土建）'!P27+#REF! -> #REF! | E27: =D27-C27 -> #REF! | F27: =IF(OR(C27=0,C27=""),"",ROUND(E27/C27*100,2)) -> #REF!
A28: 在建工程合计 | C28: =C26-C27 -> #REF! | D28: =D26-D27 -> #REF! | E28: =D28-C28 -> #REF! | F28: =IF(OR(C28=0,C28=""),"",ROUND(E28/C28*100,2)) -> #REF!
D30: ="评估人员："&封面!$P$26 -> 评估人员：

Sheet 4-7-1在建（土建）
A1: 在建工程—土建工程评估明细表
A2: ='1-汇总表'!A2:F2 -> 评估基准日：2018年12月31日
A4: ='1-汇总表'!A4 -> 产权持有人名称：阳煤集团青岛恒源化工有限公司
A5: 序号 | B5: 土地证编号 | C5: 宗地性质 | D5: 项目名称 | E5: 结构 | F5: 建筑面积/容积 | G5: 开工日期 | H5: 预计完工日期 | I5: 工程总概算数（元） | J5: 其中：土建工程概算数（元） | K5: 建设用地规划许可证编号 | L5: 建设工程规划许可证编号 | M5: 建设工程施工许可证编号 | N5: 形象进度 | O5: 付款比例 | P5: 账面价值 | Q5: 评估价值 | R5: 增减值 | S5: 增值率% | T5: 备注
R6: =Q6-P6 -> 0 | S6: =IF(OR(P6=0,P6=""),"",ROUND(R6/P6*100,2))
R7: =Q7-P7 -> 0 | S7: =IF(OR(P7=0,P7=""),"",ROUND(R7/P7*100,2))
R8: =Q8-P8 -> 0 | S8: =IF(OR(P8=0,P8=""),"",ROUND(R8/P8*100,2))
R9: =Q9-P9 -> 0 | S9: =IF(OR(P9=0,P9=""),"",ROUND(R9/P9*100,2))
R10: =Q10-P10 -> 0 | S10: =IF(OR(P10=0,P10=""),"",ROUND(R10/P10*100,2))
R11: =Q11-P11 -> 0 | S11: =IF(OR(P11=0,P11=""),"",ROUND(R11/P11*100,2))
R12: =Q12-P12 -> 0 | S12: =IF(OR(P12=0,P12=""),"",ROUND(R12/P12*100,2))
R13: =Q13-P13 -> 0 | S13: =IF(OR(P13=0,P13=""),"",ROUND(R13/P13*100,2))
R14: =Q14-P14 -> 0 | S14: =IF(OR(P14=0,P14=""),"",ROUND(R14/P14*100,2))
R16: =Q16-P16 -> 0 | S16: =IF(OR(P16=0,P16=""),"",ROUND(R16/P16*100,2))
R17: =Q17-P17 -> 0 | S17: =IF(OR(P17=0,P17=""),"",ROUND(R17/P17*100,2))
R18: =Q18-P18 -> 0 | S18: =IF(OR(P18=0,P18=""),"",ROUND(R18/P18*100,2))
... R23: =Q23-P23 -> 0 | S23: =IF(OR(P23=0,P23=""),"",ROUND(R23/P23*100,2))
A26: 小 计 | P26: =SUM(P6:P25) -> 0 | Q26: =SUM(Q6:Q25) -> 0 | R26: =Q26-P26 -> 0 | S26: =IF(OR(P26=0,P26=""),"",ROUND(R26/P26*100,2))
A27: 减：在建土建工程减值准备 | R27: =Q27-P27 -> 0 | S27: =IF(OR(P27=0,P27=""),"",ROUND(R27/P27*100,2))
A28: 合 计 | P28: =P26-ABS(P27) -> 0 | Q28: =Q26-ABS(Q27) -> 0 | R28: =Q28-P28 -> 0 | S28: =IF(OR(P28=0,P28=""),"",ROUND(R28/P28*100,2))
A29: =封面!B$10&封面!D$10 -> 产权持有单位填表人：杨庆华
A30: =封面!B$12&封面!D$12&封面!E$12&封面!F$12&封面!G$12&封面!H$12&封面!I$12 -> 填表日期：2019年1月24日 | Q30: ="评估人员："&封面!$P$26 -> 评估人员：

Sheet 4-9固定资产清理
A1: 固定资产清理评估明细表
A2: ='1-汇总表'!A2:F2 -> 评估基准日：2018年12月31日
A4: ='1-汇总表'!A4 -> 产权持有人名称：阳煤集团青岛恒源化工有限公司
A5: 序号 | B5: 待处理资产名称 | C5: 发生日期 | D5: 账面价值 | E5: 评估价值 | F5: 增减值 | G5: 增值率% | H5: 备注
F6: =E6-D6 -> 0 | G6: =IF(OR(D6=0,D6=""),"",ROUND(F6/D6*100,2))
F7: =E7-D7 -> 0 | G7: =IF(OR(D7=0,D7=""),"",ROUND(F7/D7*100,2))
F8: =E8-D8 -> 0 | G8: =IF(OR(D8=0,D8=""),"",ROUND(F8/D8*100,2))
F9: =E9-D9 -> 0 | G9: =IF(OR(D9=0,D9=""),"",ROUND(F9/D9*100,2))
F10: =E10-D10 -> 0 | G10: =IF(OR(D10=0,D10=""),"",ROUND(F10/D10*100,2))
F11: =E11-D11 -> 0 | G11: =IF(OR(D11=0,D11=""),"",ROUND(F11/D11*100,2))
F12: =E12-D12 -> 0 | G12: =IF(OR(D12=0,D12=""),"",ROUND(F12/D12*100,2))
F13: =E13-D13 -> 0 | G13: =IF(OR(D13=0,D13=""),"",ROUND(F13/D13*100,2))
F14: =E14-D14 -> 0 | G14: =IF(OR(D14=0,D14=""),"",ROUND(F14/D14*100,2))
F15: =E15-D15 -> 0 | G15: =IF(OR(D15=0,D15=""),"",ROUND(F15/D15*100,2))
F16: =E16-D16 -> 0 | G16: =IF(OR(D16=0,D16=""),"",ROUND(F16/D16*100,2))
F17: =E17-D17 -> 0 | G17: =IF(OR(D17=0,D17=""),"",ROUND(F17/D17*100,2))
... F21: =E21-D21 -> 0 | G21: =IF(OR(D21=0,D21=""),"",ROUND(F21/D21*100,2))
F22: =E22-D22 -> 0
F23: =E23-D23 -> 0
F24: =E24-D24 -> 0
F25: =E25-D25 -> 0
F26: =E26-D26 -> 0
F27: =E27-D27 -> 0
A28: 合 计 | D28: =SUM(D6:D27) -> 0 | E28: =SUM(E6:E27) -> 0 | F28: =E28-D28 -> 0 | G28: =IF(OR(D28=0,D28=""),"",ROUND(F28/D28*100,2))
A29: =封面!B$10&封面!D$10 -> 产权持有单位填表人：杨庆华
A30: =封面!B$12&封面!D$12&封面!E$12&封面!F$12&封面!G$12&封面!H$12&封面!I$12 -> 填表日期：2019年1月24日 | E30: ="评估人员："&封面!$P$22 -> 评估人员：

Sheet 4-10生产性生物资产
A1: 生产性生物资产评估明细表
A2: ='1-汇总表'!A2:F2 -> 评估基准日：2018年12月31日
A4: ='1-汇总表'!A4 -> 产权持有人名称：阳煤集团青岛恒源化工有限公司
A5: 序号 | B5: 种类 | C5: 群别 | D5: 计量单位 | E5: 数量 | F5: 购置日期 | G5: 账面价值 | I5: 评估价值 | L5: 增值率% | M5: 备注
G6: 原值 | H6: 净值 | I6: 原值 | J6: 成新率% | K6: 净值
K7: =ROUND(I7*J7/100,0) -> 0 | L7: =IF(OR(H7=0,H7=""),"",ROUND((K7-H7)/H7*100,2))
K8: =ROUND(I8*J8/100,0) -> 0 | L8: =IF(OR(H8=0,H8=""),"",ROUND((K8-H8)/H8*100,2))
K9: =ROUND(I9*J9/100,0) -> 0 | L9: =IF(OR(H9=0,H9=""),"",ROUND((K9-H9)/H9*100,2))
K10: =ROUND(I10*J10/100,0) -> 0 | L10: =IF(OR(H10=0,H10=""),"",ROUND((K10-H10)/H10*100,2))
K11: =ROUND(I11*J11/100,0) -> 0 | L11: =IF(OR(H11=0,H11=""),"",ROUND((K11-H11)/H11*100,2))
K12: =ROUND(I12*J12/100,0) -> 0 | L12: =IF(OR(H12=0,H12=""),"",ROUND((K12-H12)/H12*100,2))
K13: =ROUND(I13*J13/100,0) -> 0 | L13: =IF(OR(H13=0,H13=""),"",ROUND((K13-H13)/H13*100,2))
K14: =ROUND(I14*J14/100,0) -> 0 | L14: =IF(OR(H14=0,H14=""),"",ROUND((K14-H14)/H14*100,2))
K15: =ROUND(I15*J15/100,0) -> 0 | L15: =IF(OR(H15=0,H15=""),"",ROUND((K15-H15)/H15*100,2))
K16: =ROUND(I16*J16/100,0) -> 0 | L16: =IF(OR(H16=0,H16=""),"",ROUND((K16-H16)/H16*100,2))
K17: =ROUND(I17*J17/100,0) -> 0 | L17: =IF(OR(H17=0,H17=""),"",ROUND((K17-H17)/H17*100,2))
K18: =ROUND(I18*J18/100,0) -> 0 | L18: =IF(OR(H18=0,H18=""),"",ROUND((K18-H18)/H18*100,2))
... K24: =ROUND(I24*J24/100,0) -> 0 | L24: =IF(OR(H24=0,H24=""),"",ROUND((K24-H24)/H24*100,2))
A26: 合 计 | G26: =SUM(G7:G25) -> 0 | H26: =SUM(H7:H25) -> 0 | I26: =SUM(I7:I25) -> 0 | K26: =SUM(K7:K25) -> 0 | L26: =IF(OR(H26=0,H26=""),"",ROUND((K26-H26)/H26*100,2))
A27: 减：生产性生物资产减值准备 | L27: =IF(OR(H27=0,H27=""),"",ROUND((K27-H27)/H27*100,2))
A28: 净 额 | G28: =G26-ABS(G27) -> 0 | H28: =H26-ABS(H27) -> 0 | I28: =I26-ABS(I27) -> 0 | K28: =K26-ABS(K27) -> 0 | L28: =IF(OR(H28=0,H28=""),"",ROUND((K28-H28)/H28*100,2))
A29: =封面!B$10&封面!D$10 -> 产权持有单位填表人：杨庆华
A30: =封面!B$12&封面!D$12&封面!E$12&封面!F$12&封面!G$12&封面!H$12&封面!I$12 -> 填表日期：2019年1月24日 | K30: ="评估人员："&封面!$P$22 -> 评估人员：

Sheet 4-11油气资产
A1: 油气资产评估明细表
A2: ='1-汇总表'!A2:F2 -> 评估基准日：2018年12月31日
A4: ='1-汇总表'!A4 -> 产权持有人名称：阳煤集团青岛恒源化工有限公司
A5: 序号 | B5: 类别 | C5: 矿区（或油田） | D5: 计量单位 | E5: 数量 | F5: 形成日期 | G5: 来源（购入、自行建造） | H5: 账面价值 | J5: 评估价值 | M5: 增值率% | N5: 备注
H6: 原值 | I6: 净值 | J6: 原值 | K6: 成新率% | L6: 净值
L7: =ROUND(J7*K7/100,0) -> 0 | M7: =IF(OR(I7=0,I7=""),"",ROUND((L7-I7)/I7*100,2))
L8: =ROUND(J8*K8/100,0) -> 0 | M8: =IF(OR(I8=0,I8=""),"",ROUND((L8-I8)/I8*100,2))
L9: =ROUND(J9*K9/100,0) -> 0 | M9: =IF(OR(I9=0,I9=""),"",ROUND((L9-I9)/I9*100,2))
L10: =ROUND(J10*K10/100,0) -> 0 | M10: =IF(OR(I10=0,I10=""),"",ROUND((L10-I10)/I10*100,2))
L11: =ROUND(J11*K11/100,0) -> 0 | M11: =IF(OR(I11=0,I11=""),"",ROUND((L11-I11)/I11*100,2))
L12: =ROUND(J12*K12/100,0) -> 0 | M12: =IF(OR(I12=0,I12=""),"",ROUND((L12-I12)/I12*100,2))
L13: =ROUND(J13*K13/100,0) -> 0 | M13: =IF(OR(I13=0,I13=""),"",ROUND((L13-I13)/I13*100,2))
L14: =ROUND(J14*K14/100,0) -> 0 | M14: =IF(OR(I14=0,I14=""),"",ROUND((L14-I14)/I14*100,2))
L15: =ROUND(J15*K15/100,0) -> 0 | M15: =IF(OR(I15=0,I15=""),"",ROUND((L15-I15)/I15*100,2))
L18: =ROUND(J18*K18/100,0) -> 0 | M18: =IF(OR(I18=0,I18=""),"",ROUND((L18-I18)/I18*100,2))
L19: =ROUND(J19*K19/100,0) -> 0 | M19: =IF(OR(I19=0,I19=""),"",ROUND((L19-I19)/I19*100,2))
L20: =ROUND(J20*K20/100,0) -> 0 | M20: =IF(OR(I20=0,I20=""),"",ROUND((L20-I20)/I20*100,2))
... L23: =ROUND(J23*K23/100,0) -> 0 | M23: =IF(OR(I23=0,I23=""),"",ROUND((L23-I23)/I23*100,2))
A26: 合 计 | H26: =SUM(H7:H25) -> 0 | I26: =SUM(I7:I25) -> 0 | J26: =SUM(J7:J25) -> 0 | L26: =SUM(L7:L25) -> 0 | M26: =IF(OR(I26=0,I26=""),"",ROUND((L26-I26)/I26*100,2))
A27: 减：油气资产减值准备 | M27: =IF(OR(I27=0,I27=""),"",ROUND((L27-I27)/I27*100,2))
A28: 净 额 | H28: =H26-ABS(H27) -> 0 | I28: =I26-ABS(I27) -> 0 | J28: =J26-ABS(J27) -> 0 | L28: =L26-ABS(L27) -> 0 | M28: =IF(OR(I28=0,I28=""),"",ROUND((L28-I28)/I28*100,2))
A29: =封面!B$10&封面!D$10 -> 产权持有单位填表人：杨庆华
A30: =封面!B$12&封面!D$12&封面!E$12&封面!F$12&封面!G$12&封面!H$12&封面!I$12 -> 填表日期：2019年1月24日 | L30: ="评估人员："&封面!$P$22 -> 评估人员：

Sheet 4-12无形资产汇总
A1: 无形资产评估汇总表
A2: ='1-汇总表'!A2:F2 -> 评估基准日：2018年12月31日
A4: ='1-汇总表'!A4 -> 产权持有人名称：阳煤集团青岛恒源化工有限公司
A5: 编号 | B5: 科目名称 | C5: 账面价值 | D5: 评估价值 | E5: 增减值 | F5: 增值率%
A6: 4-12-1 | B6: 无形资产-土地使用权 | C6: ='4-12-1无形-土地'!M32 -> 0 | D6: ='4-12-1无形-土地'!N32 -> 0 | E6: =D6-C6 -> 0 | F6: =IF(OR(C6=0,C6=""),"",ROUND(E6/C6*100,2))
A7: 4-12-2 | B7: 无形资产-矿业权 | C7: ='4-12-2无形-矿业权'!J30 -> 0 | D7: ='4-12-2无形-矿业权'!K30 -> 0 | E7: =D7-C7 -> 0 | F7: =IF(OR(C7=0,C7=""),"",ROUND(E7/C7*100,2))
A8: 4-12-3 | B8: 无形资产-其他无形资产 | C8: ='4-12-3无形-其他'!F27 -> 0 | D8: ='4-12-3无形-其他'!H27 -> 0 | E8: =D8-C8 -> 0 | F8: =IF(OR(C8=0,C8=""),"",ROUND(E8/C8*100,2))
A26: 合 计 | C26: =C6+C7+C8 -> 0 | D26: =D6+D7+D8 -> 0 | E26: =D26-C26 -> 0 | F26: =IF(OR(C26=0,C26=""),"",ROUND(E26/C26*100,2))
A27: 减：无形资产减值准备 | E27: =D27-C27 -> 0 | F27: =IF(OR(C27=0,C27=""),"",ROUND(E27/C27*100,2))
A28: 合 计 | C28: =C26-C27 -> 0 | D28: =D26-D27 -> 0 | E28: =D28-C28 -> 0 | F28: =IF(OR(C28=0,C28=""),"",ROUND(E28/C28*100,2))
E30: ="评估人员："&封面!$P$28 -> 评估人员：

Sheet 4-12-1无形-土地
A1: 无形资产—土地使用权评估明细表
A2: ='1-汇总表'!A2:F2 -> 评估基准日：2018年12月31日
A4: ='1-汇总表'!A4 -> 产权持有人名称：阳煤集团青岛恒源化工有限公司
A5: 序号 | B5: 土地权证编号 | C5: 宗地名称 | D5: 证载权利人名称 | E5: 土地位置 | F5: 取得日期 | G5: 用地性质 | H5: 土地用途 | I5: 准用年限 | J5: 开发程度 | K5: 面积(m2) | L5: 原始入账价值 | M5: 账面价值 | N5: 评估价值 | O5: 增减值 | P5: 增值率% | Q5: 备注
O6: =N6-M6 -> 0 | P6: =IF(OR(M6=0,M6=""),"",ROUND(O6/M6*100,2))
O7: =N7-M7 -> 0 | P7: =IF(OR(M7=0,M7=""),"",ROUND(O7/M7*100,2))
O8: =N8-M8 -> 0 | P8: =IF(OR(M8=0,M8=""),"",ROUND(O8/M8*100,2))
O9: =N9-M9 -> 0 | P9: =IF(OR(M9=0,M9=""),"",ROUND(O9/M9*100,2))
O10: =N10-M10 -> 0 | P10: =IF(OR(M10=0,M10=""),"",ROUND(O10/M10*100,2))
O11: =N11-M11 -> 0 | P11: =IF(OR(M11=0,M11=""),"",ROUND(O11/M11*100,2))
O12: =N12-M12 -> 0 | P12: =IF(OR(M12=0,M12=""),"",ROUND(O12/M12*100,2))
O20: =N20-M20 -> 0 | P20: =IF(OR(M20=0,M20=""),"",ROUND(O20/M20*100,2))
O21: =N21-M21 -> 0 | P21: =IF(OR(M21=0,M21=""),"",ROUND(O21/M21*100,2))
O22: =N22-M22 -> 0 | P22: =IF(OR(M22=0,M22=""),"",ROUND(O22/M22*100,2))
O23: =N23-M23 -> 0 | P23: =IF(OR(M23=0,M23=""),"",ROUND(O23/M23*100,2))
O24: =N24-M24 -> 0 | P24: =IF(OR(M24=0,M24=""),"",ROUND(O24/M24*100,2))
... O29: =N29-M29 -> 0 | P29: =IF(OR(M29=0,M29=""),"",ROUND(O29/M29*100,2))
O30: =N30-M30 -> 0
O31: =N31-M31 -> 0
A32: 合 计 | L32: =SUM(L6:L31) -> 0 | M32: =SUM(M6:M31) -> 0 | N32: =SUM(N6:N31) -> 0 | O32: =N32-M32 -> 0 | P32: =IF(OR(M32=0,M32=""),"",ROUND(O32/M32*100,2))
A33: =封面!B$10&封面!D$10 -> 产权持有单位填表人：杨庆华
A34: =封面!B$12&封面!D$12&封面!E$12&封面!F$12&封面!G$12&封面!H$12&封面!I$12 -> 填表日期：2019年1月24日 | N34: ="评估人员："&封面!$P$28 -> 评估人员：

Sheet 4-12-2无形-矿业权
A1: 无形资产—矿业权评估明细表
A2: ='1-汇总表'!A2:F2 -> 评估基准日：2018年12月31日
A4: ='1-汇总表'!A4 -> 产权持有人名称：阳煤集团青岛恒源化工有限公司
A5: 序号 | B5: 名称、种类（探矿权/采矿权） | C5: 勘查（采矿）许可证编号 | D5: 取得方式 | E5: 取得日期 | F5: 剩余有效年限 | G5: 勘查开发阶段 | H5: 核定（批准）生产规模 | I5: 原始入账价值 | J5: 账面价值 | K5: 评估价值 | L5: 增减值 | M5: 增值率% | N5: 备注
L6: =K6-J6 -> 0 | M6: =IF(OR(J6=0,J6=""),"",ROUND(L6/J6*100,2))
L7: =K7-J7 -> 0 | M7: =IF(OR(J7=0,J7=""),"",ROUND(L7/J7*100,2))
L8: =K8-J8 -> 0 | M8: =IF(OR(J8=0,J8=""),"",ROUND(L8/J8*100,2))
L9: =K9-J9 -> 0 | M9: =IF(OR(J9=0,J9=""),"",ROUND(L9/J9*100,2))
L10: =K10-J10 -> 0 | M10: =IF(OR(J10=0,J10=""),"",ROUND(L10/J10*100,2))
L11: =K11-J11 -> 0 | M11: =IF(OR(J11=0,J11=""),"",ROUND(L11/J11*100,2))
L12: =K12-J12 -> 0 | M12: =IF(OR(J12=0,J12=""),"",ROUND(L12/J12*100,2))
L13: =K13-J13 -> 0 | M13: =IF(OR(J13=0,J13=""),"",ROUND(L13/J13*100,2))
L14: =K14-J14 -> 0 | M14: =IF(OR(J14=0,J14=""),"",ROUND(L14/J14*100,2))
L18: =K18-J18 -> 0 | M18: =IF(OR(J18=0,J18=""),"",ROUND(L18/J18*100,2))
L19: =K19-J19 -> 0 | M19: =IF(OR(J19=0,J19=""),"",ROUND(L19/J19*100,2))
L20: =K20-J20 -> 0 | M20: =IF(OR(J20=0,J20=""),"",ROUND(L20/J20*100,2))
... L27: =K27-J27 -> 0 | M27: =IF(OR(J27=0,J27=""),"",ROUND(L27/J27*100,2))
A30: 合 计 | I30: =SUM(I6:I29) -> 0 | J30: =SUM(J6:J29) -> 0 | K30: =SUM(K6:K29) -> 0 | L30: =K30-J30 -> 0 | M30: =IF(OR(J30=0,J30=""),"",ROUND(L30/J30*100,2))
A31: =封面!B$10&封面!D$10 -> 产权持有单位填表人：杨庆华
A32: =封面!B$12&封面!D$12&封面!E$12&封面!F$12&封面!G$12&封面!H$12&封面!I$12 -> 填表日期：2019年1月24日 | K32: ="评估人员："&封面!$P$28 -> 评估人员：

Sheet 4-12-3无形-其他
A1: 无形资产—其他无形资产评估明细表
A2: ='1-汇总表'!A2:F2 -> 评估基准日：2018年12月31日
A4: ='1-汇总表'!A4 -> 产权持有人名称：阳煤集团青岛恒源化工有限公司
A5: 序号 | B5: 无形资产名称和内容 | C5: 取得日期 | D5: 法定/预计使用年限 | E5: 原始入账价值 | F5: 账面价值 | G5: 尚可使用年限 | H5: 评估价值 | I5: 增减值 | J5: 增值率% | K5: 备注
I6: =H6-F6 -> 0 | J6: =IF(OR(F6=0,F6=""),"",ROUND(I6/F6*100,2))
I7: =H7-F7 -> 0 | J7: =IF(OR(F7=0,F7=""),"",ROUND(I7/F7*100,2))
I8: =H8-F8 -> 0 | J8: =IF(OR(F8=0,F8=""),"",ROUND(I8/F8*100,2))
I9: =H9-F9 -> 0 | J9: =IF(OR(F9=0,F9=""),"",ROUND(I9/F9*100,2))
I10: =H10-F10 -> 0 | J10: =IF(OR(F10=0,F10=""),"",ROUND(I10/F10*100,2))
I11: =H11-F11 -> 0 | J11: =IF(OR(F11=0,F11=""),"",ROUND(I11/F11*100,2))
I12: =H12-F12 -> 0 | J12: =IF(OR(F12=0,F12=""),"",ROUND(I12/F12*100,2))
I13: =H13-F13 -> 0 | J13: =IF(OR(F13=0,F13=""),"",ROUND(I13/F13*100,2))
I14: =H14-F14 -> 0 | J14: =IF(OR(F14=0,F14=""),"",ROUND(I14/F14*100,2))
I15: =H15-F15 -> 0 | J15: =IF(OR(F15=0,F15=""),"",ROUND(I15/F15*100,2))
I17: =H17-F17 -> 0 | J17: =IF(OR(F17=0,F17=""),"",ROUND(I17/F17*100,2))
I18: =H18-F18 -> 0 | J18: =IF(OR(F18=0,F18=""),"",ROUND(I18/F18*100,2))
... I23: =H23-F23 -> 0 | J23: =IF(OR(F23=0,F23=""),"",ROUND(I23/F23*100,2))
I24: =H24-F24 -> 0
I25: =H25-F25 -> 0
I26: =H26-F26 -> 0
A27: 合 计 | F27: =SUM(F6:F26) -> 0 | H27: =SUM(H6:H26) -> 0 | I27: =H27-F27 -> 0 | J27: =IF(OR(F27=0,F27=""),"",ROUND(I27/F27*100,2))
A28: =封面!B$10&封面!D$10 -> 产权持有单位填表人：杨庆华
A29: =封面!B$12&封面!D$12&封面!E$12&封面!F$12&封面!G$12&封面!H$12&封面!I$12 -> 填表日期：2019年1月24日 | H29: ="评估人员："&封面!$P$28 -> 评估人员：

Sheet 4-13开发支出
A1: 开发支出评估明细表
A2: ='1-汇总表'!A2:F2 -> 评估基准日：2018年12月31日
A4: ='1-汇总表'!A4 -> 产权持有人名称：阳煤集团青岛恒源化工有限公司
A5: 序号 | B5: 内容或名称 | C5: 发生日期 | D5: 账面价值 | E5: 评估价值 | F5: 增减值 | G5: 增值率% | H5: 备注
E6: =D6 -> 0 | F6: =E6-D6 -> 0 | G6: =IF(OR(D6=0,D6=""),"",ROUND(F6/D6*100,2))
E7: =D7 -> 0 | F7: =E7-D7 -> 0 | G7: =IF(OR(D7=0,D7=""),"",ROUND(F7/D7*100,2))
E8: =D8 -> 0 | F8: =E8-D8 -> 0 | G8: =IF(OR(D8=0,D8=""),"",ROUND(F8/D8*100,2))
E9: =D9 -> 0 | F9: =E9-D9 -> 0 | G9: =IF(OR(D9=0,D9=""),"",ROUND(F9/D9*100,2))
E10: =D10 -> 0 | F10: =E10-D10 -> 0 | G10: =IF(OR(D10=0,D10=""),"",ROUND(F10/D10*100,2))
E11: =D11 -> 0 | F11: =E11-D11 -> 0 | G11: =IF(OR(D11=0,D11=""),"",ROUND(F11/D11*100,2))
E12: =D12 -> 0 | F12: =E12-D12 -> 0 | G12: =IF(OR(D12=0,D12=""),"",ROUND(F12/D12*100,2))
E14: =D14 -> 0 | F14: =E14-D14 -> 0 | G14: =IF(OR(D14=0,D14=""),"",ROUND(F14/D14*100,2))
E15: =D15 -> 0 | F15: =E15-D15 -> 0 | G15: =IF(OR(D15=0,D15=""),"",ROUND(F15/D15*100,2))
E16: =D16 -> 0 | F16: =E16-D16 -> 0 | G16: =IF(OR(D16=0,D16=""),"",ROUND(F16/D16*100,2))
E17: =D17 -> 0 | F17: =E17-D17 -> 0 | G17: =IF(OR(D17=0,D17=""),"",ROUND(F17/D17*100,2))
E18: =D18 -> 0 | F18: =E18-D18 -> 0 | G18: =IF(OR(D18=0,D18=""),"",ROUND(F18/D18*100,2))
... E23: =D23 -> 0 | F23: =E23-D23 -> 0 | G23: =IF(OR(D23=0,D23=""),"",ROUND(F23/D23*100,2))
A27: 合 计 | D27: =SUM(D6:D26) -> 0 | E27: =SUM(E6:E26) -> 0 | F27: =E27-D27 -> 0 | G27: =IF(OR(D27=0,D27=""),"",ROUND(F27/D27*100,2))
A28: =封面!B$10&封面!D$10 -> 产权持有单位填表人：杨庆华
A29: =封面!B$12&封面!D$12&封面!E$12&封面!F$12&封面!G$12&封面!H$12&封面!I$12 -> 填表日期：2019年1月24日 | E29: ="评估人员："&封面!$P$22 -> 评估人员：

Sheet 4-14商誉
A1: 商誉评估明细表
A2: ='1-汇总表'!A2:F2 -> 评估基准日：2018年12月31日
A4: ='1-汇总表'!A4 -> 产权持有人名称：阳煤集团青岛恒源化工有限公司
A5: 序号 | B5: 内容或名称 | C5: 取得日期 | D5: 账面价值 | E5: 评估价值 | F5: 增减值 | G5: 增值率% | H5: 备注
F6: =E6-D6 -> 0 | G6: =IF(OR(D6=0,D6=""),"",ROUND(F6/D6*100,2))
F7: =E7-D7 -> 0 | G7: =IF(OR(D7=0,D7=""),"",ROUND(F7/D7*100,2))
F8: =E8-D8 -> 0 | G8: =IF(OR(D8=0,D8=""),"",ROUND(F8/D8*100,2))
F9: =E9-D9 -> 0 | G9: =IF(OR(D9=0,D9=""),"",ROUND(F9/D9*100,2))
F10: =E10-D10 -> 0 | G10: =IF(OR(D10=0,D10=""),"",ROUND(F10/D10*100,2))
F11: =E11-D11 -> 0 | G11: =IF(OR(D11=0,D11=""),"",ROUND(F11/D11*100,2))
F12: =E12-D12 -> 0 | G12: =IF(OR(D12=0,D12=""),"",ROUND(F12/D12*100,2))
F13: =E13-D13 -> 0 | G13: =IF(OR(D13=0,D13=""),"",ROUND(F13/D13*100,2))
F15: =E15-D15 -> 0 | G15: =IF(OR(D15=0,D15=""),"",ROUND(F15/D15*100,2))
F16: =E16-D16 -> 0 | G16: =IF(OR(D16=0,D16=""),"",ROUND(F16/D16*100,2))
F17: =E17-D17 -> 0 | G17: =IF(OR(D17=0,D17=""),"",ROUND(F17/D17*100,2))
F18: =E18-D18 -> 0 | G18: =IF(OR(D18=0,D18=""),"",ROUND(F18/D18*100,2))
... F21: =E21-D21 -> 0 | G21: =IF(OR(D21=0,D21=""),"",ROUND(F21/D21*100,2))
A25: 合 计 | D25: =SUM(D6:D24) -> 0 | E25: =SUM(E6:E24) -> 0 | F25: =E25-D25 -> 0 | G25: =IF(OR(D25=0,D25=""),"",ROUND(F25/D25*100,2))
A26: 减：商誉减值准备 | F26: =E26-D26 -> 0 | G26: =IF(OR(D26=0,D26=""),"",ROUND(F26/D26*100,2))
A27: 净 额 | D27: =D25-ABS(D26) -> 0 | E27: =E25-ABS(E26) -> 0 | F27: =E27-D27 -> 0 | G27: =IF(OR(D27=0,D27=""),"",ROUND(F27/D27*100,2))
A28: =封面!B$10&封面!D$10 -> 产权持有单位填表人：杨庆华
A29: =封面!B$12&封面!D$12&封面!E$12&封面!F$12&封面!G$12&封面!H$12&封面!I$12 -> 填表日期：2019年1月24日 | E29: ="评估人员："&封面!$P$22 -> 评估人员：

Sheet 4-15长期待摊费用
A1: 长期待摊费用评估明细表
A2: ='1-汇总表'!A2:F2 -> 评估基准日：2018年12月31日
A4: ='1-汇总表'!A4 -> 产权持有人名称：阳煤集团青岛恒源化工有限公司
A5: 序号 | B5: 费用名称或内容 | C5: 形成日期 | D5: 原始发生额 | E5: 预计摊 销月数 | F5: 账面价值 | G5: 尚存受 益月数 | H5: 评估价值 | I5: 增减值 | J5: 增值率% | K5: 备注
I6: =H6-F6 -> 0 | J6: =IF(OR(F6=0,F6=""),"",ROUND(I6/F6*100,2))
I7: =H7-F7 -> 0 | J7: =IF(OR(F7=0,F7=""),"",ROUND(I7/F7*100,2))
I8: =H8-F8 -> 0 | J8: =IF(OR(F8=0,F8=""),"",ROUND(I8/F8*100,2))
I9: =H9-F9 -> 0 | J9: =IF(OR(F9=0,F9=""),"",ROUND(I9/F9*100,2))
I10: =H10-F10 -> 0 | J10: =IF(OR(F10=0,F10=""),"",ROUND(I10/F10*100,2))
I11: =H11-F11 -> 0 | J11: =IF(OR(F11=0,F11=""),"",ROUND(I11/F11*100,2))
I12: =H12-F12 -> 0 | J12: =IF(OR(F12=0,F12=""),"",ROUND(I12/F12*100,2))
I13: =H13-F13 -> 0 | J13: =IF(OR(F13=0,F13=""),"",ROUND(I13/F13*100,2))
I14: =H14-F14 -> 0 | J14: =IF(OR(F14=0,F14=""),"",ROUND(I14/F14*100,2))
I15: =H15-F15 -> 0 | J15: =IF(OR(F15=0,F15=""),"",ROUND(I15/F15*100,2))
I16: =H16-F16 -> 0
I17: =H17-F17 -> 0 | J17: =IF(OR(F17=0,F17=""),"",ROUND(I17/F17*100,2))
I18: =H18-F18 -> 0 | J18: =IF(OR(F18=0,F18=""),"",ROUND(I18/F18*100,2))
I19: =H19-F19 -> 0 | J19: =IF(OR(F19=0,F19=""),"",ROUND(I19/F19*100,2))
I20: =H20-F20 -> 0 | J20: =IF(OR(F20=0,F20=""),"",ROUND(I20/F20*100,2))
I21: =H21-F21 -> 0 | J21: =IF(OR(F21=0,F21=""),"",ROUND(I21/F21*100,2))
I22: =H22-F22 -> 0 | J22: =IF(OR(F22=0,F22=""),"",ROUND(I22/F22*100,2))
I23: =H23-F23 -> 0 | J23: =IF(OR(F23=0,F23=""),"",ROUND(I23/F23*100,2))
I24: =H24-F24 -> 0 | J24: =IF(OR(F24=0,F24=""),"",ROUND(I24/F24*100,2))
I25: =H25-F25 -> 0
I26: =H26-F26 -> 0
A27: 合 计 | F27: =SUM(F6:F26) -> 0 | H27: =SUM(H6:H26) -> 0 | I27: =H27-F27 -> 0 | J27: =IF(OR(F27=0,F27=""),"",ROUND(I27/F27*100,2))
A28: =封面!B$10&封面!D$10 -> 产权持有单位填表人：杨庆华
A29: =封面!B$12&封面!D$12&封面!E$12&封面!F$12&封面!G$12&封面!H$12&封面!I$12 -> 填表日期：2019年1月24日 | H29: ="评估人员："&封面!$P$22 -> 评估人员：

Sheet 4-16递延所得税资产
A1: 递延所得税资产评估明细表
A2: ='1-汇总表'!A2:F2 -> 评估基准日：2018年12月31日
A4: ='1-汇总表'!A4 -> 产权持有人名称：阳煤集团青岛恒源化工有限公司
A5: 序号 | B5: 内容或名称 | C5: 发生日期 | D5: 账面价值 | E5: 评估价值 | F5: 备注
E6: =D6 -> 0
E7: =D7 -> 0
E8: =D8 -> 0
E9: =D9 -> 0
E10: =D10 -> 0
E11: =D11 -> 0
E14: =D14 -> 0
E15: =D15 -> 0
E16: =D16 -> 0
E17: =D17 -> 0
E18: =D18 -> 0
E19: =D19 -> 0
... E25: =D25 -> 0
A28: 合 计 | D28: =SUM(D6:D27) -> 0 | E28: =SUM(E6:E27) -> 0
A29: =封面!B$10&封面!D$10 -> 产权持有单位填表人：杨庆华
A30: =封面!B$12&封面!D$12&封面!E$12&封面!F$12&封面!G$12&封面!H$12&封面!I$12 -> 填表日期：2019年1月24日 | E30: ="评估人员："&封面!$P$22 -> 评估人员：

Sheet 4-17其他非流动资产
A1: 其他非流动资产评估明细表
A2: ='1-汇总表'!A2:F2 -> 评估基准日：2018年12月31日
A4: ='1-汇总表'!A4 -> 产权持有人名称：阳煤集团青岛恒源化工有限公司
A5: 序号 | B5: 内容或名称 | C5: 取得日期 | D5: 账面价值 | E5: 评估价值 | F5: 增减值 | G5: 增值率% | H5: 备注
E6: =D6 -> 0 | F6: =E6-D6 -> 0 | G6: =IF(OR(D6=0,D6=""),"",ROUND(F6/D6*100,2))
E7: =D7 -> 0 | F7: =E7-D7 -> 0 | G7: =IF(OR(D7=0,D7=""),"",ROUND(F7/D7*100,2))
E8: =D8 -> 0 | F8: =E8-D8 -> 0 | G8: =IF(OR(D8=0,D8=""),"",ROUND(F8/D8*100,2))
E9: =D9 -> 0 | F9: =E9-D9 -> 0 | G9: =IF(OR(D9=0,D9=""),"",ROUND(F9/D9*100,2))
E10: =D10 -> 0 | F10: =E10-D10 -> 0 | G10: =IF(OR(D10=0,D10=""),"",ROUND(F10/D10*100,2))
E11: =D11 -> 0 | F11: =E11-D11 -> 0 | G11: =IF(OR(D11=0,D11=""),"",ROUND(F11/D11*100,2))
E12: =D12 -> 0 | F12: =E12-D12 -> 0 | G12: =IF(OR(D12=0,D12=""),"",ROUND(F12/D12*100,2))
E13: =D13 -> 0 | F13: =E13-D13 -> 0 | G13: =IF(OR(D13=0,D13=""),"",ROUND(F13/D13*100,2))
E14: =D14 -> 0 | F14: =E14-D14 -> 0
E15: =D15 -> 0 | F15: =E15-D15 -> 0
E16: =D16 -> 0 | F16: =E16-D16 -> 0 | G16: =IF(OR(D16=0,D16=""),"",ROUND(F16/D16*100,2))
E17: =D17 -> 0 | F17: =E17-D17 -> 0 | G17: =IF(OR(D17=0,D17=""),"",ROUND(F17/D17*100,2))
E18: =D18 -> 0 | F18: =E18-D18 -> 0 | G18: =IF(OR(D18=0,D18=""),"",ROUND(F18/D18*100,2))
E19: =D19 -> 0 | F19: =E19-D19 -> 0 | G19: =IF(OR(D19=0,D19=""),"",ROUND(F19/D19*100,2))
E20: =D20 -> 0 | F20: =E20-D20 -> 0 | G20: =IF(OR(D20=0,D20=""),"",ROUND(F20/D20*100,2))
E21: =D21 -> 0 | F21: =E21-D21 -> 0 | G21: =IF(OR(D21=0,D21=""),"",ROUND(F21/D21*100,2))
E22: =D22 -> 0 | F22: =E22-D22 -> 0 | G22: =IF(OR(D22=0,D22=""),"",ROUND(F22/D22*100,2))
E23: =D23 -> 0 | F23: =E23-D23 -> 0 | G23: =IF(OR(D23=0,D23=""),"",ROUND(F23/D23*100,2))
E24: =D24 -> 0 | F24: =E24-D24 -> 0 | G24: =IF(OR(D24=0,D24=""),"",ROUND(F24/D24*100,2))
E25: =D25 -> 0 | F25: =E25-D25 -> 0 | G25: =IF(OR(D25=0,D25=""),"",ROUND(F25/D25*100,2))
A28: 合 计 | D28: =SUM(D6:D27) -> 0 | E28: =SUM(E6:E27) -> 0 | F28: =SUM(F6:F27) -> 0 | G28: =IF(OR(D28=0,D28=""),"",ROUND(F28/D28*100,2))
A29: =封面!B$10&封面!D$10 -> 产权持有单位填表人：杨庆华
A30: =封面!B$12&封面!D$12&封面!E$12&封面!F$12&封面!G$12&封面!H$12&封面!I$12 -> 填表日期：2019年1月24日 | E30: ="评估人员："&封面!$P$22 -> 评估人员：

Sheet 5-流动负债汇总
A1: 流动负债评估汇总表
A2: ='1-汇总表'!A2:F2 -> 评估基准日：2018年12月31日
A4: ='1-汇总表'!A4 -> 产权持有人名称：阳煤集团青岛恒源化工有限公司
A5: 编号 | B5: 科目名称 | C5: 账面价值 | D5: 评估价值 | E5: 增值额 | F5: 增值率%
A6: 5-1 | B6: 短期借款 | C6: ='5-1短期借款'!H28 -> 0 | D6: ='5-1短期借款'!J28 -> 0 | E6: =D6-C6 -> 0 | F6: =IF(C6<>0,ROUND(100*E6/ABS(C6),2),0) -> 0
A7: 5-2 | B7: 交易性金融负债 | C7: ='5-2交易性金融负债'!E28 -> 0 | D7: ='5-2交易性金融负债'!F28 -> 0 | E7: =D7-C7 -> 0 | F7: =IF(C7<>0,ROUND(100*E7/ABS(C7),2),0) -> 0
A8: 5-3 | B8: 应付票据 | C8: ='5-3应付票据'!F28 -> 0 | D8: ='5-3应付票据'!G28 -> 0 | E8: =D8-C8 -> 0 | F8: =IF(C8<>0,ROUND(100*E8/ABS(C8),2),0) -> 0
A9: 5-4 | B9: 应付账款 | C9: ='5-4应付账款'!E28 -> 0 | D9: ='5-4应付账款'!F28 -> 0 | E9: =D9-C9 -> 0 | F9: =IF(C9<>0,ROUND(100*E9/ABS(C9),2),0) -> 0
A10: 5-5 | B10: 预收款项 | C10: ='5-5预收账款'!E28 -> 0 | D10: ='5-5预收账款'!F28 -> 0 | E10: =D10-C10 -> 0 | F10: =IF(C10<>0,ROUND(100*E10/ABS(C10),2),0) -> 0
A11: 5-6 | B11: 应付职工薪酬 | C11: ='5-6职工薪酬'!D28 -> 0 | D11: ='5-6职工薪酬'!E28 -> 0 | E11: =D11-C11 -> 0 | F11: =IF(C11<>0,ROUND(100*E11/ABS(C11),2),0) -> 0
A12: 5-7 | B12: 应交税费 | C12: ='5-7应交税费'!E28 -> 0 | D12: ='5-7应交税费'!F28 -> 0 | E12: =D12-C12 -> 0 | F12: =IF(C12<>0,ROUND(100*E12/ABS(C12),2),0) -> 0
A13: 5-8 | B13: 应付利息 | C13: ='5-8应付利息'!G28 -> 0 | D13: ='5-8应付利息'!H28 -> 0 | E13: =D13-C13 -> 0 | F13: =IF(C13<>0,ROUND(100*E13/ABS(C13),2),0) -> 0
A14: 5-9 | B14: 应付股利（应付利润） | C14: ='5-9应付股利（利润）'!E28 -> 0 | D14: ='5-9应付股利（利润）'!F28 -> 0 | E14: =D14-C14 -> 0 | F14: =IF(C14<>0,ROUND(100*E14/ABS(C14),2),0) -> 0
A15: 5-10 | B15: 其他应付款 | C15: ='5-10其他应付款'!E28 -> 0 | D15: ='5-10其他应付款'!F28 -> 0 | E15: =D15-C15 -> 0 | F15: =IF(C15<>0,ROUND(100*E15/ABS(C15),2),0) -> 0
A16: 5-11 | B16: 一年内到期的非流动负债 | C16: ='5-11一年到期非流动负债'!F28 -> 0 | D16: ='5-11一年到期非流动负债'!G28 -> 0 | E16: =D16-C16 -> 0 | F16: =IF(C16<>0,ROUND(100*E16/ABS(C16),2),0) -> 0
A17: 5-12 | B17: 其他流动负债 | C17: ='5-12其他流动负债'!E28 -> 0 | D17: ='5-12其他流动负债'!F28 -> 0 | E17: =D17-C17 -> 0 | F17: =IF(C17<>0,ROUND(100*E17/ABS(C17),2),0) -> 0
A28: 流动负债合计 | C28: =SUM(C6:C17) -> 0 | D28: =SUM(D6:D17) -> 0 | E28: =D28-C28 -> 0 | F28: =IF(C28<>0,ROUND(100*E28/ABS(C28),2),0) -> 0
E30: ="评估人员："&封面!$P$30 -> 评估人员：

Sheet 5-1短期借款
A1: 短期借款评估明细表
A2: ='1-汇总表'!A2:F2 -> 评估基准日：2018年12月31日
A4: ='1-汇总表'!A4 -> 产权持有人名称：阳煤集团青岛恒源化工有限公司
A5: 序号 | B5: 放款银行（或机构）名称 | C5: 发生日期 | D5: 到期日 | E5: 月利率% | F5: 币种 | G5: 外币金额 | H5: 账面价值 | I5: 外币基准日汇率 | J5: 评估价值 | K5: 备注
J6: =H6 -> 0
J7: =H7 -> 0
J8: =H8 -> 0
J9: =H9 -> 0
J10: =H10 -> 0
J13: =H13 -> 0
J14: =H14 -> 0
J15: =H15 -> 0
J16: =H16 -> 0
J17: =H17 -> 0
J18: =H18 -> 0
J19: =H19 -> 0
... J24: =H24 -> 0
A28: 合 计 | H28: =SUM(H6:H27) -> 0 | J28: =SUM(J6:J27) -> 0
A29: =封面!B$10&封面!D$10 -> 产权持有单位填表人：杨庆华
A30: =封面!B$12&封面!D$12&封面!E$12&封面!F$12&封面!G$12&封面!H$12&封面!I$12 -> 填表日期：2019年1月24日 | J30: ="评估人员："&封面!$P$30 -> 评估人员：

Sheet 5-2交易性金融负债
A1: 交易性金融负债评估明细表
A2: ='1-汇总表'!A2:F2 -> 评估基准日：2018年12月31日
A4: ='1-汇总表'!A4 -> 产权持有人名称：阳煤集团青岛恒源化工有限公司
A5: 序号 | B5: 户名（结算对象) | C5: 发生日期 | D5: 业务内容 | E5: 账面价值 | F5: 评估价值 | G5: 备注
F6: =E6 -> 0
F7: =E7 -> 0
F8: =E8 -> 0
F9: =E9 -> 0
F10: =E10 -> 0
F11: =E11 -> 0
F14: =E14 -> 0
F15: =E15 -> 0
F16: =E16 -> 0
F17: =E17 -> 0
F18: =E18 -> 0
F19: =E19 -> 0
... F25: =E25 -> 0
A28: 合 计 | E28: =SUM(E6:E27) -> 0 | F28: =SUM(F6:F27) -> 0
A29: =封面!B$10&封面!D$10 -> 产权持有单位填表人：杨庆华
A30: =封面!B$12&封面!D$12&封面!E$12&封面!F$12&封面!G$12&封面!H$12&封面!I$12 -> 填表日期：2019年1月24日 | F30: ="评估人员："&封面!$P$30 -> 评估人员：

Sheet 5-3应付票据
A1: 应付票据评估明细表
A2: ='1-汇总表'!A2:F2 -> 评估基准日：2018年12月31日
A4: ='1-汇总表'!A4 -> 产权持有人名称：阳煤集团青岛恒源化工有限公司
A5: 序号 | B5: 户名（结算对象） | C5: 发生日期 | D5: 到期日 | E5: 票面利率% | F5: 账面价值 | G5: 评估价值 | H5: 备注
G6: =F6 -> 0
G7: =F7 -> 0
G8: =F8 -> 0
G9: =F9 -> 0
G10: =F10 -> 0
G11: =F11 -> 0
G12: =F12 -> 0
G14: =F14 -> 0
G15: =F15 -> 0
G16: =F16 -> 0
G17: =F17 -> 0
G18: =F18 -> 0
... G23: =F23 -> 0
A28: 合 计 | F28: =SUM(F6:F27) -> 0 | G28: =SUM(G6:G27) -> 0
A29: =封面!B$10&封面!D$10 -> 产权持有单位填表人：杨庆华
A30: =封面!B$12&封面!D$12&封面!E$12&封面!F$12&封面!G$12&封面!H$12&封面!I$12 -> 填表日期：2019年1月24日 | G30: ="评估人员："&封面!$P$30 -> 评估人员：

Sheet 5-4应付账款
A1: 应付账款评估明细表
A2: ='1-汇总表'!A2:F2 -> 评估基准日：2018年12月31日
A4: ='1-汇总表'!A4 -> 产权持有人名称：阳煤集团青岛恒源化工有限公司
A5: 序号 | B5: 户名（结算对象） | C5: 发生日期 | D5: 业务内容 | E5: 账面价值 | F5: 评估价值 | G5: 备注
F6: =E6 -> 0
F7: =E7 -> 0
F8: =E8 -> 0
F9: =E9 -> 0
F10: =E10 -> 0
F11: =E11 -> 0
F12: =E12 -> 0
F13: =E13 -> 0
F14: =E14 -> 0
F15: =E15 -> 0
F16: =E16 -> 0
F17: =E17 -> 0
... F27: =E27 -> 0
A28: 合 计 | E28: =SUM(E6:E27) -> 0 | F28: =SUM(F6:F27) -> 0
A29: =封面!B$10&封面!D$10 -> 产权持有单位填表人：杨庆华
A30: =封面!B$12&封面!D$12&封面!E$12&封面!F$12&封面!G$12&封面!H$12&封面!I$12 -> 填表日期：2019年1月24日 | F30: ="评估人员："&封面!$P$30 -> 评估人员：

Sheet 5-5预收账款
A1: 预收账款评估明细表
A2: ='1-汇总表'!A2:F2 -> 评估基准日：2018年12月31日
A4: ='1-汇总表'!A4 -> 产权持有人名称：阳煤集团青岛恒源化工有限公司
A5: 序号 | B5: 户名（结算对象） | C5: 发生日期 | D5: 业务内容 | E5: 账面价值 | F5: 评估价值 | G5: 备注
F6: =E6 -> 0
F7: =E7 -> 0
F8: =E8 -> 0
F9: =E9 -> 0
F10: =E10 -> 0
F11: =E11 -> 0
F12: =E12 -> 0
F13: =E13 -> 0
F15: =E15 -> 0
F16: =E16 -> 0
F17: =E17 -> 0
F18: =E18 -> 0
... F24: =E24 -> 0
A28: 合 计 | E28: =SUM(E6:E27) -> 0 | F28: =SUM(F6:F27) -> 0
A29: =封面!B$10&封面!D$10 -> 产权持有单位填表人：杨庆华
A30: =封面!B$12&封面!D$12&封面!E$12&封面!F$12&封面!G$12&封面!H$12&封面!I$12 -> 填表日期：2019年1月24日 | F30: ="评估人员："&封面!$P$30 -> 评估人员：

Sheet 5-6职工薪酬
A1: 应付职工薪酬评估明细表
A2: ='1-汇总表'!A2:F2 -> 评估基准日：2018年12月31日
A4: ='1-汇总表'!A4 -> 产权持有人名称：阳煤集团青岛恒源化工有限公司
A5: 序号 | B5: 结算内容 | C5: 发生日期 | D5: 账面价值 | E5: 评估价值 | F5: 备注
A6: 1 | B6: 工资、奖金、津贴和补贴 | E6: =D6 -> 0
A7: 2 | B7: 职工福利费 | E7: =D7 -> 0
A8: 3 | B8: 医疗保险费 | E8: =D8 -> 0
A9: 4 | B9: 基本养老保险费 | E9: =D9 -> 0
A10: 5 | B10: 年金缴费 | E10: =D10 -> 0
A11: 6 | B11: 失业保险费 | E11: =D11 -> 0
A12: 7 | B12: 工伤保险费 | E12: =D12 -> 0
A13: 8 | B13: 生育保险费 | E13: =D13 -> 0
A14: 9 | B14: 住房公积金 | E14: =D14 -> 0
A15: 10 | B15: 工会经费 | E15: =D15 -> 0
A16: 11 | B16: 职工教育经费 | E16: =D16 -> 0
A17: 12 | B17: 非货币性福利 | E17: =D17 -> 0
... A20: 15 | B20: 其他 | E20: =D20 -> 0
A28: 合 计 | D28: =SUM(D6:D27) -> 0 | E28: =SUM(E6:E27) -> 0
A29: =封面!B$10&封面!D$10 -> 产权持有单位填表人：杨庆华
A30: =封面!B$12&封面!D$12&封面!E$12&封面!F$12&封面!G$12&封面!H$12&封面!I$12 -> 填表日期：2019年1月24日 | E30: ="评估人员："&封面!$P$30 -> 评估人员：

Sheet 5-7应交税费
A1: 应交税费评估明细表
A2: ='1-汇总表'!A2:F2 -> 评估基准日：2018年12月31日
A4: ='1-汇总表'!A4 -> 产权持有人名称：阳煤集团青岛恒源化工有限公司
A5: 序号 | B5: 征税机关 | C5: 发生日期 | D5: 税费种类 | E5: 账面价值 | F5: 评估价值 | G5: 备注
F6: =E6 -> 0
F7: =E7 -> 0
F8: =E8 -> 0
F9: =E9 -> 0
F10: =E10 -> 0
F11: =E11 -> 0
F12: =E12 -> 0
F13: =E13 -> 0
F14: =E14 -> 0
F15: =E15 -> 0
F16: =E16 -> 0
F18: =E18 -> 0
... F24: =E24 -> 0
A28: 合 计 | E28: =SUM(E6:E27) -> 0 | F28: =SUM(F6:F27) -> 0
A29: =封面!B$10&封面!D$10 -> 产权持有单位填表人：杨庆华
A30: =封面!B$12&封面!D$12&封面!E$12&封面!F$12&封面!G$12&封面!H$12&封面!I$12 -> 填表日期：2019年1月24日 | F30: ="评估人员："&封面!$P$30 -> 评估人员：

Sheet 5-8应付利息
A1: 应付利息评估明细表
A2: ='1-汇总表'!A2:F2 -> 评估基准日：2018年12月31日
A4: ='1-汇总表'!A4 -> 产权持有人名称：阳煤集团青岛恒源化工有限公司
A5: 序号 | B5: 户名（结算对象） | C5: 发生日期 | D5: 本金 | E5: 利息所属期间 | F5: 利息率% | G5: 账面价值 | H5: 评估价值 | I5: 备注
H6: =G6 -> 0
H7: =G7 -> 0
H8: =G8 -> 0
H9: =G9 -> 0
H10: =G10 -> 0
H11: =G11 -> 0
H12: =G12 -> 0
H13: =G13 -> 0
H14: =G14 -> 0
H15: =G15 -> 0
H16: =G16 -> 0
H17: =G17 -> 0
... H23: =G23 -> 0
A28: 合 计 | G28: =SUM(G6:G27) -> 0 | H28: =SUM(H6:H27) -> 0
A29: =封面!B$10&封面!D$10 -> 产权持有单位填表人：杨庆华
A30: =封面!B$12&封面!D$12&封面!E$12&封面!F$12&封面!G$12&封面!H$12&封面!I$12 -> 填表日期：2019年1月24日 | H30: ="评估人员："&封面!$P$30 -> 评估人员：

Sheet 5-9应付股利（利润）
A1: 应付股利（应付利润）评估明细表
A2: ='1-汇总表'!A2:F2 -> 评估基准日：2018年12月31日
A4: ='1-汇总表'!A4 -> 产权持有人名称：阳煤集团青岛恒源化工有限公司
A5: 序号 | B5: 投资单位名称（股东） | C5: 发生日期 | D5: 利润所属期间 | E5: 账面价值 | F5: 评估价值 | G5: 备注
F6: =E6 -> 0
F7: =E7 -> 0
F8: =E8 -> 0
F9: =E9 -> 0
F10: =E10 -> 0
F11: =E11 -> 0
F12: =E12 -> 0
F13: =E13 -> 0
F14: =E14 -> 0
F15: =E15 -> 0
F16: =E16 -> 0
F17: =E17 -> 0
... F23: =E23 -> 0
A28: 合 计 | E28: =SUM(E6:E27) -> 0 | F28: =SUM(F6:F27) -> 0
A29: =封面!B$10&封面!D$10 -> 产权持有单位填表人：杨庆华
A30: =封面!B$12&封面!D$12&封面!E$12&封面!F$12&封面!G$12&封面!H$12&封面!I$12 -> 填表日期：2019年1月24日 | F30: ="评估人员："&封面!$P$30 -> 评估人员：

Sheet 5-10其他应付款
A1: 其他应付款评估明细表
A2: ='1-汇总表'!A2:F2 -> 评估基准日：2018年12月31日
A4: ='1-汇总表'!A4 -> 产权持有人名称：阳煤集团青岛恒源化工有限公司
A5: 序号 | B5: 户名（结算对象） | C5: 发生日期 | D5: 业务内容 | E5: 账面价值 | F5: 评估价值 | G5: 备注
F6: =E6 -> 0
F7: =E7 -> 0
F8: =E8 -> 0
F9: =E9 -> 0
F10: =E10 -> 0
F11: =E11 -> 0
F12: =E12 -> 0
F13: =E13 -> 0
F14: =E14 -> 0
F15: =E15 -> 0
F16: =E16 -> 0
F17: =E17 -> 0
... F27: =E27 -> 0
A28: 合 计 | E28: =SUM(E6:E27) -> 0 | F28: =SUM(F6:F27) -> 0
A29: =封面!B$10&封面!D$10 -> 产权持有单位填表人：杨庆华
A30: =封面!B$12&封面!D$12&封面!E$12&封面!F$12&封面!G$12&封面!H$12&封面!I$12 -> 填表日期：2019年1月24日 | F30: ="评估人员："&封面!$P$30 -> 评估人员：

Sheet 5-11一年到期非流动负债
A1: 一年内到期的非流动负债评估明细表
A2: ='1-汇总表'!A2:F2 -> 评估基准日：2018年12月31日
A4: ='1-汇总表'!A4 -> 产权持有人名称：阳煤集团青岛恒源化工有限公司
A5: 序号 | B5: 结算项目 | C5: 发生日期 | D5: 到期日 | E5: 票面月利率% | F5: 账面价值 | G5: 评估价值 | H5: 备注
G6: =F6 -> 0
G7: =F7 -> 0
G8: =F8 -> 0
G9: =F9 -> 0
G10: =F10 -> 0
G11: =F11 -> 0
G12: =F12 -> 0
G13: =F13 -> 0
G14: =F14 -> 0
G15: =F15 -> 0
G16: =F16 -> 0
G17: =F17 -> 0
... G27: =F27 -> 0
A28: 合 计 | F28: =SUM(F6:F27) -> 0 | G28: =SUM(G6:G27) -> 0
A29: =封面!B$10&封面!D$10 -> 产权持有单位填表人：杨庆华
A30: =封面!B$12&封面!D$12&封面!E$12&封面!F$12&封面!G$12&封面!H$12&封面!I$12 -> 填表日期：2019年1月24日 | G30: ="评估人员："&封面!$P$18 -> 评估人员：

Sheet 5-12其他流动负债
A1: 其他流动负债评估明细表
A2: ='1-汇总表'!A2:F2 -> 评估基准日：2018年12月31日
A4: ='1-汇总表'!A4 -> 产权持有人名称：阳煤集团青岛恒源化工有限公司
A5: 序号 | B5: 户名（结算对象） | C5: 发生日期 | D5: 结算内容 | E5: 账面价值 | F5: 评估价值 | G5: 备注
F6: =E6 -> 0
F7: =E7 -> 0
F8: =E8 -> 0
F9: =E9 -> 0
F10: =E10 -> 0
F11: =E11 -> 0
F12: =E12 -> 0
F13: =E13 -> 0
F14: =E14 -> 0
F15: =E15 -> 0
F16: =E16 -> 0
F18: =E18 -> 0
... F24: =E24 -> 0
A28: 合 计 | E28: =SUM(E6:E27) -> 0 | F28: =SUM(F6:F27) -> 0
A29: =封面!B$10&封面!D$10 -> 产权持有单位填表人：杨庆华
A30: =封面!B$12&封面!D$12&封面!E$12&封面!F$12&封面!G$12&封面!H$12&封面!I$12 -> 填表日期：2019年1月24日 | F30: ="评估人员："&封面!$P$30 -> 评估人员：

Sheet 6-非流动负债汇总 
A1: 非流动负债评估汇总表
A2: ='1-汇总表'!A2:F2 -> 评估基准日：2018年12月31日
A4: ='1-汇总表'!A4 -> 产权持有人名称：阳煤集团青岛恒源化工有限公司
A5: 编号 | B5: 科目名称 | C5: 账面价值 | D5: 评估价值 | E5: 增值额 | F5: 增值率%
A6: 6-1 | B6: 长期借款 | C6: ='6-1长期借款'!H28 -> 0 | D6: ='6-1长期借款'!J28 -> 0 | E6: =D6-C6 -> 0 | F6: =IF(C6<>0,ROUND(100*E6/ABS(C6),2),0) -> 0
A7: 6-2 | B7: 应付债券 | C7: ='6-2应付债券'!G29 -> 0 | D7: ='6-2应付债券'!H29 -> 0 | E7: =D7-C7 -> 0 | F7: =IF(C7<>0,ROUND(100*E7/ABS(C7),2),0) -> 0
A8: 6-3 | B8: 长期应付款 | C8: ='6-3长期应付款'!G28 -> 0 | D8: ='6-3长期应付款'!H28 -> 0 | E8: =D8-C8 -> 0 | F8: =IF(C8<>0,ROUND(100*E8/ABS(C8),2),0) -> 0
A9: 6-4 | B9: 专项应付款 | C9: ='6-4专项应付款'!E27 -> 0 | D9: ='6-4专项应付款'!F27 -> 0 | E9: =D9-C9 -> 0 | F9: =IF(C9<>0,ROUND(100*E9/ABS(C9),2),0) -> 0
A10: 6-5 | B10: 预计负债 | C10: ='6-5预计负债'!E28 -> 0 | D10: ='6-5预计负债'!F28 -> 0 | E10: =D10-C10 -> 0 | F10: =IF(C10<>0,ROUND(100*E10/ABS(C10),2),0) -> 0
A11: 6-6 | B11: 递延所得税负债 | C11: ='6-6递延所得税负债'!D28 -> 0 | D11: ='6-6递延所得税负债'!E28 -> 0 | E11: =D11-C11 -> 0 | F11: =IF(C11<>0,ROUND(100*E11/ABS(C11),2),0) -> 0
A12: 6-7 | B12: 其他非流动负债 | C12: ='6-7其他非流动负债'!E28 -> 0 | D12: ='6-7其他非流动负债'!F28 -> 0 | E12: =D12-C12 -> 0 | F12: =IF(C12<>0,ROUND(100*E12/ABS(C12),2),0) -> 0
A28: 非流动负债合计 | C28: =SUM(C6:C12) -> 0 | D28: =SUM(D6:D12) -> 0 | E28: =D28-C28 -> 0 | F28: =IF(C28<>0,ROUND(100*E28/ABS(C28),2),0) -> 0
D30: ="评估人员："&封面!$P$30 -> 评估人员：

Sheet 6-1长期借款
A1: 长期借款评估明细表
A2: ='1-汇总表'!A2:F2 -> 评估基准日：2018年12月31日
A4: ='1-汇总表'!A4 -> 产权持有人名称：阳煤集团青岛恒源化工有限公司
A5: 序号 | B5: 放款银行（或机构）名称 | C5: 发生日期 | D5: 到期日 | E5: 月利率% | F5: 币种 | G5: 外币金额 | H5: 账面价值 | I5: 外币基准日汇率 | J5: 评估价值 | K5: 备注
J6: =H6 -> 0
J7: =H7 -> 0
J8: =H8 -> 0
J9: =H9 -> 0
J10: =H10 -> 0
J11: =H11 -> 0
J12: =H12 -> 0
J13: =H13 -> 0
J14: =H14 -> 0
J15: =H15 -> 0
J16: =H16 -> 0
J17: =H17 -> 0
... J27: =H27 -> 0
A28: 合 计 | H28: =SUM(H6:H27) -> 0 | J28: =SUM(J6:J27) -> 0
A29: =封面!B$10&封面!D$10 -> 产权持有单位填表人：杨庆华
A30: =封面!B$12&封面!D$12&封面!E$12&封面!F$12&封面!G$12&封面!H$12&封面!I$12 -> 填表日期：2019年1月24日 | J30: ="评估人员："&封面!$P$30 -> 评估人员：

Sheet 6-2应付债券
A2: 应付债券评估明细表
A3: ='1-汇总表'!A2:F2 -> 评估基准日：2018年12月31日
A5: ='1-汇总表'!A4 -> 产权持有人名称：阳煤集团青岛恒源化工有限公司
A6: 序号 | B6: 债券发行单位 | C6: 债券种类 | D6: 发生日期 | E6: 到期日 | F6: 票面利率% | G6: 账面价值 | H6: 评估价值 | I6: 备 注
H7: =G7 -> 0
H8: =G8 -> 0
H9: =G9 -> 0
H10: =G10 -> 0
H11: =G11 -> 0
H12: =G12 -> 0
H13: =G13 -> 0
H14: =G14 -> 0
H15: =G15 -> 0
H16: =G16 -> 0
H17: =G17 -> 0
H18: =G18 -> 0
... H27: =G27 -> 0
A29: 合 计 | G29: =SUM(G7:G28) -> 0 | H29: =SUM(H7:H28) -> 0
A30: =封面!B$10&封面!D$10 -> 产权持有单位填表人：杨庆华
A31: =封面!B$12&封面!D$12&封面!E$12&封面!F$12&封面!G$12&封面!H$12&封面!I$12 -> 填表日期：2019年1月24日 | H31: ="评估人员："&封面!$P$30 -> 评估人员：

Sheet 6-3长期应付款
A1: 长期应付款评估明细表
A2: ='1-汇总表'!A2:F2 -> 评估基准日：2018年12月31日
A4: ='1-汇总表'!A4 -> 产权持有人名称：阳煤集团青岛恒源化工有限公司
A5: 序号 | B5: 户名（结算对象） | C5: 发生日期 | D5: 业务内容 | E5: 账面价值 | H5: 评估价值 | I5: 备注
E6: 初始额 | F6: 利息及汇率净损失 | G6: 合计
G7: =E7-F7 -> 0 | H7: =G7 -> 0
G8: =E8-F8 -> 0 | H8: =G8 -> 0
G9: =E9-F9 -> 0 | H9: =G9 -> 0
G10: =E10-F10 -> 0 | H10: =G10 -> 0
G11: =E11-F11 -> 0 | H11: =G11 -> 0
G12: =E12-F12 -> 0 | H12: =G12 -> 0
G13: =E13-F13 -> 0 | H13: =G13 -> 0
G14: =E14-F14 -> 0 | H14: =G14 -> 0
G15: =E15-F15 -> 0 | H15: =G15 -> 0
G16: =E16-F16 -> 0 | H16: =G16 -> 0
G17: =E17-F17 -> 0 | H17: =G17 -> 0
G18: =E18-F18 -> 0 | H18: =G18 -> 0
... G27: =E27-F27 -> 0 | H27: =G27 -> 0
A28: 合 计 | G28: =SUM(G7:G27) -> 0 | H28: =SUM(H7:H27) -> 0
A29: =封面!B$10&封面!D$10 -> 产权持有单位填表人：杨庆华
A30: =封面!B$12&封面!D$12&封面!E$12&封面!F$12&封面!G$12&封面!H$12&封面!I$12 -> 填表日期：2019年1月24日 | H30: ="评估人员："&封面!$P$30 -> 评估人员：

Sheet 6-4专项应付款
A1: 专项应付款评估明细表
A2: ='1-汇总表'!A2:F2 -> 评估基准日：2018年12月31日
A4: ='1-汇总表'!A4 -> 产权持有人名称：阳煤集团青岛恒源化工有限公司
A5: 序号 | B5: 户名（或结算对象） | C5: 款项内容 | D5: 发生日期 | E5: 账面价值 | F5: 评估价值 | G5: 备 注
F6: =E6 -> 0
F7: =E7 -> 0
F8: =E8 -> 0
F9: =E9 -> 0
F10: =E10 -> 0
F11: =E11 -> 0
F12: =E12 -> 0
F13: =E13 -> 0
F14: =E14 -> 0
F15: =E15 -> 0
F16: =E16 -> 0
F17: =E17 -> 0
... F26: =E26 -> 0
A27: 合 计 | E27: =SUM(E6:E26) -> 0 | F27: =SUM(F6:F26) -> 0
A28: =封面!B$10&封面!D$10 -> 产权持有单位填表人：杨庆华
A29: =封面!B$12&封面!D$12&封面!E$12&封面!F$12&封面!G$12&封面!H$12&封面!I$12 -> 填表日期：2019年1月24日 | F29: ="评估人员："&封面!$P$30 -> 评估人员：

Sheet 6-5预计负债
A1: 预计负债评估明细表
A2: ='1-汇总表'!A2:F2 -> 评估基准日：2018年12月31日
A4: ='1-汇总表'!A4 -> 产权持有人名称：阳煤集团青岛恒源化工有限公司
A5: 序号 | B5: 户名（结算对象） | C5: 发生日期 | D5: 核算内容 | E5: 账面价值 | F5: 评估价值 | G5: 备注
F6: =E6 -> 0
F7: =E7 -> 0
F8: =E8 -> 0
F9: =E9 -> 0
F10: =E10 -> 0
F11: =E11 -> 0
F12: =E12 -> 0
F13: =E13 -> 0
F14: =E14 -> 0
F15: =E15 -> 0
F16: =E16 -> 0
F17: =E17 -> 0
... F27: =E27 -> 0
A28: 合 计 | E28: =SUM(E6:E27) -> 0 | F28: =SUM(F6:F27) -> 0
A29: =封面!B$10&封面!D$10 -> 产权持有单位填表人：杨庆华
A30: =封面!B$12&封面!D$12&封面!E$12&封面!F$12&封面!G$12&封面!H$12&封面!I$12 -> 填表日期：2019年1月24日 | F30: ="评估人员："&封面!$P$30 -> 评估人员：

Sheet 6-6递延所得税负债
A1: 递延所得税负债评估明细表
A2: ='1-汇总表'!A2:F2 -> 评估基准日：2018年12月31日
A4: ='1-汇总表'!A4 -> 产权持有人名称：阳煤集团青岛恒源化工有限公司
A5: 序号 | B5: 内容 | C5: 发生日期 | D5: 账面价值 | E5: 评估价值 | F5: 备注
E6: =D6 -> 0
E7: =D7 -> 0
E8: =D8 -> 0
E9: =D9 -> 0
E10: =D10 -> 0
E11: =D11 -> 0
E12: =D12 -> 0
E13: =D13 -> 0
E14: =D14 -> 0
E15: =D15 -> 0
E16: =D16 -> 0
E17: =D17 -> 0
... E27: =D27 -> 0
A28: 合 计 | D28: =SUM(D6:D27) -> 0 | E28: =SUM(E6:E27) -> 0
A29: =封面!B$10&封面!D$10 -> 产权持有单位填表人：杨庆华
A30: =封面!B$12&封面!D$12&封面!E$12&封面!F$12&封面!G$12&封面!H$12&封面!I$12 -> 填表日期：2019年1月24日 | E30: ="评估人员："&封面!$P$30 -> 评估人员：

Sheet 6-7其他非流动负债
A1: 其他非流动负债评估明细表
A2: ='1-汇总表'!A2:F2 -> 评估基准日：2018年12月31日
A4: ='1-汇总表'!A4 -> 产权持有人名称：阳煤集团青岛恒源化工有限公司
A5: 序号 | B5: 户名（结算对象） | C5: 发生日期 | D5: 结算内容 | E5: 账面价值 | F5: 评估价值 | G5: 备注
F6: =E6 -> 0
F7: =E7 -> 0
F8: =E8 -> 0
F9: =E9 -> 0
F10: =E10 -> 0
F11: =E11 -> 0
F12: =E12 -> 0
F13: =E13 -> 0
F14: =E14 -> 0
F15: =E15 -> 0
F16: =E16 -> 0
F17: =E17 -> 0
... F27: =E27 -> 0
A28: 合 计 | E28: =SUM(E6:E27) -> 0 | F28: =SUM(F6:F27) -> 0
A29: =封面!B$10&封面!D$10 -> 产权持有单位填表人：杨庆华
A30: =封面!B$12&封面!D$12&封面!E$12&封面!F$12&封面!G$12&封面!H$12&封面!I$12 -> 填表日期：2019年1月24日 | F30: ="评估人员："&封面!$P$30 -> 评估人员：

Sheet 恒源标的1
A1: 恒源化工设备明细
G2: 单位：元
A3: 序号 | B3: 设备名称 | C3: 计量单位 | D3: 数量 | E3: 规格型号 | F3: 账面价值 | G3: 评估价值
A4: 1 | B4: 浓硝卸车泵 | C4: 台 | D4: 1 | E4: IHE65-50-1 | F4: 3025.51 | G4: 515
A5: 2 | B5: 硫酸卸车泵 | C5: 台 | D5: 1 | E5: 50FB-40 | F5: 2313.63 | G5: 107
A6: 3 | B6: 配酸循环泵 | C6: 台 | D6: 1 | E6: 65FB-40 | F6: 2758.55 | G6: 410
A7: 4 | B7: 混酸输送泵 | C7: 台 | D7: 1 | E7: 65FB-40 | F7: 3781.88 | G7: 1022
A8: 5 | B8: 碱液输送泵 | C8: 台 | D8: 1 | E8: HJ40-25-20 | F8: 3781.88 | G8: 654.8
A9: 6 | B9: 硝基苯卸车泵 | C9: 台 | D9: 1 | E9: 50FB-40 | F9: 7029.86 | G9: 1394
A10: 7 | B10: 萃取硝基苯泵 | C10: 台 | D10: 1 | E10: AD*1.6-54 | F10: 5339.14 | G10: 1899
A11: 8 | B11: 萃取废酸泵 | C11: 台 | D11: 1 | E11: AD*1.6-5.4 | F11: 5339.14 | G11: 1899
A12: 9 | B12: 去废酸浓缩泵 | C12: 台 | D12: 1 | E12: AD*1.6-54 | F12: 5339.14 | G12: 1899
A13: 10 | B13: 硝基苯高位槽输送泵 | C13: 台 | D13: 1 | E13: 65FB-30 | F13: 6940.88 | G13: 1920.4
A14: 11 | B14: 压滤机泵 | C14: 台 | D14: 1 | E14: YL50-32-20 | F14: 4360.29 | G14: 654.8
A15: 12 | B15: 混二硝泵 | C15: 台 | D15: 1 | E15: AD*1.6-54 | F15: 6228.99 | G15: 363.8
... A158: 155 | B158: 脱水塔废水槽 | C158: 台 | D158: 1 | E158: 2200*2600* | F158: 39598.58 | G158: 2354
A159: 156 | B159: 真空水槽 | C159: 台 | D159: 1 | F159: 22246.4 | G159: 2140
A160: 157 | B160: 甲醇冷却器 | C160: 台 | D160: 1 | E160: 400*3000*8 | F160: 30255.1 | G160: 1198.4
A161: 158 | B161: 甲醇再沸器 | C161: 台 | D161: 1 | E161: 400*3000*8 | F161: 24915.96 | G161: 1198.4
A162: 159 | B162: 脱水冷凝器 | C162: 台 | D162: 1 | E162: 400*3000*8 | F162: 30255.1 | G162: 1198.4
A163: 160 | B163: 脱水冷凝器 | C163: 台 | D163: 1 | E163: 600*3000*8 | F163: 15572.48 | G163: 1797.6
A164: 161 | B164: 脱水再沸器 | C164: 台 | D164: 1 | E164: 400*3000*2 | F164: 16907.26 | G164: 428
A165: 162 | B165: 间苯二胺冷凝器 | C165: 台 | D165: 1 | E165: 1600*1000* | F165: 18686.97 | G165: 1498
A166: 163 | B166: 间苯二胺再沸器 | C166: 台 | D166: 1 | E166: 1000*3000* | F166: 33814.52 | G166: 2097.2
A167: 164 | B167: 板式换热器 | C167: 台 | D167: 1 | E167: BR0.78-0.6- | F167: 14237.69 | G167: 428
A168: 165 | B168: 间苯二胺冷凝器 | C168: 台 | D168: 1 | E168: 1000*1000* | F168: 17129.72 | G168: 898.8
A169: 166 | B169: 间苯二胺再沸器 | C169: 台 | D169: 1 | E169: 700*3000*5 | F169: 21356.55 | G169: 1198.4
A170: 167 | B170: 废水储槽 | C170: 台 | D170: 1 | E170: 3600*4800* | F170: 2892.03 | G170: 7062
A171: 168 | B171: 废水处理釜 | C171: 台 | D171: 1 | E171: 2400*3600* | F171: 12724.94 | G171: 6591.2
... A191: 188 | B191: 浓酸高位槽 | C191: 台 | D191: 1 | E191: 1300*1800* | F191: 1245.8 | G191: 856
A192: 189 | B192: 浓缩炉 | C192: 台 | D192: 1 | F192: 15572.48 | G192: 0
A193: 190 | B193: 浓缩锅 | C193: 台 | D193: 1 | E193: 2000 | F193: 30255.1 | G193: 599.2
A194: 191 | B194: 浓缩塔 | C194: 台 | D194: 1 | E194: DN800*278 | F194: 4093.34 | G194: 299.6
A195: 192 | B195: 浓缩炉 | C195: 台 | D195: 1 | F195: 15572.48 | G195: 0
A196: 193 | B196: 浓缩炉 | C196: 台 | D196: 1 | E196: 2000 | F196: 25805.81 | G196: 0
A197: 194 | B197: 浓缩塔 | C197: 台 | D197: 1 | E197: DN800*278 | F197: 4093.34 | G197: 299.6
A198: 195 | B198: 稀硫酸预热器 | C198: 台 | D198: 1 | F198: 1868.7 | G198: 820
A199: 196 | B199: 稀硫酸预热器 | C199: 台 | D199: 1 | F199: 18686.97 | G199: 2460
A200: 197 | B200: 冷却器 | C200: 台 | D200: 1 | E200: Φ600×8/10×3973 | F200: 16017.41 | G200: 2460
A201: 198 | B201: 冷却器 | C201: 台 | D201: 1 | E201: Φ600×8/10×3973 | F201: 11568.12 | G201: 1640
A202: 199 | B202: 集油槽 | C202: 台 | D202: 1 | E202: 3800*1500* | F202: 1423.77 | G202: 3210
A203: 200 | B203: 油贮槽 | C203: 台 | D203: 1 | E203: 3800*6000* | F203: 3870.87 | G203: 9202
A204: 201 | B204: 过滤器 | C204: 台 | D204: 1 | E204: 200*515 | F204: 934.35 | G204: 171.2
A205: 202 | B205: 过滤器 | C205: 台 | D205: 1 | E205: 200*515 | F205: 934.35 | G205: 171.2
A206: 203 | B206: 过滤器 | C206: 台 | D206: 1 | E206: 200*515 | F206: 934.35 | G206: 171.2
A207: 204 | B207: 重油预热器 | C207: 台 | D207: 1 | E207: 273*2600 | F207: 11479.14 | G207: 599.2
A208: 205 | B208: 烟囱 | C208: 台 | D208: 1 | E208: 600*25000 | F208: 1557.25 | G208: 7062
A209: 206 | B209: 浓缩引风机 | C209: 台 | D209: 1 | F209: 4983.19 | G209: 428
A210: 207 | B210: 浓缩废水槽 | C210: 台 | D210: 1 | E210: 2000 | F210: 1245.8 | G210: 1070
A211: 208 | B211: 冷水塔 | C211: 台 | D211: 1 | F211: 15572.48 | G211: 513.6
A212: 209 | B212: 真空泵 | C212: 台 | D212: 1 | E212: 2BV6161OK | F212: 2491.59 | G212: 868.8
A213: 210 | B213: 真空泵 | C213: 台 | D213: 1 | E213: WY-200 | F213: 81534.9 | G213: 1382.4
A214: 211 | B214: 精馏塔冷凝器 | C214: 台 | D214: 1 | F214: 115103.72 | G214: 2140
A215: 212 | B215: 精馏塔再沸器 | C215: 台 | D215: 1 | F215: 101435.09 | G215: 2140
A216: 213 | B216: 混二氨储槽 | C216: 台 | D216: 1 | F216: 84492.11 | G216: 6634
A217: 214 | B217: 螺杆泵 | C217: 台 | D217: 1 | F217: 2503.72 | G217: 107
A218: 215 | B218: 四氟循环泵 | C218: 台 | D218: 1 | F218: 988.28 | G218: 42.8
A219: 216 | B219: 罗茨风机 | C219: 台 | D219: 1 | E219: L82 | F219: 9883.39 | G219: 5957.4
A220: 217 | B220: 罗茨风机 | C220: 台 | D220: 1 | E220: L82 | F220: 14342.25 | G220: 5957.4
A221: 218 | B221: 自吸泵 | C221: 台 | D221: 1 | F221: 3410.39 | G221: 107
A222: 219 | B222: 自吸泵 | C222: 台 | D222: 1 | F222: 4059.99 | G222: 107
A223: 220 | B223: 自吸泵 | C223: 台 | D223: 1 | F223: 3410.39 | G223: 107
A224: 221 | B224: 不锈钢自吸泵 | C224: 台 | D224: 1 | E224: 65FBZW25-32 | F224: 6884.43 | G224: 410
A225: 222 | B225: 算计量泵 | C225: 台 | D225: 1 | E225: BB20-PVP4 | F225: 3728.91 | G225: 431.4
A226: 223 | B226: 螺杆泵 | C226: 台 | D226: 1 | E226: G型（35-1-102） | F226: 3633.3 | G226: 107
A227: 224 | B227: 液下泵 | C227: 台 | D227: 1 | E227: YH65-50-125 | F227: 7171.27 | G227: 149.8
A228: 225 | B228: 硫酸泵 | C228: 台 | D228: 1 | E228: 1350-32-20A | F228: 4302.59 | G228: 719
A229: 226 | B229: 给水泵 | C229: 台 | D229: 1 | E229: 32ZW9-30 | F229: 3155.23 | G229: 171.2
A230: 227 | B230: 冷却水塔 | C230: 台 | D230: 1 | E230: 工业型80m3 | F230: 12908.05 | G230: 0
A231: 228 | B231: 浓硫酸泵 | C231: 台 | D231: 1 | E231: IH50-32-200 | F231: 7343.26 | G231: 149.8
A232: 229 | B232: 氟合金离心泵 | C232: 台 | D232: 1 | E232: IHFQ=12.5H=50M | F232: 5306.67 | G232: 107
A233: 230 | B233: 配置泵 | C233: 台 | D233: 1 | F233: 7033.39 | G233: 149.8
A234: 231 | B234: 卸苯泵 | C234: 台 | D234: 1 | E234: IH80-65-160 | F234: 3700.2 | G234: 410
A235: 232 | B235: 废酸泵 | C235: 台 | D235: 1 | E235: CZ32-200 | F235: 5937.78 | G235: 474.2
A236: 233 | B236: 酸性苯泵 | C236: 台 | D236: 1 | E236: ZA25-200 | F236: 6781.91 | G236: 495.6
A237: 234 | B237: 酸性本泵 | C237: 台 | D237: 1 | E237: ZA25-200 | F237: 6781.9 | G237: 410
A238: 235 | B238: 废酸泵 | C238: 台 | D238: 1 | E238: CZ32-200 | F238: 5937.77 | G238: 474.2
A239: 236 | B239: 废酸泵 | C239: 台 | D239: 1 | E239: CZ32-200 | F239: 5937.77 | G239: 474.2
A240: 237 | B240: 浓硫酸泵 | C240: 台 | D240: 1 | E240: IH50-32-200 | F240: 7343.26 | G240: 149.8
A241: 238 | B241: 苯泵 | C241: 台 | D241: 1 | E241: 40FW-40/YB | F241: 3082.65 | G241: 192.6
A242: 239 | B242: 苯泵 | C242: 台 | D242: 1 | E242: 40FW-40/YB | F242: 3082.64 | G242: 192.6
A243: 240 | B243: 管道泵 | C243: 台 | D243: 1 | E243: ISG125-200 | F243: 4448.05 | G243: 654.8
A244: 241 | B244: 输送泵 | C244: 台 | D244: 1 | E244: ZA25-200 | F244: 5811.56 | G244: 149.8
A245: 242 | B245: 输送泵 | C245: 台 | D245: 1 | E245: ZA25-200 | F245: 5811.55 | G245: 149.8
A246: 243 | B246: 自吸泵 | C246: 台 | D246: 1 | F246: 7260.33 | G246: 149.8
A247: 244 | B247: 废酸锅炉式硫酸浓缩装置 | C247: 台 | D247: 1 | F247: 451971.41 | G247: 108570
A248: 245 | B248: 浓缩锅 | C248: 台 | D248: 1 | E248: Φ2000 | F248: 63269.2 | G248: 1712
A249: 246 | B249: 离心泵 | C249: 台 | D249: 1 | E249: 8065160 | F249: 4639.51 | G249: 149.8
A250: 247 | B250: 减速机 | C250: 台 | D250: 1 | E250: BLY33-9-15 | F250: 5143.91 | G250: 428
A251: 248 | B251: 泥浆机 | C251: 台 | D251: 1 | E251: 6530-30 | F251: 3563.58 | G251: 214
A252: 249 | B252: 冷却器 | C252: 台 | D252: 1 | E252: Φ600×8/10×3973 | F252: 7201.86 | G252: 1640
A253: 250 | B253: 磁力泵 | C253: 台 | D253: 1 | E253: CQB50-32-200 | F253: 5624.6 | G253: 410
A254: 251 | B254: 磁力泵 | C254: 台 | D254: 1 | E254: CQB40-25-160 | F254: 11728.89 | G254: 1394
A255: 252 | B255: 磁力阀 | C255: 台 | D255: 1 | E255: CQB40-25-160 | F255: 11728.88 | G255: 1640
A256: 253 | B256: 磁力泵 | C256: 台 | D256: 1 | E256: CQB50-32-200 | F256: 5624.59 | G256: 410
A257: 254 | B257: 磁力泵 | C257: 台 | D257: 1 | E257: CQB25-20-160 | F257: 5144.25 | G257: 410
A258: 255 | B258: 磁力泵 | C258: 台 | D258: 1 | E258: CQB25-20-160 | F258: 5144.25 | G258: 410
A259: 256 | B259: 磁力泵 | C259: 台 | D259: 1 | E259: CQB25-20-160 | F259: 5144.26 | G259: 410
A260: 257 | B260: 磁力泵 | C260: 台 | D260: 1 | E260: CQB25-20-160 | F260: 5144.26 | G260: 410
A261: 258 | B261: 磁力泵 | C261: 台 | D261: 1 | E261: CQB50-40-160 | F261: 12071.74 | G261: 1394
...
